 Dungeon Crawl Stone Soup version 0.29.0-4-gdea44cf6ec (webtiles) character file.

Game seed: 12552781161540758310

668334 qw the Conqueror (level 27, 199/199 HPs)
             Began as a Gargoyle Fighter on Sept 10, 2022.
             Was a High Priest of the Shining One.
             Quit the game on level 2 of the Depths.
             The game lasted 00:46:48 (64536 turns).

qw the Conqueror (Gargoyle Fighter)                Turns: 64536, Time: 00:46:49

Health: 199/199    AC: 69    Str: 26 (30) XL:     27
Magic:  38/38      EV: 12    Int:  6 (11) God:    the Shining One [*****.]
Gold:   4852       SH: 31    Dex: 17 (18) Spells: 26/26 levels left

rFire   + . .      SeeInvis +   c - +4 broad axe (holy)
rCold   + . .      Faith    .   b - +8 tower shield of Suck {rElec rPois Will++ Regen+}
rNeg    + + +      Spirit   .   r - +6 gold dragon scales
rPois   inf        Reflect  .   J - +1 helmet of Entitlement {Int+2}
rElec   +          Harm     .   I - +2 cloak
rCorr   .          Rampage  .   M - +0 pair of gloves of Twilight {rN+ Will+}
Will    +++++                   l - +2 pair of boots "Usuec" {rElec Str-5 Dex+9}
Stlth   ..........              n - amulet of the Solstice {Regen+ Str+3 Slay+3}
HPRegen 2.03/turn               G - +4 ring of slaying {mikee}
MPRegen 0.26/turn               u - +4 ring of protection

@: flying, glowing
A: sickness immunity, AC +20, big wings, negative energy resistance 1,
electricity resistance, torment resistance 1, petrification resistance, see
invisible, deterioration 1, dopey 1, shaggy fur 1, noise suppression
}: 4/15 runes: decaying, serpentine, silver, golden
a: Renounce Religion, Divine Shield, Cleansing Flame, Summon Divine Warrior


You were on level 2 of the Depths.
You worshipped the Shining One.
The Shining One was extremely pleased with you.
You visited 11 branches of the dungeon, and saw 51 of its levels.
You visited the Abyss 2 times.
You visited 1 bazaar.
You also visited: Ossuary and Desolation.

You collected 12448 gold pieces.
You spent 7596 gold pieces at shops.


Innate Abilities, Weirdness & Mutations

You are immune to sickness and miasma.
Your stone body is resilient. (AC +20)
You are immune to poison.
Your large and strong wings let you fly.
You resist negative energy. (rN+)
You are resistant to electric shocks. (rElec)
You are resistant to unholy torment.
You are immune to petrification.
You have supernaturally acute eyesight. (SInv)
Your body sometimes deteriorates upon taking damage.
You are dopey. (Int -2)
You are covered in fur. (AC +1)
You passively dampen the noise of your surroundings.


   Skills:
 O Level 27 Fighting
 - Level 18.0 Axes
 - Level 17.1 Throwing
 + Level 23.0 Armour
 - Level 12.3 Dodging
 - Level 22.0 Shields
 - Level 22.4 Invocations


You had 26 spell levels left.
You didn't know any spells.
Your spell library was empty.

Inventory:

Hand Weapons
 c - a +4 broad axe of holy wrath (weapon)
Missiles
 C - 21 javelins
 L - 9 silver javelins (quivered)
Armour
 b - the +8 tower shield of Suck (worn) {rElec rPois Will++ Regen+}
   (Okawaru gifted it to you on level 4 of the Swamp)

   rElec:     It insulates you from electricity.
   rPois:     It protects you from poison.
   Regen:     It increases your rate of health regeneration.
   Will:      It greatly increases your willpower.
 h - a +2 pair of gloves
 l - the +2 pair of boots "Usuec" (worn) {rElec Str-5 Dex+9}
   (You bought it in a shop on level 2 of the Snake Pit)

   Str:       It affects your strength (-5).
   Dex:       It affects your dexterity (+9).
   rElec:     It insulates you from electricity.
 r - +6 gold dragon scales (worn)
 y - the +5 crystal plate armour of Xiked {Int+4}
   (Okawaru gifted it to you on level 5 of the Realm of Zot)

   Int:       It affects your intelligence (+4).
 I - a +2 cloak (worn)
 J - the +1 helmet of Entitlement (worn) {Int+2}
   (You found it in the Desolation of Salt)

   Int:       It affects your intelligence (+2).
 M - the +0 pair of gloves of Twilight (worn) {rN+ Will+}
   (You bought it in a shop in a bazaar)

   rN:        It protects you from negative energy.
   Will:      It increases your willpower.
Jewellery
 m - a ring of protection from fire
 n - the amulet of the Solstice (around neck) {Regen+ Str+3 Slay+3}
   (You found it on level 3 of the Crypt)

   [amulet of regeneration]

   Str:       It affects your strength (+3).
   Slay:      It affects your accuracy & damage with ranged weapons and melee
   (+3).
   Regen:     It increases your rate of health regeneration.
 t - the amulet of Elemental Vulnerability {rPois rF-- rC-- AC+8}
   (You found it on level 6 of the Dungeon)

   [amulet of nothing]

   AC:        It affects your AC (+8).
   rF:        It makes you very vulnerable to fire.
   rC:        It makes you very vulnerable to cold.
   rPois:     It protects you from poison.
 u - a +4 ring of protection (right hand)
 D - a ring of protection from fire
 F - the ring "Qirarofa" {rN+ Will++ Str+5 Int-3}
   (You found it on level 3 of the Crypt)

   [ring of positive energy]

   Str:       It affects your strength (+5).
   Int:       It affects your intelligence (-3).
   rN:        It protects you from negative energy.
   Will:      It greatly increases your willpower.
 G - a +4 ring of slaying (left hand) {mikee}
 K - the ring of Departure {Fire Slay+2}
   (You found it in the Desolation of Salt)

   [ring of fire]

   It enhances your fire magic.
   Slay:      It affects your accuracy & damage with ranged weapons and melee
   (+2).
   rF:        It protects you from fire.
   rC:        It makes you vulnerable to cold.
Scrolls
 a - 30 scrolls of identify
 g - a scroll of brand weapon
 i - 11 scrolls of fog
 A - 6 scrolls of blinking
Potions
 d - 10 potions of might
 e - 6 potions of haste
 f - 10 potions of heal wounds
 o - 7 potions of cancellation
 q - 9 potions of mutation
 s - 5 potions of attraction
 w - 2 potions of magic
 x - 9 potions of lignification
 E - 20 potions of curing

Dungeon Overview and Level Annotations

Branches:
Dungeon (15/15)            Temple (1/1) D:4            Lair (5/5) D:9
  Swamp (4/4) Lair:2        Snake (4/4) Lair:2        Slime (0/5) Lair:5
    Orc (2/2) D:12            Elf (0/3) Orc:2        Vaults (5/5) D:13
  Crypt (3/3) Vaults:3       Tomb (3/3) Crypt:3      Depths (4/4) D:15
    Zot (5/5) Depths:4    Ossuary (visited)         Desolation (visited)

Altars:
Ashenzari
Cheibriados
Dithmenos
Elyvilon
Fedhas
Gozag
Hepliaklqana
Kikubaaqudgha
Makhleb
Nemelex Xobeh
Okawaru
Qazlal
Ru
Sif Muna
Trog
Uskayaw
Vehumet
Wu Jian
Xom
Yredelemnul
Zin
The Shining One
Jiyva

Shops:
D:8 :   D:9 [   Orc:2 (!:(   Snake:1 ::=   Snake:2 [(([   Snake:4 !:
Vaults:1 [=

Portals:
Hell: Lair:5 Depths:1 Depths:2 Depths:3 Depths:4
Abyss: Depths:2 Depths:3
Pandemonium: Depths:2
Ziggurat: Depths:2
Trove: Vaults:4 (give 13 potions of heal wounds)

Annotations:
D:3 2 runed translucent doors, qw's ghost, amateur GrFi
D:9 2 transporters, qw's ghost, novice MiBe
D:13 3 runed translucent doors, Dittersdorf's ghost, journeyman MiBe
D:14 2 runed translucent doors, Uqorphet's ghost, journeyman DECj
Swamp:2 1 runed translucent door, qw's ghost, adept GrFi
Crypt:2 2 transporters, Teduw's ghost, veteran MiGl
Depths:4 6 runed translucent doors
Zot:5 8 transporters, qw's ghost, veteran MiBe


Message History

Done exploring.
Sorry, I don't know how to get there.
Done exploring.
64527 ||| Stepping randomly (stuck).
Done exploring.
Sorry, I don't know how to get there.
Done exploring.
64528 ||| Stepping randomly (stuck).
Done exploring.
Sorry, I don't know how to get there.
Done exploring.
64529 ||| Stepping randomly (stuck).
Done exploring.
Sorry, I don't know how to get there.
Done exploring.
64530 ||| Stepping randomly (stuck).
Done exploring.
Sorry, I don't know how to get there.
Done exploring.
64531 ||| Stepping randomly (stuck).
Done exploring.
Sorry, I don't know how to get there.
Done exploring.
64532 ||| Stepping randomly (stuck).
Done exploring.
Sorry, I don't know how to get there.
Done exploring.
64533 ||| Stepping randomly (stuck).
Done exploring.
Sorry, I don't know how to get there.
Done exploring.
64534 ||| Stepping randomly (stuck).
Done exploring.
Sorry, I don't know how to get there.
Done exploring.
64535 ||| Stepping randomly (stuck).
Done exploring.
Sorry, I don't know how to get there.
Done exploring.
Are you sure you want to abandon this character and quit the game? (Confirm with "yes".)

[.....#.## ##.#..[...#
.........####
####.........#
...###....#.##
##.#....###...# .[.#
####.[..## ##....####
##### ...#
#>....###.....# ...#
#<...)........# ...#
#....).......##
...######............#
###..........#..@.####
#..........#.#.##
#..............#
#..........#.#.# #
#..............# #
#...###....###.# #
##..#.###'##.#.######
# ##)##'....'##......#
# #..#.#''#.#...###.#


There were no monsters in sight!

Vanquished Creatures
  7 dread liches
  7 ancient liches
  3 orbs of fire
  Mennas (Depths:4)
  A juggernaut (Depths:4)
  23 royal mummies
  Bai Suzhen (Vaults:4)
  Vv (Crypt:1)
  Boris (thrice) (Vaults:4 Depths:1)
  Frederick (Vaults:5)
  Vashnia (Snake:4)
  Parghit (Depths:3)
  4 Killer Klowns
  3 curse toes
  Xtahua (Depths:4)
  10 golden dragons
  3 bone dragons
  4 electric golems
  18 tentacled monstrosities
  Jorgrun (Snake:1)
  8 liches
  25 Orb Guardians (Zot:5)
  A walking crystal tome (Depths:2)
  14 titans
  3 deep elf blademasters (Depths:2)
  10 quicksilver dragons
  8 death cobs
  7 deep elf master archers
  3 tentacled starspawn (Abyss:4)
  18 sphinxes
  11 shadow dragons
  Frances (Swamp:1)
  Kirke (Lair:3)
  6 tengu reavers
  A thorn hunter (Swamp:2)
  5 ancient champions
  15 storm dragons
  An azure jelly (shapeshifter) (Vaults:5)
  A fenstrider witch (Swamp:3)
  6 draconian monks
  7 nagarajas
  6 revenants
  4 iron dragons
  9 draconian knights
  28 fire giants
  16 frost giants
  4 imperial myrmidons (Desolation)
  2 orc warlords
  2 deep elf sorcerers
  Aizul (Snake:1)
  17 vault wardens
  3 draconian scorchers
  2 curse skulls
  A ghost moth (Zot:2)
  3 draconian shifters
  A spectral caustic shrike (Crypt:3)
  3 reapers
  3 draconian stormcallers (Zot:4)
  5 draconian annihilators
  23 ironbound preservers
  29 stone giants
  34 very ugly things
  3 ghouls (Crypt:2)
  2 caustic shrike skeletons
  3 ironbound thunderhulks
  14 green draconians
  3 bennus (Tomb:2)
  A quicksilver ooze (shapeshifter) (Zot:4)
  8 black draconians
  2 juggernaut skeletons
  An eleionoma (Swamp:1)
  An entropy weaver (Vaults:2)
  5 vampire knights
  3 deep elf annihilators
  13 dire elephants
  15 red draconians
  11 yellow draconians
  12 white draconians
  4 bunyips
  2 halazid warlocks (Desolation)
  A spectral titan (Crypt:3)
  14 purple draconians
  4 spark wasps
  14 eidola
  A blizzard demon (Vaults:2)
  3 deep elf death magi
  12 ettins
  A shambling mangrove (Swamp:2)
  5 great orbs of eyes
  2 green deaths (Swamp:4)
  8 fire dragons
  5 ragged hierophants (Desolation)
  A deep elf high priest (Vaults:5)
  3 rakshasas
  17 yaktaur captains
  A quicksilver dragon skeleton (Crypt:1)
  2 salamander tyrants (Snake:4)
  11 jiangshi
  9 ice dragons
  5 boulder beetles
  22 mummy priests
  2 ogre magi
  27 hydras
  8 peacekeepers (Desolation)
  A spriggan zombie (Crypt:1)
  A ghost crab (Swamp:1)
  6 servants of whispers (Desolation)
  33 vault guards
  A hell beast (Swamp:4)
  A catoblepas (Lair:5)
  7 anacondas
  7 alligators
  2 death knights
  8 ironbound frosthearts
  7 spriggan air magi
  9 centaur warriors
  19 death scarabs
  A radroach (shapeshifter) (Vaults:4)
  9 naga warriors
  A bennu zombie (Crypt:3)
  5 two-headed ogres
  5 tengu warriors
  11 deep troll earth magi
  4 deep troll shamans
  2 orc high priests
  8 shock serpents
  4 spriggan berserkers
  3 hell hogs (Depths:4)
  6 hell knights (Depths:3)
  2 wretched stars (Abyss:4)
  17 naga sharpshooters
  A storm dragon zombie (Vaults:1)
  A thrashing horror (Swamp:4)
  7 vampire magi
  A titan skeleton (Tomb:1)
  5 sun demons
  5 deep elf knights
  18 skeletal warriors
  A ghost moth zombie (Crypt:2)
  3 goliath frogs
  70 deep trolls
  2 sixfirhies
  2 soul eaters (Depths:4)
  4 salamander mystics (Snake:4)
  14 shadow wraiths
  A storm dragon skeleton (Tomb:1)
  5 iron trolls
  2 glowing orange brains
  12 sea snakes (Snake:3)
  7 flayed ghosts
  2 spriggan simulacra (Crypt:1)
  3 spriggan druids
  12 bog bodies
  4 wizards
  A shadow dragon zombie (Crypt:1)
  An obsidian statue (Zot:5)
  20 ironbound convokers
  2 tengu zombies
  4 naga ritualists
  12 swamp dragons
  11 orc knights
  A spectral hydra (Crypt:3)
  2 bunyip skeletons
  A wolf spider (Lair:3)
  26 phantasmal warriors
  39 ugly things
  A deep elf pyromancer (D:15)
  5 mana vipers
  15 lindwurms
  A fire giant zombie (Depths:1)
  9 necromancers
  A tengu skeleton (Vaults:1)
  5 orc sorcerers
  A manticore (D:11)
  16 salamanders
  2 stone giant zombies
  2 cyclopes
  3 human zombies
  4 will-o-the-wisps
  An oklob plant (Lair:3)
  31 moths of wrath
  An iron dragon skeleton (Depths:1)
  Joseph (D:7)
  27 black mambas
  2 fire giant skeletons
  2 frost giant skeletons (Depths:2)
  14 guardian serpents
  A dire elephant zombie (Crypt:1)
  15 naga magi
  A titan simulacrum (Depths:2)
  A torpor snail (shapeshifter) (Depths:4)
  13 orange demons
  2 torpor snails
  11 elephants
  2 molten gargoyles (Desolation)
  22 vault sentinels
  An eye of devastation (Vaults:4)
  2 smoke demons (Depths:4)
  5 large abominations
  3 unseen horrors
  2 hellions (Depths:4)
  10 cane toads
  A minotaur zombie (Crypt:1)
  A dire elephant skeleton (Crypt:1)
  4 rime drakes
  A komodo dragon (shapeshifter) (Vaults:4)
  8 freezing wraiths
  10 komodo dragons
  45 yaktaurs
  A yaktaur skeleton (Vaults:4)
  A grey draconian skeleton (Crypt:1)
  An efreet (D:13)
  A hellwing (Lair:5)
  2 ancient zymes (Abyss:4)
  A harpy zombie (Crypt:1)
  34 guardian mummies
  2 red devils
  A sea snake skeleton (Crypt:1)
  A bloated husk (Swamp:4)
  8 trolls
  4 ice devils
  7 tyrant leeches
  57 saltlings (Desolation)
  3 polar bears
  A spectral harpy (Crypt:3)
  An iron troll skeleton (Crypt:3)
  A wind drake (shapeshifter) (D:15)
  2 ettin zombies
  3 harpy skeletons
  A tarantella (shapeshifter) (Vaults:5)
  12 hornets
  A wolf spider simulacrum (D:14)
  An elf zombie (Vaults:1)
  Grinder (D:6)
  A tarantella (Vaults:2)
  20 blink frogs
  A raiju (shapeshifter) (Depths:4)
  12 dream sheep
  A stone giant simulacrum (Vaults:1)
  34 slime creatures
  A satyr zombie (Crypt:2)
  A jumping spider (Vaults:2)
  A black mamba zombie (Tomb:1)
  An ettin skeleton (Crypt:1)
  An ice dragon skeleton (Crypt:3)
  10 ushabtiu
  29 flying skulls
  6 water elementals
  14 spriggans
  14 wraiths
  12 shadows
  A ynoxinul (Abyss:4)
  A wind drake zombie (Crypt:2)
  3 basilisks
  57 yaks
  3 wyverns
  A vampire (D:9)
  3 hogs (Lair:3)
  A human (shapeshifter) (D:14)
  A chaos spawn (Depths:2)
  A steam dragon (D:8)
  A yaktaur simulacrum (Vaults:1)
  18 vampire mosquitoes
  2 neqoxecs (Abyss:4)
  An elf skeleton (Vaults:1)
  38 nagas
  A glowing shapeshifter zombie (Vaults:5)
  A harpy simulacrum (Tomb:3)
  2 acid dragons
  A demonspawn zombie (Crypt:1)
  18 swamp worms
  11 water moccasins
  5 hell hounds (Lair:5)
  2 elf simulacra
  3 swamp drakes
  2 black bears
  38 orc warriors
  An elephant zombie (Crypt:2)
  An ogre (shapeshifter) (D:14)
  9 boggarts
  A black mamba simulacrum (Crypt:1)
  7 ogres
  4 wolves (Lair:3)
  19 centaurs
  A snapping turtle skeleton (Crypt:2)
  An eye of devastation zombie (Crypt:1)
  5 human skeletons
  2 phantoms (D:5)
  A kobold brigand (D:8)
  3 small abominations (Abyss:4)
  16 bullfrogs
  2 necrophages (Crypt:2)
  A gnoll sergeant (D:9)
  A glowing shapeshifter simulacrum (Vaults:5)
  A scorpion (D:4)
  5 wights
  A human simulacrum (Vaults:1)
  4 killer bees (D:9)
  9 electric eels
  A troll skeleton (Crypt:1)
  9 howler monkeys
  3 centaur zombies (Ossuary)
  A quasit (Abyss:4)
  2 hounds (D:5)
  A centaur skeleton (Crypt:3)
  26 orc priests
  16 jellies
  A gnoll bouda (D:9)
  3 iguanas
  36 orc wizards
  64 mummies
  8 gnolls (D:9)
  6 adders
  A steam dragon skeleton (Crypt:2)
  A shadow imp (D:7)
  2 white imps
  An ufetubus (D:4)
  2 worms
  84 orcs
  5 ball pythons
  A bat skeleton (Crypt:3)
  8 endoplasms
  3 giant cockroaches
  9 goblins
  6 hobgoblins
  8 jackals
  7 quokkas
  A ball python zombie (Crypt:1)
  2 bats
  5 frilled lizards
  A goblin zombie (Crypt:2)
  3 hobgoblin zombies (Ossuary)
  15 kobolds
  A kobold skeleton (Crypt:2)
  An orc zombie (Crypt:1)
  A quokka zombie (Crypt:3)
  4 rats
  3 briar patches (Swamp:2)
  A butterfly (Lair:1)
  4 pillars of salt (Vaults:4)
  4 starspawn tentacles (Abyss:4)
2489 creatures vanquished.

Vanquished Creatures (collateral kills)
  8 royal mummies
  A lich (Crypt:3)
  2 titans
  A shard shrike skeleton (Tomb:3)
  2 deep elf master archers
  2 sphinxes (Tomb:1)
  3 ancient champions
  A revenant (Tomb:1)
  2 fire giants (Tomb:3)
  3 frost giants (Tomb:1)
  A bennu (Tomb:2)
  6 mummy priests
  10 death scarabs
  2 shadow wraiths (Crypt:3)
  2 deep elf archers
  An anaconda skeleton (Tomb:3)
  A phantasmal warrior (Crypt:3)
  13 guardian mummies
  A spectral harpy (Crypt:3)
  A harpy skeleton (Tomb:1)
  2 flying skulls (Tomb:3)
  7 ushabtiu
  9 mummies
81 creatures vanquished.

Vanquished Creatures (others)
  Boris (Vaults:3)
  A lich (Depths:2)
  A draconian stormcaller (Zot:2)
  An eleionoma (Swamp:2)
  A great orb of eyes (Swamp:4)
  A deep elf archer (Tomb:3)
  2 necromancers (Crypt:1)
  2 deep elf zephyrmancers (Crypt:3)
  3 bloated husks
  An ushabti (Tomb:3)
  An orc priest (Orc:2)
  2 orcs
  A briar patch (Swamp:2)
  30 foxfires
  16 fungi
  2 lurking horrors (Abyss:4)
  2 pillars of salt (Vaults:4)
  47 plants
  4 starspawn tentacles (Abyss:4)
119 creatures vanquished.

Grand Total: 2689 creatures vanquished

Notes
Turn   | Place    | Note
-------+----------+-------------------------------------------
     0 | D:1      | qw the Gargoyle Fighter began the quest for the Orb.
     0 | D:1      | Reached XP level 1. HP: 14/14 MP: 1/1
     0 | D:1      | 0 ||| qw: Version: 0.1-a-116-g5d60599
     0 | D:1      | 0 ||| qw: Game counter: 7600
     0 | D:1      | 0 ||| qw: Always use a shield: true
     0 | D:1      | 0 ||| qw: God list: Okawaru
     0 | D:1      | 0 ||| qw: Allow faded altars: false
     0 | D:1      | 0 ||| qw: Do Orc after D:15 true
     0 | D:1      | 0 ||| qw: Do second Lair branch before Depths: true
     0 | D:1      | 0 ||| qw: Lair rune preference: random
     0 | D:1      | 0 ||| qw: Plans: Normal, Zot, God:TSO, Crypt, Tomb, Zig,
                  | Orb
     0 | D:1      | 0 ||| PLANNING D:1-11
   246 | D:1      | Reached XP level 2. HP: 15/19 MP: 2/2
   397 | D:1      | 397 ||| Stepping ~*~*~tactically~*~*~ (stealth).
   398 | D:1      | 398 ||| Stepping ~*~*~tactically~*~*~ (stealth).
   501 | D:1      | 501 ||| DROPPING +0 club.
   716 | D:1      | Reached skill level 3 in Axes
   729 | D:1      | Reached XP level 3. HP: 13/23 MP: 3/3
  1143 | D:1      | 1143 ||| READING scroll labelled ECROCWEULA.
  1144 | D:1      | 1144 ||| READING scroll labelled BOULUQ DISH.
  1145 | D:1      | 1145 ||| DRINKING 2 white potions.
  1245 | D:2      | 1245 ||| Stepping ~*~*~tactically~*~*~ (stealth).
  1253 | D:2      | 1253 ||| Stepping ~*~*~tactically~*~*~ (stealth).
  1563 | D:2      | Reached XP level 4. HP: 25/28 MP: 4/4
  1860 | D:2      | 1860 ||| UPGRADING to amulet of reflection.
  1865 | D:2      | 1865 ||| UPGRADING to +6 ring of strength.
  1866 | D:2      | 1866 ||| READING 2 scrolls labelled KUNEOGGOYS.
  1867 | D:2      | 1867 ||| READING 3 scrolls of identify.
  1867 | D:2      | 1867 ||| IDENTIFYING golden potion
  1868 | D:2      | 1868 ||| READING 2 scrolls of identify.
  1868 | D:2      | 1868 ||| IDENTIFYING fuming red potion
  1869 | D:2      | 1869 ||| DROPPING potion of degeneration.
  1870 | D:2      | 1870 ||| DROPPING scroll of noise.
  1887 | D:3      | 1887 ||| STAIRDANCE
  1894 | D:3      | 1894 ||| STAIRDANCE
  2106 | D:3      | 2106 ||| Stepping ~*~*~tactically~*~*~ (stealth).
  2108 | D:3      | 2108 ||| Stepping ~*~*~tactically~*~*~ (stealth).
  2111 | D:3      | 2111 ||| Stepping ~*~*~tactically~*~*~ (stealth).
  2113 | D:3      | 2113 ||| Stepping ~*~*~tactically~*~*~ (stealth).
  2245 | D:3      | Found a large runed translucent door.
  2245 | D:3      | Found a large runed translucent door.
  2261 | D:3      | Noticed qw's ghost (amateur GrFi)
  2343 | D:3      | Reached XP level 5. HP: 22/32 MP: 5/5
  2473 | D:3      | Found a white marble altar of Elyvilon.
  2609 | D:3      | 2609 ||| Stepping ~*~*~tactically~*~*~ (stealth).
  2686 | D:3      | 2686 ||| UPGRADING to +0 pair of boots.
  2691 | D:3      | 2691 ||| UPGRADING to +0 chain mail.
  2701 | D:3      | 2701 ||| DROPPING +0 scale mail.
  2702 | D:3      | 2702 ||| UPGRADING to +0 plate armour.
  2712 | D:3      | 2712 ||| DROPPING +0 chain mail.
  2713 | D:3      | 2713 ||| READING 3 scrolls labelled DESHUV VUMO.
  2714 | D:3      | 2714 ||| DROPPING 2 scrolls of vulnerability.
  2743 | D:4      | 2743 ||| PLANNING OSSUARY
  2799 | D:4      | 2799 ||| Stepping ~*~*~tactically~*~*~ (stealth).
  2955 | D:4      | Reached skill level 4 in Fighting
  2955 | D:4      | Reached XP level 6. HP: 27/38 MP: 6/6
  3159 | D:4      | Noticed a black bear
  3167 | D:4      | Killed a black bear
  3197 | D:4      | 3197 ||| Stepping ~*~*~tactically~*~*~ (stealth).
  3198 | D:4      | 3198 ||| Stepping ~*~*~tactically~*~*~ (stealth).
  3200 | D:4      | 3200 ||| Stepping ~*~*~tactically~*~*~ (stealth).
  3201 | D:4      | 3201 ||| Stepping ~*~*~tactically~*~*~ (stealth).
  3220 | D:4      | Found a sand-covered staircase.
  3221 | D:4      | 3221 ||| READING 2 scrolls labelled DYDANT XUFIJO.
  3226 | D:4      | 3226 ||| DRINKING 2 fuming golden potions.
  3227 | D:4      | 3227 ||| READING 3 scrolls of identify.
  3227 | D:4      | 3227 ||| IDENTIFYING bubbling emerald potion
  3228 | D:4      | 3228 ||| DROPPING potion of invisibility.
  3239 | Ossuary  | Entered an ossuary
  3253 | Ossuary  | Reached skill level 6 in Axes
  3263 | Ossuary  | Reached XP level 7. HP: 40/43 MP: 7/7
  3264 | Ossuary  | Reached skill level 1 in Dodging
  3588 | Ossuary  | 3588 ||| READING scroll labelled OSEOTE ZIONG.
  3589 | Ossuary  | 3589 ||| READING scroll labelled YTELETR GENI.
  3590 | Ossuary  | 3590 ||| READING scroll labelled KOECUY OPNY.
  3591 | Ossuary  | 3591 ||| READING scroll labelled HAIL HOUSUZ.
  3592 | Ossuary  | 3592 ||| DRINKING 2 clear potions.
  3593 | Ossuary  | 3593 ||| READING 2 scrolls of identify.
  3593 | Ossuary  | 3593 ||| IDENTIFYING yellow potion
  3602 | D:4      | 3602 ||| PLANNING D:1-11
  3693 | D:4      | Found a staircase to the Ecumenical Temple.
  3694 | D:4      | 3694 ||| PLANNING TEMPLE
  3702 | Temple   | Entered the Ecumenical Temple
  3976 | Temple   | 3976 ||| PLANNING D:1-11
  3998 | Temple   | Became a worshipper of Warmaster Okawaru
  4153 | D:5      | Entered Level 5 of the Dungeon
  4627 | D:5      | 4627 ||| Stepping ~*~*~tactically~*~*~ (stealth).
  4634 | D:5      | Reached skill level 5 in Fighting
  4651 | D:5      | Noticed a troll
  4652 | D:5      | 4652 ||| Stepping ~*~*~tactically~*~*~ (stealth).
  4657 | D:5      | 4657 ||| Stepping ~*~*~tactically~*~*~ (stealth).
  4664 | D:5      | 4664 ||| Stepping ~*~*~tactically~*~*~ (stealth).
  4672 | D:5      | Reached XP level 8. HP: 49/49 MP: 8/8
  4688 | D:5      | 4688 ||| Stepping ~*~*~tactically~*~*~ (stealth).
  4691 | D:5      | Reached * piety under Okawaru
  4707 | D:5      | 4707 ||| Stepping ~*~*~tactically~*~*~ (stealth).
  4709 | D:5      | 4709 ||| INVOKING Heroism.
  4711 | D:5      | 4711 ||| Stepping ~*~*~tactically~*~*~ (stealth).
  4717 | D:5      | Killed a troll
  4772 | D:5      | Reached skill level 3 in Invocations
  4803 | D:5      | 4803 ||| DROPPING +0 whip.
  4885 | D:5      | 4885 ||| UPGRADING to +0 pair of gloves.
  4890 | D:5      | 4890 ||| READING scroll labelled SUJ AROATRA.
  4949 | D:5      | 4949 ||| DRINKING 2 fuming orange potions.
  4950 | D:5      | 4950 ||| READING 4 scrolls of identify.
  4950 | D:5      | 4950 ||| IDENTIFYING fizzy golden potion
  4951 | D:5      | 4951 ||| DROPPING potion of brilliance.
  4976 | D:6      | 4976 ||| Stepping ~*~*~tactically~*~*~ (stealth).
  5089 | D:6      | 5089 ||| Stepping ~*~*~tactically~*~*~ (hiding).
  5091 | D:6      | 5091 ||| Stepping ~*~*~tactically~*~*~ (hiding).
  5215 | D:6      | 5215 ||| Stepping ~*~*~tactically~*~*~ (hiding).
  5225 | D:6      | 5225 ||| Stepping ~*~*~tactically~*~*~ (stealth).
  5226 | D:6      | 5226 ||| Stepping ~*~*~tactically~*~*~ (stealth).
  5227 | D:6      | 5227 ||| Stepping ~*~*~tactically~*~*~ (stealth).
  5228 | D:6      | 5228 ||| Stepping ~*~*~tactically~*~*~ (stealth).
  5237 | D:6      | Noticed Grinder
  5239 | D:6      | 5239 ||| INVOKING Heroism.
  5247 | D:6      | Killed Grinder
  5248 | D:6      | 5248 ||| Stepping ~*~*~tactically~*~*~ (hiding).
  5249 | D:6      | 5249 ||| Stepping ~*~*~tactically~*~*~ (hiding).
  5256 | D:6      | Reached XP level 9. HP: 46/55 MP: 10/12
  5338 | D:6      | Reached ** piety under Okawaru
  5339 | D:6      | Reached skill level 6 in Fighting
  5401 | D:6      | 5401 ||| Stepping ~*~*~tactically~*~*~ (stealth).
  5404 | D:6      | 5404 ||| INVOKING Heroism.
  5429 | D:6      | 5429 ||| INVOKING Heroism.
  5476 | D:6      | Identified the +7 long sword "Niari" {vorpal, rF+}
  5591 | D:6      | Found the amulet of Elemental Vulnerability {rPois rF--
                  | rC-- AC+8}
  5653 | D:6      | Noticed a seven-headed hydra
  5654 | D:6      | 5654 ||| INVOKING Heroism.
  5655 | D:6      | 5655 ||| SWAPPING to +0 flail.
  5665 | D:6      | Killed a seven-headed hydra
  5666 | D:6      | Reached skill level 9 in Axes
  5666 | D:6      | 5666 ||| SWAPPING to +0 vampiric war axe.
  6126 | D:6      | 6126 ||| READING 4 scrolls of identify.
  6126 | D:6      | 6126 ||| IDENTIFYING fuming amethyst potion
  6171 | D:7      | Noticed Joseph
  6172 | D:7      | 6172 ||| FLEEEEING.
  6175 | D:7      | 6175 ||| FLEEEEING.
  6178 | D:7      | 6178 ||| FLEEEEING.
  6179 | D:7      | 6179 ||| FLEEEEING.
  6180 | D:7      | 6180 ||| FLEEEEING.
  6184 | D:7      | 6184 ||| FLEEEEING.
  6185 | D:7      | 6185 ||| FLEEEEING.
  6186 | D:7      | 6186 ||| STAIRDANCE
  6294 | D:7      | 6294 ||| STAIRDANCE
  6296 | D:6      | 6296 ||| INVOKING Heroism.
  6330 | D:7      | 6330 ||| INVOKING Heroism.
  6332 | D:7      | HP: 10/56 [Joseph/+6 vorpal quarterstaff (8)]
  6333 | D:7      | 6333 ||| READING 2 scrolls of teleportation.
  6334 | D:7      | 6334 ||| DRINKING 6 potions of heal wounds.
  6339 | D:7      | 6339 ||| Stepping ~*~*~tactically~*~*~ (stealth).
  6349 | D:7      | 6349 ||| INVOKING Heroism.
  6351 | D:7      | Killed Joseph
  6368 | D:7      | 6368 ||| INVOKING Heroism.
  6585 | D:7      | 6585 ||| Stepping ~*~*~tactically~*~*~ (hiding).
  6586 | D:7      | 6586 ||| Stepping ~*~*~tactically~*~*~ (hiding).
  6842 | D:7      | 6842 ||| UPGRADING to +2 hat.
  6847 | D:7      | 6847 ||| READING scroll labelled YRESOU ITTAL.
  6848 | D:7      | 6848 ||| READING 3 scrolls of identify.
  6848 | D:7      | 6848 ||| IDENTIFYING sapphire potion
  6849 | D:7      | 6849 ||| READING 2 scrolls of identify.
  6849 | D:7      | 6849 ||| IDENTIFYING murky purple potion
  6900 | D:8      | Reached skill level 7 in Fighting
  6992 | D:8      | 6992 ||| DROPPING +0 flail.
  7006 | D:8      | Reached XP level 10. HP: 63/63 MP: 13/13
  7015 | D:8      | 7015 ||| Stepping ~*~*~tactically~*~*~ (stealth).
  7020 | D:8      | Found Jutec's Book Shoppe.
  7026 | D:8      | 7026 ||| INVOKING Heroism.
  7032 | D:8      | Reached skill level 6 in Armour
  7115 | D:8      | 7115 ||| INVOKING Heroism.
  7218 | D:8      | 7218 ||| Stepping ~*~*~tactically~*~*~ (stealth).
  7223 | D:8      | 7223 ||| INVOKING Heroism.
  7242 | D:8      | Reached *** piety under Okawaru
  7275 | D:8      | 7275 ||| INVOKING Heroism.
  7282 | D:8      | Reached skill level 8 in Fighting
  7333 | D:8      | 7333 ||| Stepping ~*~*~tactically~*~*~ (hiding).
  7334 | D:8      | 7334 ||| Stepping ~*~*~tactically~*~*~ (hiding).
  7335 | D:8      | 7335 ||| Stepping ~*~*~tactically~*~*~ (stealth).
  7336 | D:8      | 7336 ||| Stepping ~*~*~tactically~*~*~ (hiding).
  7337 | D:8      | 7337 ||| Stepping ~*~*~tactically~*~*~ (stealth).
  7358 | D:8      | 7358 ||| UPGRADING to ring of protection from fire.
  7359 | D:8      | 7359 ||| READING scroll labelled LIKOSHU MOGEN.
  7414 | D:9      | Found a staircase to the Lair.
  7453 | D:9      | Noticed a two-headed ogre
  7461 | D:9      | Noticed a two-headed ogre
  7461 | D:9      | Noticed qw's ghost (novice MiBe)
  7463 | D:9      | Noticed a two-headed ogre
  7464 | D:9      | Found a transporter.
  7464 | D:9      | Noticed a two-headed ogre
  7614 | D:9      | Found a transporter.
  7625 | D:9      | 7625 ||| INVOKING Heroism.
  7643 | D:9      | 7643 ||| Stepping ~*~*~tactically~*~*~ (stealth).
  7649 | D:9      | 7649 ||| Stepping ~*~*~tactically~*~*~ (stealth).
  7652 | D:9      | 7652 ||| Stepping ~*~*~tactically~*~*~ (hiding).
  7663 | D:9      | 7663 ||| Stepping ~*~*~tactically~*~*~ (stealth).
  7733 | D:9      | 7733 ||| INVOKING Heroism.
  7743 | D:9      | 7743 ||| Stepping ~*~*~tactically~*~*~ (hiding).
  7784 | D:9      | 7784 ||| INVOKING Heroism.
  7801 | D:9      | Reached **** piety under Okawaru
  7831 | D:9      | 7831 ||| Stepping ~*~*~tactically~*~*~ (stealth).
  7832 | D:9      | 7832 ||| Stepping ~*~*~tactically~*~*~ (stealth).
  7909 | D:9      | 7909 ||| INVOKING Heroism.
  7912 | D:9      | Found Empuabb's Antique Armour Shop.
  8178 | D:9      | 8178 ||| INVOKING Heroism.
  8360 | D:9      | 8360 ||| UPGRADING to +0 cloak.
  8365 | D:9      | 8365 ||| UPGRADING to +0 kite shield.
  8375 | D:9      | 8375 ||| DROPPING +0 buckler.
  8400 | D:10     | Entered Level 10 of the Dungeon
  8436 | D:10     | Reached XP level 11. HP: 54/69 MP: 15/15
  8517 | D:10     | 8517 ||| INVOKING Heroism.
  8523 | D:10     | Reached skill level 6 in Shields
  8523 | D:10     | Reached skill level 6 in Invocations
  8607 | D:10     | 8607 ||| Stepping ~*~*~tactically~*~*~ (stealth).
  8608 | D:10     | 8608 ||| Stepping ~*~*~tactically~*~*~ (stealth).
  8609 | D:10     | 8609 ||| Stepping ~*~*~tactically~*~*~ (stealth).
  8612 | D:10     | 8612 ||| Stepping ~*~*~tactically~*~*~ (stealth).
  8614 | D:10     | 8614 ||| INVOKING Heroism.
  8649 | D:10     | Identified the +1 leather armour of Shadows and Fog {+Inv}
  8670 | D:10     | 8670 ||| Stepping ~*~*~tactically~*~*~ (hiding).
  8715 | D:10     | 8715 ||| Stepping ~*~*~tactically~*~*~ (stealth).
  8719 | D:10     | 8719 ||| Stepping ~*~*~tactically~*~*~ (stealth).
  8731 | D:10     | 8731 ||| INVOKING Heroism.
  8860 | D:10     | 8860 ||| Stepping ~*~*~tactically~*~*~ (hiding).
  8861 | D:10     | 8861 ||| Stepping ~*~*~tactically~*~*~ (hiding).
  9198 | D:10     | 9198 ||| Stepping ~*~*~tactically~*~*~ (hiding).
  9201 | D:10     | 9201 ||| INVOKING Heroism.
  9341 | D:10     | 9341 ||| READING scroll labelled MOAFRU BEVOTS.
  9373 | D:9      | 9373 ||| PLANNING LAIR
  9420 | Lair:1   | Entered Level 1 of the Lair of Beasts
  9433 | Lair:1   | 9433 ||| READING scroll of enchant armour.
  9433 | Lair:1   | 9433 ||| ENCHANTING +0 pair of gloves.
  9435 | Lair:1   | 9435 ||| INVOKING Heroism.
  9438 | Lair:1   | 9438 ||| Stepping ~*~*~tactically~*~*~ (stealth).
  9439 | Lair:1   | 9439 ||| Stepping ~*~*~tactically~*~*~ (stealth).
  9440 | Lair:1   | 9440 ||| Stepping ~*~*~tactically~*~*~ (stealth).
  9471 | Lair:1   | 9471 ||| Stepping ~*~*~tactically~*~*~ (stealth).
  9473 | Lair:1   | 9473 ||| INVOKING Heroism.
  9501 | Lair:1   | 9501 ||| INVOKING Heroism.
  9514 | Lair:1   | Reached ***** piety under Okawaru
  9535 | Lair:1   | 9535 ||| INVOKING Heroism.
  9551 | Lair:1   | Noticed a six-headed hydra
  9552 | Lair:1   | 9552 ||| SWAPPING to +2 flail of protection.
  9553 | Lair:1   | 9553 ||| INVOKING Finesse.
  9565 | Lair:1   | Killed a six-headed hydra
  9565 | Lair:1   | Received a gift from Okawaru
  9566 | Lair:1   | 9566 ||| SWAPPING to +0 vampiric war axe.
  9592 | Lair:1   | Reached skill level 9 in Shields
  9592 | Lair:1   | Reached skill level 9 in Invocations
  9817 | Lair:1   | Reached XP level 12. HP: 75/75 MP: 19/19
 10184 | Lair:2   | 10184 ||| STAIRDANCE
 10210 | Lair:2   | Found a staircase to the Snake Pit.
 10270 | Lair:2   | Noticed an eight-headed hydra
 10271 | Lair:2   | 10271 ||| INVOKING Heroism.
 10272 | Lair:2   | 10272 ||| INVOKING Finesse.
 10273 | Lair:2   | 10273 ||| SWAPPING to +2 flail of protection.
 10284 | Lair:2   | Killed an eight-headed hydra
 10285 | Lair:2   | 10285 ||| SWAPPING to +0 vampiric war axe.
 10288 | Lair:2   | Identified the +10 war axe of Havoc {vamp, Fly rElec Str+2}
                  | (Okawaru gifted it to you on level 2 of the Lair of Beasts)
 10288 | Lair:2   | Received a gift from Okawaru
 10307 | Lair:2   | 10307 ||| Stepping ~*~*~tactically~*~*~ (stealth).
 10364 | Lair:2   | 10364 ||| SWAPPING to +10 war axe of Havoc {vamp, Fly rElec
                  | Str+2}.
 10365 | Lair:2   | 10365 ||| DROPPING +0 vampiric war axe.
 10484 | Lair:2   | 10484 ||| INVOKING Heroism.
 10574 | Lair:2   | Noticed a boulder beetle
 10575 | Lair:2   | 10575 ||| INVOKING Heroism.
 10576 | Lair:2   | 10576 ||| INVOKING Finesse.
 10591 | Lair:2   | Killed a boulder beetle
 10592 | Lair:2   | Reached skill level 9 in Fighting
 10693 | Lair:2   | Found a staircase to the Swamp.
 10847 | Lair:2   | 10847 ||| Stepping ~*~*~tactically~*~*~ (stealth).
 10849 | Lair:2   | 10849 ||| Stepping ~*~*~tactically~*~*~ (hiding).
 11028 | Lair:2   | 11028 ||| READING scroll labelled ZEDGHA ETIOBEOMP.
 11129 | Lair:2   | 11129 ||| READING scroll labelled OSUP JICAF.
 11182 | Lair:3   | 11182 ||| INVOKING Heroism.
 11200 | Lair:3   | Noticed a four-headed hydra
 11201 | Lair:3   | 11201 ||| INVOKING Finesse.
 11202 | Lair:3   | 11202 ||| INVOKING Finesse.
 11203 | Lair:3   | 11203 ||| SWAPPING to +2 flail of protection.
 11210 | Lair:3   | Killed a four-headed hydra
 11211 | Lair:3   | 11211 ||| SWAPPING to +10 war axe of Havoc {vamp, Fly rElec
                  | Str+2}.
 11307 | Lair:3   | Noticed a seven-headed hydra
 11308 | Lair:3   | 11308 ||| Stepping ~*~*~tactically~*~*~ (stealth).
 11309 | Lair:3   | 11309 ||| INVOKING Heroism.
 11310 | Lair:3   | 11310 ||| INVOKING Finesse.
 11310 | Lair:3   | Noticed a boulder beetle
 11313 | Lair:3   | 11313 ||| SWAPPING to +2 flail of protection.
 11322 | Lair:3   | Killed a seven-headed hydra
 11323 | Lair:3   | Reached skill level 12 in Axes
 11323 | Lair:3   | 11323 ||| SWAPPING to +10 war axe of Havoc {vamp, Fly rElec
                  | Str+2}.
 11331 | Lair:3   | Noticed a six-headed hydra
 11337 | Lair:3   | Killed a boulder beetle
 11342 | Lair:3   | Reached skill level 9 in Armour
 11343 | Lair:3   | 11343 ||| SWAPPING to +2 flail of protection.
 11347 | Lair:3   | Received a gift from Okawaru
 11355 | Lair:3   | Killed a six-headed hydra
 11356 | Lair:3   | 11356 ||| SWAPPING to +10 war axe of Havoc {vamp, Fly rElec
                  | Str+2}.
 11376 | Lair:3   | Reached XP level 13. HP: 76/80 MP: 18/20
 11436 | Lair:3   | 11436 ||| Stepping ~*~*~tactically~*~*~ (stealth).
 11437 | Lair:3   | 11437 ||| INVOKING Heroism.
 11486 | Lair:3   | 11486 ||| Stepping ~*~*~tactically~*~*~ (stealth).
 11489 | Lair:3   | 11489 ||| Stepping ~*~*~tactically~*~*~ (stealth).
 11497 | Lair:3   | Reached skill level 10 in Fighting
 11499 | Lair:3   | 11499 ||| INVOKING Heroism.
 11539 | Lair:3   | 11539 ||| Stepping ~*~*~tactically~*~*~ (stealth).
 11543 | Lair:3   | Reached ****** piety under Okawaru
 11543 | Lair:3   | Received a gift from Okawaru
 11591 | Lair:3   | 11591 ||| READING scroll of enchant armour.
 11591 | Lair:3   | 11591 ||| ENCHANTING +1 pair of gloves.
 11644 | Lair:3   | 11644 ||| INVOKING Heroism.
 11670 | Lair:3   | 11670 ||| Stepping ~*~*~tactically~*~*~ (stealth).
 11683 | Lair:3   | 11683 ||| Stepping ~*~*~tactically~*~*~ (stealth).
 11687 | Lair:3   | 11687 ||| INVOKING Heroism.
 11689 | Lair:3   | 11689 ||| Stepping ~*~*~tactically~*~*~ (stealth).
 11730 | Lair:3   | 11730 ||| INVOKING Heroism.
 11731 | Lair:3   | 11731 ||| Stepping ~*~*~tactically~*~*~ (stealth).
 11739 | Lair:3   | 11739 ||| Stepping ~*~*~tactically~*~*~ (stealth).
 11753 | Lair:3   | 11753 ||| INVOKING Finesse.
 11844 | Lair:3   | 11844 ||| INVOKING Heroism.
 11885 | Lair:3   | Noticed Kirke
 11886 | Lair:3   | 11886 ||| INVOKING Heroism.
 11888 | Lair:3   | 11888 ||| INVOKING Finesse.
 11889 | Lair:3   | 11889 ||| INVOKING Finesse.
 11907 | Lair:3   | Killed Kirke
 11907 | Lair:3   | Identified the +6 short sword of Tenacity {flame, MP+9
                  | Str-2 Int+2} (Okawaru gifted it to you on level 3 of the
                  | Lair of Beasts)
 11907 | Lair:3   | Received a gift from Okawaru
 12139 | Lair:4   | 12139 ||| Stepping ~*~*~tactically~*~*~ (stealth).
 12140 | Lair:4   | 12140 ||| Stepping ~*~*~tactically~*~*~ (stealth).
 12144 | Lair:4   | 12144 ||| INVOKING Heroism.
 12147 | Lair:4   | Reached skill level 1 in Throwing
 12209 | Lair:4   | 12209 ||| INVOKING Heroism.
 12224 | Lair:4   | 12224 ||| Stepping ~*~*~tactically~*~*~ (stealth).
 12226 | Lair:4   | 12226 ||| INVOKING Heroism.
 12296 | Lair:4   | 12296 ||| INVOKING Heroism.
 12390 | Lair:4   | 12390 ||| INVOKING Heroism.
 12807 | Lair:4   | 12807 ||| READING scroll labelled QUKHINATHIT.
 12808 | Lair:4   | 12808 ||| READING 9 scrolls of identify.
 12808 | Lair:4   | 12808 ||| IDENTIFYING cyan potion
 12809 | Lair:4   | 12809 ||| DROPPING potion of flight.
 12832 | Lair:5   | Entered Level 5 of the Lair of Beasts
 12833 | Lair:5   | 12833 ||| INVOKING Heroism.
 12837 | Lair:5   | 12837 ||| STAIRDANCE
 12847 | Lair:5   | 12847 ||| STAIRDANCE
 13035 | Lair:5   | 13035 ||| STAIRDANCE
 13037 | Lair:4   | 13037 ||| INVOKING Heroism.
 13052 | Lair:5   | 13052 ||| STAIRDANCE
 13083 | Lair:5   | 13083 ||| INVOKING Finesse.
 13089 | Lair:5   | 13089 ||| SWAPPING to +2 flail of protection.
 13090 | Lair:5   | 13090 ||| Stepping ~*~*~tactically~*~*~ (outnumbered).
 13091 | Lair:5   | 13091 ||| Stepping ~*~*~tactically~*~*~ (outnumbered).
 13092 | Lair:5   | 13092 ||| Stepping ~*~*~tactically~*~*~ (outnumbered).
 13093 | Lair:5   | 13093 ||| Stepping ~*~*~tactically~*~*~ (outnumbered).
 13094 | Lair:5   | 13094 ||| Stepping ~*~*~tactically~*~*~ (outnumbered).
 13095 | Lair:5   | 13095 ||| Stepping ~*~*~tactically~*~*~ (outnumbered).
 13096 | Lair:5   | 13096 ||| INVOKING Heroism.
 13097 | Lair:5   | 13097 ||| Stepping ~*~*~tactically~*~*~ (outnumbered).
 13098 | Lair:5   | 13098 ||| Stepping ~*~*~tactically~*~*~ (outnumbered).
 13099 | Lair:5   | 13099 ||| Stepping ~*~*~tactically~*~*~ (outnumbered).
 13100 | Lair:5   | 13100 ||| SWAPPING to +10 war axe of Havoc {vamp, Fly rElec
                  | Str+2}.
 13101 | Lair:5   | 13101 ||| SWAPPING to +2 flail of protection.
 13102 | Lair:5   | 13102 ||| Stepping ~*~*~tactically~*~*~ (outnumbered).
 13108 | Lair:5   | Received a gift from Okawaru
 13116 | Lair:5   | Gained mutation: Your large and strong wings let you fly.
                  | [Gargoyle growth]
 13116 | Lair:5   | Reached XP level 14. HP: 73/88 MP: 16/21
 13118 | Lair:5   | 13118 ||| Stepping ~*~*~tactically~*~*~ (outnumbered).
 13119 | Lair:5   | 13119 ||| Stepping ~*~*~tactically~*~*~ (outnumbered).
 13120 | Lair:5   | 13120 ||| Stepping ~*~*~tactically~*~*~ (outnumbered).
 13134 | Lair:5   | 13134 ||| SWAPPING to +10 war axe of Havoc {vamp, Fly rElec
                  | Str+2}.
 13230 | Lair:5   | Found a staircase to the Slime Pits.
 13232 | Lair:5   | 13232 ||| Stepping ~*~*~tactically~*~*~ (stealth).
 13234 | Lair:5   | 13234 ||| Stepping ~*~*~tactically~*~*~ (stealth).
 13258 | Lair:5   | 13258 ||| Stepping ~*~*~tactically~*~*~ (stealth).
 13258 | Lair:5   | Found a viscous altar of Jiyva.
 13262 | Lair:5   | 13262 ||| Stepping ~*~*~tactically~*~*~ (stealth).
 13281 | Lair:5   | 13281 ||| Stepping ~*~*~tactically~*~*~ (stealth).
 13285 | Lair:5   | 13285 ||| Stepping ~*~*~tactically~*~*~ (stealth).
 13289 | Lair:5   | 13289 ||| Stepping ~*~*~tactically~*~*~ (stealth).
 13294 | Lair:5   | 13294 ||| FLEEEEING.
 13295 | Lair:5   | 13295 ||| FLEEEEING.
 13296 | Lair:5   | 13296 ||| FLEEEEING.
 13297 | Lair:5   | 13297 ||| FLEEEEING.
 13298 | Lair:5   | 13298 ||| FLEEEEING.
 13300 | Lair:5   | 13300 ||| FLEEEEING.
 13301 | Lair:5   | 13301 ||| FLEEEEING.
 13302 | Lair:5   | 13302 ||| FLEEEEING.
 13303 | Lair:5   | 13303 ||| FLEEEEING.
 13304 | Lair:5   | 13304 ||| STAIRDANCE
 13324 | Lair:5   | Reached skill level 11 in Fighting
 13344 | Lair:5   | 13344 ||| INVOKING Heroism.
 13345 | Lair:5   | 13345 ||| INVOKING Finesse.
 13347 | Lair:5   | 13347 ||| SWAPPING to +2 flail of protection.
 13358 | Lair:5   | 13358 ||| SWAPPING to +10 war axe of Havoc {vamp, Fly rElec
                  | Str+2}.
 13595 | Lair:5   | 13595 ||| Stepping ~*~*~tactically~*~*~ (stealth).
 13597 | Lair:5   | 13597 ||| Stepping ~*~*~tactically~*~*~ (stealth).
 13599 | Lair:5   | 13599 ||| Stepping ~*~*~tactically~*~*~ (stealth).
 13600 | Lair:5   | 13600 ||| INVOKING Heroism.
 13606 | Lair:5   | 13606 ||| INVOKING Finesse.
 13613 | Lair:5   | 13613 ||| SWAPPING to +2 flail of protection.
 13617 | Lair:5   | 13617 ||| SWAPPING to +10 war axe of Havoc {vamp, Fly rElec
                  | Str+2}.
 13619 | Lair:5   | 13619 ||| SWAPPING to +2 flail of protection.
 13621 | Lair:5   | 13621 ||| SWAPPING to +10 war axe of Havoc {vamp, Fly rElec
                  | Str+2}.
 13624 | Lair:5   | 13624 ||| SWAPPING to +2 flail of protection.
 13625 | Lair:5   | 13625 ||| SWAPPING to +10 war axe of Havoc {vamp, Fly rElec
                  | Str+2}.
 13627 | Lair:5   | 13627 ||| SWAPPING to +2 flail of protection.
 13629 | Lair:5   | 13629 ||| SWAPPING to +10 war axe of Havoc {vamp, Fly rElec
                  | Str+2}.
 13631 | Lair:5   | 13631 ||| SWAPPING to +2 flail of protection.
 13642 | Lair:5   | Reached skill level 12 in Shields
 13642 | Lair:5   | 13642 ||| SWAPPING to +10 war axe of Havoc {vamp, Fly rElec
                  | Str+2}.
 13754 | Lair:5   | 13754 ||| Stepping ~*~*~tactically~*~*~ (hiding).
 13758 | Lair:5   | 13758 ||| INVOKING Heroism.
 13759 | Lair:5   | 13759 ||| INVOKING Finesse.
 13847 | Lair:5   | 13847 ||| INVOKING Heroism.
 13848 | Lair:5   | 13848 ||| SWAPPING to +2 flail of protection.
 13849 | Lair:5   | 13849 ||| INVOKING Finesse.
 13858 | Lair:5   | 13858 ||| SWAPPING to +10 war axe of Havoc {vamp, Fly rElec
                  | Str+2}.
 13863 | Lair:5   | Identified the +1 robe of Mokliu {Dex-5 Slay+5} (Okawaru
                  | gifted it to you on level 5 of the Lair of Beasts)
 13863 | Lair:5   | Received a gift from Okawaru
 13893 | Lair:5   | 13893 ||| Stepping ~*~*~tactically~*~*~ (stealth).
 13954 | Lair:5   | 13954 ||| INVOKING Heroism.
 13955 | Lair:5   | 13955 ||| INVOKING Finesse.
 13957 | Lair:5   | 13957 ||| Stepping ~*~*~tactically~*~*~ (hiding).
 13958 | Lair:5   | 13958 ||| SWAPPING to +2 flail of protection.
 13965 | Lair:5   | 13965 ||| SWAPPING to +10 war axe of Havoc {vamp, Fly rElec
                  | Str+2}.
 14017 | Lair:5   | 14017 ||| Stepping ~*~*~tactically~*~*~ (stealth).
 14019 | Lair:5   | 14019 ||| Stepping ~*~*~tactically~*~*~ (hiding).
 14063 | Lair:5   | 14063 ||| Stepping ~*~*~tactically~*~*~ (hiding).
 14068 | Lair:5   | 14068 ||| Stepping ~*~*~tactically~*~*~ (hiding).
 14072 | Lair:5   | 14072 ||| Stepping ~*~*~tactically~*~*~ (hiding).
 14184 | Lair:5   | Found a burning altar of Makhleb.
 14185 | Lair:5   | 14185 ||| Stepping ~*~*~tactically~*~*~ (hiding).
 14189 | Lair:5   | 14189 ||| INVOKING Heroism.
 14190 | Lair:5   | 14190 ||| INVOKING Finesse.
 14202 | Lair:5   | 14202 ||| Stepping ~*~*~tactically~*~*~ (hiding).
 14204 | Lair:5   | 14204 ||| Stepping ~*~*~tactically~*~*~ (hiding).
 14271 | Lair:5   | Found a gateway to Hell.
 14363 | Lair:5   | 14363 ||| INVOKING Heroism.
 14364 | Lair:5   | 14364 ||| INVOKING Finesse.
 14366 | Lair:5   | 14366 ||| SWAPPING to +2 flail of protection.
 14374 | Lair:5   | Reached skill level 15 in Axes
 14374 | Lair:5   | 14374 ||| SWAPPING to +10 war axe of Havoc {vamp, Fly rElec
                  | Str+2}.
 14514 | Lair:5   | 14514 ||| PLANNING D:1-11
 14702 | D:11     | 14702 ||| Stepping ~*~*~tactically~*~*~ (hiding).
 14707 | D:11     | 14707 ||| INVOKING Heroism.
 14857 | D:11     | 14857 ||| Stepping ~*~*~tactically~*~*~ (hiding).
 14860 | D:11     | 14860 ||| INVOKING Heroism.
 14875 | D:11     | 14875 ||| Stepping ~*~*~tactically~*~*~ (hiding).
 14933 | D:11     | 14933 ||| INVOKING Heroism.
 14934 | D:11     | 14934 ||| INVOKING Finesse.
 15062 | D:11     | Reached skill level 3 in Dodging
 15099 | D:11     | 15099 ||| FLEEEEING.
 15100 | D:11     | 15100 ||| FLEEEEING.
 15101 | D:11     | 15101 ||| FLEEEEING.
 15103 | D:11     | 15103 ||| FLEEEEING.
 15104 | D:11     | 15104 ||| FLEEEEING.
 15105 | D:11     | 15105 ||| FLEEEEING.
 15106 | D:11     | 15106 ||| FLEEEEING.
 15112 | D:11     | 15112 ||| FLEEEEING.
 15184 | D:11     | Identified the +2 leather armour of Sin {rElec rF+ rC++
                  | Str-2}
 15242 | D:11     | 15242 ||| READING scroll of enchant armour.
 15242 | D:11     | 15242 ||| ENCHANTING +0 pair of boots.
 15244 | D:11     | 15244 ||| Stepping ~*~*~tactically~*~*~ (stealth).
 15429 | D:11     | 15429 ||| PLANNING D
 15510 | D:12     | 15510 ||| INVOKING Heroism.
 15521 | D:12     | 15521 ||| DRINKING 4 potions of curing.
 15521 | D:12     | 15521 ||| (to cure confusion)
 15531 | D:12     | 15531 ||| DRINKING 3 potions of curing.
 15531 | D:12     | 15531 ||| (to cure confusion)
 15538 | D:12     | 15538 ||| INVOKING Heroism.
 15602 | D:12     | 15602 ||| Stepping ~*~*~tactically~*~*~ (stealth).
 15606 | D:12     | 15606 ||| Stepping ~*~*~tactically~*~*~ (stealth).
 15664 | D:12     | 15664 ||| Invisible monster not found???
 15707 | D:12     | 15707 ||| INVOKING Heroism.
 15708 | D:12     | 15708 ||| INVOKING Finesse.
 15710 | D:12     | 15710 ||| SWAPPING to +2 flail of protection.
 15720 | D:12     | 15720 ||| SWAPPING to +10 war axe of Havoc {vamp, Fly rElec
                  | Str+2}.
 15849 | D:12     | 15849 ||| DRINKING 2 potions of curing.
 15849 | D:12     | 15849 ||| (to cure confusion)
 15898 | D:12     | 15898 ||| INVOKING Heroism.
 15901 | D:12     | 15901 ||| SWAPPING to +2 flail of protection.
 15904 | D:12     | 15904 ||| SWAPPING to +10 war axe of Havoc {vamp, Fly rElec
                  | Str+2}.
 16015 | D:12     | 16015 ||| Stepping ~*~*~tactically~*~*~ (hiding).
 16189 | D:12     | Found a staircase to the Orcish Mines.
 16198 | D:12     | 16198 ||| DRINKING potion of curing.
 16198 | D:12     | 16198 ||| (to cure confusion)
 16252 | D:12     | 16252 ||| DROPPING +2 hat.
 16329 | D:13     | 16329 ||| INVOKING Heroism.
 16346 | D:13     | Reached skill level 12 in Fighting
 16390 | D:13     | Found a runed translucent gate.
 16391 | D:13     | Found a runed translucent gate.
 16391 | D:13     | Noticed Dittersdorf's ghost (journeyman MiBe)
 16392 | D:13     | Found a runed translucent gate.
 16454 | D:13     | 16454 ||| INVOKING Heroism.
 16455 | D:13     | 16455 ||| INVOKING Finesse.
 16457 | D:13     | 16457 ||| SWAPPING to +2 flail of protection.
 16468 | D:13     | Reached XP level 15. HP: 87/96 MP: 15/22
 16469 | D:13     | 16469 ||| SWAPPING to +10 war axe of Havoc {vamp, Fly rElec
                  | Str+2}.
 16525 | D:13     | 16525 ||| Stepping ~*~*~tactically~*~*~ (stealth).
 16527 | D:13     | 16527 ||| Stepping ~*~*~tactically~*~*~ (hiding).
 16726 | D:13     | 16726 ||| INVOKING Heroism.
 16979 | D:13     | Received a gift from Okawaru
 16999 | D:13     | Found a gate to the Vaults.
 17003 | D:13     | 17003 ||| INVOKING Heroism.
 17078 | D:13     | 17078 ||| INVOKING Heroism.
 17137 | D:13     | 17137 ||| INVOKING Heroism.
 17147 | D:13     | Received a gift from Okawaru
 17409 | D:13     | 17409 ||| INVOKING Heroism.
 17410 | D:13     | 17410 ||| INVOKING Finesse.
 17413 | D:13     | 17413 ||| SWAPPING to +2 flail of protection.
 17420 | D:13     | 17420 ||| SWAPPING to +10 war axe of Havoc {vamp, Fly rElec
                  | Str+2}.
 17625 | D:14     | 17625 ||| INVOKING Heroism.
 17626 | D:14     | 17626 ||| INVOKING Finesse.
 17627 | D:14     | Received a gift from Okawaru
 17629 | D:14     | 17629 ||| Stepping ~*~*~tactically~*~*~ (stealth).
 17670 | D:14     | 17670 ||| INVOKING Finesse.
 17671 | D:14     | 17671 ||| Stepping ~*~*~tactically~*~*~ (stealth).
 17672 | D:14     | 17672 ||| Stepping ~*~*~tactically~*~*~ (stealth).
 17679 | D:14     | 17679 ||| INVOKING Heroism.
 17691 | D:14     | 17691 ||| READING 6 scrolls of teleportation.
 17703 | D:14     | Reached skill level 3 in Throwing
 17860 | D:14     | 17860 ||| Stepping ~*~*~tactically~*~*~ (hiding).
 17865 | D:14     | 17865 ||| INVOKING Heroism.
 17866 | D:14     | 17866 ||| INVOKING Finesse.
 17905 | D:14     | 17905 ||| Stepping ~*~*~tactically~*~*~ (stealth).
 17907 | D:14     | 17907 ||| Stepping ~*~*~tactically~*~*~ (stealth).
 17915 | D:14     | 17915 ||| INVOKING Heroism.
 17964 | D:14     | Found a snail-covered altar of Cheibriados.
 18250 | D:14     | Found a large runed translucent door.
 18250 | D:14     | Found a large runed translucent door.
 18252 | D:14     | Noticed Uqorphet's ghost (journeyman DECj)
 18497 | D:15     | Entered Level 15 of the Dungeon
 18500 | D:15     | 18500 ||| STAIRDANCE
 18586 | D:15     | 18586 ||| STAIRDANCE
 18588 | D:14     | 18588 ||| INVOKING Heroism.
 18683 | D:15     | 18683 ||| STAIRDANCE
 18777 | D:15     | 18777 ||| STAIRDANCE
 18865 | D:15     | 18865 ||| STAIRDANCE
 18952 | D:15     | 18952 ||| STAIRDANCE
 19036 | D:15     | 19036 ||| STAIRDANCE
 19038 | D:14     | 19038 ||| INVOKING Heroism.
 19134 | D:15     | 19134 ||| STAIRDANCE
 19225 | D:15     | 19225 ||| STAIRDANCE
 19333 | D:15     | 19333 ||| INVOKING Heroism.
 19338 | D:15     | Identified the +0 hat of Imperfection {Will+} (Okawaru
                  | gifted it to you on level 15 of the Dungeon)
 19338 | D:15     | Received a gift from Okawaru
 19351 | D:15     | 19351 ||| STAIRDANCE
 19515 | D:15     | 19515 ||| Stepping ~*~*~tactically~*~*~ (stealth).
 19600 | D:15     | 19600 ||| INVOKING Heroism.
 19601 | D:15     | 19601 ||| SWAPPING to +2 flail of protection.
 19602 | D:15     | 19602 ||| INVOKING Finesse.
 19608 | D:15     | 19608 ||| SWAPPING to +10 war axe of Havoc {vamp, Fly rElec
                  | Str+2}.
 19755 | D:15     | Found a staircase to the Depths.
 19755 | D:15     | Noticed a fire giant
 19762 | D:15     | 19762 ||| INVOKING Heroism.
 19770 | D:15     | Reached skill level 6 in Throwing
 19788 | D:15     | Killed a fire giant
 19789 | D:15     | 19789 ||| FLEEEEING.
 20055 | D:15     | 20055 ||| Stepping ~*~*~tactically~*~*~ (hiding).
 20171 | D:15     | 20171 ||| INVOKING Heroism.
 20317 | D:15     | 20317 ||| Stepping ~*~*~tactically~*~*~ (stealth).
 20318 | D:15     | 20318 ||| INVOKING Heroism.
 20331 | D:15     | 20331 ||| Stepping ~*~*~tactically~*~*~ (stealth).
 20343 | D:15     | 20343 ||| Stepping ~*~*~tactically~*~*~ (hiding).
 20351 | D:15     | 20351 ||| Stepping ~*~*~tactically~*~*~ (stealth).
 20688 | D:15     | 20688 ||| PLANNING ORC
 20688 | D:15     | 20688 ||| DROPPING +0 hat of Imperfection {Will+}.
 20689 | D:15     | 20689 ||| DROPPING ring of resist corrosion.
 20810 | Orc:1    | Entered Level 1 of the Orcish Mines
 20810 | Orc:1    | You are sucked into a shaft and drop 1 floor!
 20810 | Orc:2    | Entered Level 2 of the Orcish Mines
 20856 | Orc:2    | Found a staircase to the Elven Halls.
 21085 | Orc:2    | 21085 ||| INVOKING Heroism.
 21289 | Orc:2    | 21289 ||| Stepping ~*~*~tactically~*~*~ (hiding).
 21306 | Orc:2    | 21306 ||| Stepping ~*~*~tactically~*~*~ (stealth).
 21307 | Orc:2    | 21307 ||| Stepping ~*~*~tactically~*~*~ (stealth).
 21311 | Orc:2    | 21311 ||| Stepping ~*~*~tactically~*~*~ (hiding).
 21326 | Orc:2    | 21326 ||| Stepping ~*~*~tactically~*~*~ (stealth).
 21327 | Orc:2    | 21327 ||| Stepping ~*~*~tactically~*~*~ (stealth).
 21463 | Orc:2    | 21463 ||| INVOKING Heroism.
 21479 | Orc:2    | 21479 ||| Stepping ~*~*~tactically~*~*~ (stealth).
 21480 | Orc:2    | 21480 ||| Stepping ~*~*~tactically~*~*~ (stealth).
 21481 | Orc:2    | 21481 ||| Stepping ~*~*~tactically~*~*~ (hiding).
 21492 | Orc:2    | Reached skill level 13 in Fighting
 21503 | Orc:2    | 21503 ||| INVOKING Heroism.
 21512 | Orc:2    | Reached XP level 16. HP: 97/104 MP: 21/23
 21532 | Orc:2    | Paralysed by an orc sorcerer for 3 turns
 21656 | Orc:2    | 21656 ||| Stepping ~*~*~tactically~*~*~ (hiding).
 21658 | Orc:2    | 21658 ||| Stepping ~*~*~tactically~*~*~ (hiding).
 21669 | Orc:2    | 21669 ||| INVOKING Heroism.
 21678 | Orc:2    | Paralysed by an orc sorcerer for 5 turns
 21684 | Orc:2    | 21684 ||| READING 5 scrolls of teleportation.
 21882 | Orc:2    | 21882 ||| Stepping ~*~*~tactically~*~*~ (hiding).
 21943 | Orc:2    | 21943 ||| Stepping ~*~*~tactically~*~*~ (stealth).
 21948 | Orc:2    | 21948 ||| FLEEEEING.
 21949 | Orc:2    | 21949 ||| FLEEEEING.
 21950 | Orc:2    | 21950 ||| FLEEEEING.
 21953 | Orc:2    | 21953 ||| FLEEEEING.
 21954 | Orc:2    | 21954 ||| FLEEEEING.
 21955 | Orc:2    | 21955 ||| FLEEEEING.
 21966 | Orc:2    | 21966 ||| FLEEEEING.
 21969 | Orc:2    | 21969 ||| INVOKING Heroism.
 21971 | Orc:2    | 21971 ||| Stepping ~*~*~tactically~*~*~ (hiding).
 21972 | Orc:2    | 21972 ||| Stepping ~*~*~tactically~*~*~ (hiding).
 22082 | Orc:2    | Found Ycuheocs's Book Boutique.
 22082 | Orc:2    | Found Hoatuisa's Antique Weapon Boutique.
 22083 | Orc:2    | Found Deguug's Distillery.
 22087 | Orc:2    | Found Ovonid's Weapon Shop.
 22092 | Orc:2    | 22092 ||| BUYING potion of attraction (45 gold).
 22092 | Orc:2    | Bought a potion of attraction for 45 gold pieces
 22092 | Orc:2    | 22092 ||| BUYING potion of curing (45 gold).
 22092 | Orc:2    | Bought a potion of curing for 45 gold pieces
 22092 | Orc:2    | 22092 ||| BUYING potion of curing (45 gold).
 22092 | Orc:2    | Bought a potion of curing for 45 gold pieces
 22092 | Orc:2    | 22092 ||| BUYING potion of heal wounds (75 gold).
 22092 | Orc:2    | Bought a potion of heal wounds for 75 gold pieces
 22092 | Orc:2    | 22092 ||| BUYING potion of might (60 gold).
 22092 | Orc:2    | Bought a potion of might for 60 gold pieces
 22092 | Orc:2    | 22092 ||| BUYING potion of mutation (120 gold).
 22092 | Orc:2    | Bought a potion of mutation for 120 gold pieces
 22174 | Orc:1    | 22174 ||| INVOKING Heroism.
 22270 | Orc:1    | 22270 ||| INVOKING Heroism.
 22347 | Orc:1    | Found a shimmering altar of Xom.
 22435 | Orc:1    | 22435 ||| PLANNING SWAMP:1-3
 22593 | Swamp:1  | Entered Level 1 of the Swamp
 22610 | Swamp:1  | Noticed Frances
 22611 | Swamp:1  | 22611 ||| INVOKING Heroism.
 22612 | Swamp:1  | 22612 ||| INVOKING Finesse.
 22626 | Swamp:1  | Killed Frances
 22627 | Swamp:1  | Reached skill level 12 in Armour
 22675 | Swamp:1  | Received a gift from Okawaru
 22686 | Swamp:1  | 22686 ||| INVOKING Heroism.
 22892 | Swamp:1  | 22892 ||| Stepping ~*~*~tactically~*~*~ (stealth).
 22903 | Swamp:1  | 22903 ||| Stepping ~*~*~tactically~*~*~ (hiding).
 22905 | Swamp:1  | 22905 ||| INVOKING Heroism.
 22975 | Swamp:1  | 22975 ||| INVOKING Heroism.
 23028 | Swamp:1  | 23028 ||| INVOKING Heroism.
 23030 | Swamp:1  | 23030 ||| Stepping ~*~*~tactically~*~*~ (hiding).
 23159 | Swamp:1  | 23159 ||| INVOKING Heroism.
 23161 | Swamp:1  | 23161 ||| Stepping ~*~*~tactically~*~*~ (hiding).
 23349 | Swamp:1  | Reached skill level 14 in Fighting
 23449 | Swamp:1  | 23449 ||| Stepping ~*~*~tactically~*~*~ (hiding).
 23701 | Swamp:1  | 23701 ||| DROPPING ring of willpower.
 23730 | Swamp:2  | 23730 ||| INVOKING Heroism.
 23731 | Swamp:2  | 23731 ||| INVOKING Finesse.
 23735 | Swamp:2  | 23735 ||| SWAPPING to +2 flail of protection.
 23738 | Swamp:2  | 23738 ||| SWAPPING to +10 war axe of Havoc {vamp, Fly rElec
                  | Str+2}.
 23855 | Swamp:2  | 23855 ||| INVOKING Heroism.
 23943 | Swamp:2  | 23943 ||| Stepping ~*~*~tactically~*~*~ (hiding).
 23945 | Swamp:2  | 23945 ||| INVOKING Heroism.
 23960 | Swamp:2  | 23960 ||| Stepping ~*~*~tactically~*~*~ (stealth).
 23980 | Swamp:2  | 23980 ||| Stepping ~*~*~tactically~*~*~ (hiding).
 23983 | Swamp:2  | 23983 ||| Stepping ~*~*~tactically~*~*~ (hiding).
 23984 | Swamp:2  | 23984 ||| Stepping ~*~*~tactically~*~*~ (hiding).
 23987 | Swamp:2  | Received a gift from Okawaru
 23999 | Swamp:2  | Noticed a thorn hunter
 24000 | Swamp:2  | 24000 ||| Stepping ~*~*~tactically~*~*~ (stealth).
 24003 | Swamp:2  | 24003 ||| Stepping ~*~*~tactically~*~*~ (stealth).
 24006 | Swamp:2  | 24006 ||| Stepping ~*~*~tactically~*~*~ (stealth).
 24012 | Swamp:2  | 24012 ||| INVOKING Heroism.
 24059 | Swamp:2  | 24059 ||| INVOKING Heroism.
 24060 | Swamp:2  | 24060 ||| INVOKING Finesse.
 24062 | Swamp:2  | HP: 26/106 [thorn hunter/volley of thorns (32)]
 24063 | Swamp:2  | 24063 ||| READING 4 scrolls of teleportation.
 24064 | Swamp:2  | 24064 ||| DRINKING 9 potions of heal wounds.
 24067 | Swamp:2  | 24067 ||| DRINKING 8 potions of heal wounds.
 24309 | Swamp:2  | 24309 ||| INVOKING Heroism.
 24310 | Swamp:2  | 24310 ||| INVOKING Finesse.
 24326 | Swamp:2  | Killed a thorn hunter
 24331 | Swamp:2  | 24331 ||| Stepping ~*~*~tactically~*~*~ (stealth).
 24352 | Swamp:2  | 24352 ||| Stepping ~*~*~tactically~*~*~ (stealth).
 24357 | Swamp:2  | 24357 ||| Stepping ~*~*~tactically~*~*~ (stealth).
 24396 | Swamp:2  | 24396 ||| FLEEEEING.
 24397 | Swamp:2  | 24397 ||| FLEEEEING.
 24398 | Swamp:2  | 24398 ||| FLEEEEING.
 24411 | Swamp:2  | 24411 ||| FLEEEEING.
 24412 | Swamp:2  | 24412 ||| STAIRDANCE
 24515 | Swamp:2  | 24515 ||| STAIRDANCE
 24517 | Swamp:1  | 24517 ||| INVOKING Heroism.
 24518 | Swamp:1  | 24518 ||| SWAPPING to +2 flail of protection.
 24519 | Swamp:1  | 24519 ||| INVOKING Finesse.
 24527 | Swamp:1  | 24527 ||| SWAPPING to +10 war axe of Havoc {vamp, Fly rElec
                  | Str+2}.
 24591 | Swamp:2  | 24591 ||| STAIRDANCE
 24639 | Swamp:2  | 24639 ||| STAIRDANCE
 24644 | Swamp:2  | 24644 ||| STAIRDANCE
 24646 | Swamp:1  | 24646 ||| INVOKING Heroism.
 24647 | Swamp:1  | 24647 ||| SWAPPING to +2 flail of protection.
 24648 | Swamp:1  | 24648 ||| INVOKING Finesse.
 24653 | Swamp:1  | 24653 ||| SWAPPING to +10 war axe of Havoc {vamp, Fly rElec
                  | Str+2}.
 24690 | Swamp:2  | 24690 ||| STAIRDANCE
 24749 | Swamp:2  | 24749 ||| STAIRDANCE
 24761 | Swamp:2  | 24761 ||| STAIRDANCE
 24769 | Swamp:1  | 24769 ||| INVOKING Heroism.
 25005 | Swamp:2  | 25005 ||| Stepping ~*~*~tactically~*~*~ (stealth).
 25007 | Swamp:2  | 25007 ||| INVOKING Heroism.
 25008 | Swamp:2  | 25008 ||| SWAPPING to +2 flail of protection.
 25017 | Swamp:2  | 25017 ||| SWAPPING to +10 war axe of Havoc {vamp, Fly rElec
                  | Str+2}.
 25075 | Swamp:2  | 25075 ||| Stepping ~*~*~tactically~*~*~ (stealth).
 25116 | Swamp:2  | 25116 ||| Stepping ~*~*~tactically~*~*~ (stealth).
 25118 | Swamp:2  | 25118 ||| Stepping ~*~*~tactically~*~*~ (hiding).
 25119 | Swamp:2  | 25119 ||| Stepping ~*~*~tactically~*~*~ (hiding).
 25381 | Swamp:2  | Found a runed translucent door.
 25384 | Swamp:2  | Noticed qw's ghost (adept GrFi)
 25384 | Swamp:2  | Identified the +1 trident of Quick Death {spect, *Slow rC+
                  | rCorr Int+2}
 25503 | Swamp:2  | 25503 ||| READING 17 scrolls of identify.
 25503 | Swamp:2  | 25503 ||| IDENTIFYING fuming cyan potion
 25504 | Swamp:2  | 25504 ||| DROPPING potion of berserk rage.
 25521 | Swamp:3  | Noticed a fenstrider witch
 25522 | Swamp:3  | 25522 ||| INVOKING Heroism.
 25533 | Swamp:3  | Paralysed by a fenstrider witch for 2 turns
 25537 | Swamp:3  | Killed a fenstrider witch
 25551 | Swamp:3  | 25551 ||| FLEEEEING.
 25552 | Swamp:3  | 25552 ||| FLEEEEING.
 25553 | Swamp:3  | 25553 ||| STAIRDANCE
 25810 | Swamp:3  | 25810 ||| INVOKING Heroism.
 25870 | Swamp:3  | 25870 ||| Stepping ~*~*~tactically~*~*~ (hiding).
 25871 | Swamp:3  | 25871 ||| Stepping ~*~*~tactically~*~*~ (hiding).
 25873 | Swamp:3  | 25873 ||| INVOKING Heroism.
 25893 | Swamp:3  | 25893 ||| Stepping ~*~*~tactically~*~*~ (hiding).
 25895 | Swamp:3  | 25895 ||| Stepping ~*~*~tactically~*~*~ (hiding).
 25896 | Swamp:3  | 25896 ||| Stepping ~*~*~tactically~*~*~ (hiding).
 25897 | Swamp:3  | 25897 ||| Stepping ~*~*~tactically~*~*~ (hiding).
 26119 | Swamp:3  | 26119 ||| INVOKING Heroism.
 26207 | Swamp:3  | 26207 ||| INVOKING Heroism.
 26345 | Swamp:3  | 26345 ||| Stepping ~*~*~tactically~*~*~ (stealth).
 26346 | Swamp:3  | 26346 ||| Stepping ~*~*~tactically~*~*~ (hiding).
 26347 | Swamp:3  | 26347 ||| Stepping ~*~*~tactically~*~*~ (stealth).
 26348 | Swamp:3  | 26348 ||| Stepping ~*~*~tactically~*~*~ (stealth).
 26385 | Swamp:3  | 26385 ||| INVOKING Heroism.
 26387 | Swamp:3  | 26387 ||| SWAPPING to +2 flail of protection.
 26393 | Swamp:3  | 26393 ||| Stepping ~*~*~tactically~*~*~ (outnumbered).
 26396 | Swamp:3  | 26396 ||| Stepping ~*~*~tactically~*~*~ (outnumbered).
 26397 | Swamp:3  | 26397 ||| Stepping ~*~*~tactically~*~*~ (outnumbered).
 26398 | Swamp:3  | 26398 ||| Stepping ~*~*~tactically~*~*~ (outnumbered).
 26399 | Swamp:3  | 26399 ||| Stepping ~*~*~tactically~*~*~ (outnumbered).
 26400 | Swamp:3  | 26400 ||| Stepping ~*~*~tactically~*~*~ (outnumbered).
 26402 | Swamp:3  | 26402 ||| Stepping ~*~*~tactically~*~*~ (outnumbered).
 26403 | Swamp:3  | 26403 ||| Stepping ~*~*~tactically~*~*~ (outnumbered).
 26404 | Swamp:3  | 26404 ||| Stepping ~*~*~tactically~*~*~ (outnumbered).
 26405 | Swamp:3  | 26405 ||| Stepping ~*~*~tactically~*~*~ (outnumbered).
 26406 | Swamp:3  | 26406 ||| Stepping ~*~*~tactically~*~*~ (outnumbered).
 26407 | Swamp:3  | 26407 ||| Stepping ~*~*~tactically~*~*~ (outnumbered).
 26419 | Swamp:3  | 26419 ||| Stepping ~*~*~tactically~*~*~ (outnumbered).
 26420 | Swamp:3  | 26420 ||| SWAPPING to +10 war axe of Havoc {vamp, Fly rElec
                  | Str+2}.
 26422 | Swamp:3  | 26422 ||| SWAPPING to +2 flail of protection.
 26423 | Swamp:3  | 26423 ||| SWAPPING to +10 war axe of Havoc {vamp, Fly rElec
                  | Str+2}.
 26424 | Swamp:3  | 26424 ||| INVOKING Heroism.
 26426 | Swamp:3  | 26426 ||| SWAPPING to +2 flail of protection.
 26433 | Swamp:3  | 26433 ||| SWAPPING to +10 war axe of Havoc {vamp, Fly rElec
                  | Str+2}.
 26440 | Swamp:3  | HP: 22/106 [will-o-the-wisp/foxfire (8)]
 26441 | Swamp:3  | 26441 ||| READING 3 scrolls of teleportation.
 26442 | Swamp:3  | 26442 ||| DRINKING 7 potions of heal wounds.
 26461 | Swamp:3  | 26461 ||| Stepping ~*~*~tactically~*~*~ (stealth).
 26462 | Swamp:3  | 26462 ||| Stepping ~*~*~tactically~*~*~ (stealth).
 26463 | Swamp:3  | 26463 ||| INVOKING Heroism.
 26466 | Swamp:3  | 26466 ||| FLEEEEING.
 26467 | Swamp:3  | 26467 ||| FLEEEEING.
 26468 | Swamp:3  | 26468 ||| FLEEEEING.
 26470 | Swamp:3  | 26470 ||| FLEEEEING.
 26471 | Swamp:3  | 26471 ||| FLEEEEING.
 26472 | Swamp:3  | 26472 ||| FLEEEEING.
 26487 | Swamp:3  | 26487 ||| Stepping ~*~*~tactically~*~*~ (hiding).
 26653 | Swamp:3  | 26653 ||| Stepping ~*~*~tactically~*~*~ (hiding).
 26681 | Swamp:3  | Identified the +1 buckler of Lilacs {Str+2 Int+2}
 26689 | Swamp:3  | 26689 ||| INVOKING Heroism.
 26910 | Swamp:3  | 26910 ||| PLANNING SNAKE:1-3
 26987 | Snake:1  | Entered Level 1 of the Snake Pit
 26988 | Snake:1  | 26988 ||| Stepping ~*~*~tactically~*~*~ (hiding).
 26989 | Snake:1  | 26989 ||| Stepping ~*~*~tactically~*~*~ (hiding).
 26995 | Snake:1  | 26995 ||| INVOKING Heroism.
 26998 | Snake:1  | 26998 ||| Stepping ~*~*~tactically~*~*~ (hiding).
 26999 | Snake:1  | 26999 ||| Stepping ~*~*~tactically~*~*~ (hiding).
 27013 | Snake:1  | Received a gift from Okawaru
 27016 | Snake:1  | Reached XP level 17. HP: 112/112 MP: 24/24
 27055 | Snake:1  | 27055 ||| INVOKING Heroism.
 27094 | Snake:1  | 27094 ||| Stepping ~*~*~tactically~*~*~ (hiding).
 27109 | Snake:1  | Reached skill level 15 in Fighting
 27171 | Snake:1  | 27171 ||| READING scroll of enchant armour.
 27171 | Snake:1  | 27171 ||| ENCHANTING +1 pair of boots.
 27295 | Snake:1  | 27295 ||| Stepping ~*~*~tactically~*~*~ (hiding).
 27472 | Snake:1  | Noticed Aizul
 27473 | Snake:1  | 27473 ||| Stepping ~*~*~tactically~*~*~ (hiding).
 27475 | Snake:1  | 27475 ||| INVOKING Heroism.
 27476 | Snake:1  | 27476 ||| INVOKING Finesse.
 27489 | Snake:1  | Killed Aizul
 27489 | Snake:1  | Received a gift from Okawaru
 27535 | Snake:1  | Found Samujann's Book Shop.
 27537 | Snake:1  | Found Gyxibbue's Jewellery Emporium.
 27538 | Snake:1  | Found Coufy's Book Shop.
 27546 | Snake:1  | 27546 ||| BUYING +4 ring of slaying (1092 gold).
 27546 | Snake:1  | Bought a +4 ring of slaying for 1092 gold pieces
 27546 | Snake:1  | 27546 ||| BUYING ring of fire (350 gold).
 27546 | Snake:1  | Bought a ring of fire for 350 gold pieces
 27546 | Snake:1  | 27546 ||| BUYING ring of see invisible (210 gold).
 27546 | Snake:1  | Bought a ring of see invisible for 210 gold pieces
 27597 | Snake:1  | Noticed Jorgrun
 27599 | Snake:1  | 27599 ||| INVOKING Heroism.
 27619 | Snake:1  | Killed Jorgrun
 27623 | Snake:1  | Received a gift from Okawaru
 27765 | Snake:1  | 27765 ||| Stepping ~*~*~tactically~*~*~ (hiding).
 27983 | Snake:1  | 27983 ||| DROPPING +6 ring of dexterity.
 27984 | Snake:1  | 27984 ||| DROPPING ring of protection from cold.
 27985 | Snake:1  | 27985 ||| UPGRADING to +4 ring of slaying {mikee}.
 27987 | Snake:1  | 27987 ||| UPGRADING to ring of see invisible.
 28037 | Snake:2  | 28037 ||| INVOKING Heroism.
 28167 | Snake:2  | Found Baim's Weapon Emporium.
 28174 | Snake:2  | 28174 ||| INVOKING Heroism.
 28190 | Snake:2  | Found Surchog's Antique Armour Shoppe.
 28190 | Snake:2  | Found Ugoyrul's Antique Armour Emporium.
 28195 | Snake:2  | Found Dyevot's Weapon Shoppe.
 28201 | Snake:2  | 28201 ||| BUYING runed chain mail (255 gold).
 28201 | Snake:2  | Bought a runed chain mail for 255 gold pieces
 28207 | Snake:2  | 28207 ||| SHOPLISTING glowing crystal plate armour (2656
                  | gold, have 652).
 28207 | Snake:2  | 28207 ||| SHOPLISTING glowing plate armour (832 gold, have
                  | 652).
 28207 | Snake:2  | 28207 ||| BUYING pair of bloodstained boots (304 gold).
 28207 | Snake:2  | Bought a pair of bloodstained boots for 304 gold pieces
 28207 | Snake:2  | Identified the +2 pair of boots "Usuec" {rElec Str-5 Dex+9}
                  | (You bought it in a shop on level 2 of the Snake Pit)
 28207 | Snake:2  | 28207 ||| SHOPLISTING twisted plate armour (896 gold, have
                  | 348).
 28340 | Snake:2  | 28340 ||| Stepping ~*~*~tactically~*~*~ (hiding).
 28341 | Snake:2  | 28341 ||| Stepping ~*~*~tactically~*~*~ (hiding).
 28421 | Snake:2  | 28421 ||| INVOKING Heroism.
 28470 | Snake:2  | Received a gift from Okawaru
 28479 | Snake:2  | 28479 ||| DROPPING +1 war axe of draining.
 28634 | Snake:2  | 28634 ||| Stepping ~*~*~tactically~*~*~ (hiding).
 28636 | Snake:2  | 28636 ||| Stepping ~*~*~tactically~*~*~ (hiding).
 28637 | Snake:2  | 28637 ||| Stepping ~*~*~tactically~*~*~ (hiding).
 28755 | Snake:2  | 28755 ||| INVOKING Heroism.
 29163 | Snake:2  | 29163 ||| UPGRADING to +3 chain mail of willpower.
 29173 | Snake:2  | 29173 ||| UPGRADING to +2 pair of boots "Usuec" {rElec
                  | Str-5 Dex+9}.
 29183 | Snake:2  | 29183 ||| DROPPING +2 pair of boots.
 29200 | Snake:3  | 29200 ||| INVOKING Heroism.
 29264 | Snake:3  | 29264 ||| INVOKING Heroism.
 29323 | Snake:3  | 29323 ||| INVOKING Heroism.
 29383 | Snake:3  | 29383 ||| INVOKING Heroism.
 29395 | Snake:3  | Reached skill level 6 in Dodging
 29407 | Snake:3  | 29407 ||| READING 2 scrolls of teleportation.
 29430 | Snake:3  | 29430 ||| DROPPING amulet of the acrobat.
 29431 | Snake:3  | 29431 ||| READING scroll labelled ZEAGIY DAUG.
 29432 | Snake:3  | 29432 ||| READING scroll of teleportation.
 29559 | Snake:3  | 29559 ||| INVOKING Heroism.
 29667 | Snake:3  | 29667 ||| Stepping randomly (stuck).
 29668 | Snake:3  | 29668 ||| Stepping randomly (stuck).
 29670 | Snake:3  | 29670 ||| Stepping randomly (stuck).
 29671 | Snake:3  | 29671 ||| Stepping ~*~*~tactically~*~*~ (stealth).
 29675 | Snake:3  | 29675 ||| INVOKING Heroism.
 29685 | Snake:3  | Received a gift from Okawaru
 29696 | Snake:3  | 29696 ||| Stepping randomly (stuck).
 29697 | Snake:3  | 29697 ||| Stepping ~*~*~tactically~*~*~ (hiding).
 29700 | Snake:3  | 29700 ||| Stepping ~*~*~tactically~*~*~ (hiding).
 29702 | Snake:3  | 29702 ||| Stepping ~*~*~tactically~*~*~ (hiding).
 29703 | Snake:3  | 29703 ||| Stepping ~*~*~tactically~*~*~ (hiding).
 29704 | Snake:3  | 29704 ||| Stepping ~*~*~tactically~*~*~ (hiding).
 29746 | Snake:3  | Found an ancient bone altar of Kikubaaqudgha.
 29916 | Snake:3  | 29916 ||| PLANNING SWAMP:4
 30043 | Swamp:4  | Entered Level 4 of the Swamp
 30127 | Swamp:4  | 30127 ||| INVOKING Heroism.
 30131 | Swamp:4  | 30131 ||| SWAPPING to +2 flail of protection.
 30133 | Swamp:4  | 30133 ||| Stepping ~*~*~tactically~*~*~ (outnumbered).
 30141 | Swamp:4  | 30141 ||| SWAPPING to +10 war axe of Havoc {vamp, Fly rElec
                  | Str+2}.
 30142 | Swamp:4  | 30142 ||| SWAPPING to +2 flail of protection.
 30149 | Swamp:4  | Reached skill level 9 in Throwing
 30157 | Swamp:4  | HP: 25/113 [alligator (17)]
 30158 | Swamp:4  | 30158 ||| READING scroll of teleportation.
 30159 | Swamp:4  | 30159 ||| DRINKING 8 potions of heal wounds.
 30160 | Swamp:4  | 30160 ||| INVOKING Heroism.
 30163 | Swamp:4  | 30163 ||| SWAPPING to +10 war axe of Havoc {vamp, Fly rElec
                  | Str+2}.
 30176 | Swamp:4  | Reached skill level 15 in Shields
 30191 | Swamp:4  | 30191 ||| INVOKING Heroism.
 30226 | Swamp:4  | 30226 ||| SWAPPING to +2 flail of protection.
 30230 | Swamp:4  | 30230 ||| SWAPPING to +10 war axe of Havoc {vamp, Fly rElec
                  | Str+2}.
 30231 | Swamp:4  | 30231 ||| Stepping ~*~*~tactically~*~*~ (hiding).
 30236 | Swamp:4  | 30236 ||| SWAPPING to +2 flail of protection.
 30245 | Swamp:4  | 30245 ||| Stepping ~*~*~tactically~*~*~ (outnumbered).
 30246 | Swamp:4  | 30246 ||| Stepping ~*~*~tactically~*~*~ (outnumbered).
 30247 | Swamp:4  | 30247 ||| INVOKING Heroism.
 30248 | Swamp:4  | 30248 ||| Stepping ~*~*~tactically~*~*~ (outnumbered).
 30249 | Swamp:4  | 30249 ||| Stepping ~*~*~tactically~*~*~ (outnumbered).
 30250 | Swamp:4  | 30250 ||| Stepping ~*~*~tactically~*~*~ (outnumbered).
 30251 | Swamp:4  | 30251 ||| Stepping ~*~*~tactically~*~*~ (cloud).
 30253 | Swamp:4  | 30253 ||| Stepping ~*~*~tactically~*~*~ (outnumbered).
 30254 | Swamp:4  | 30254 ||| Stepping ~*~*~tactically~*~*~ (cloud).
 30260 | Swamp:4  | 30260 ||| SWAPPING to +10 war axe of Havoc {vamp, Fly rElec
                  | Str+2}.
 30267 | Swamp:4  | Reached XP level 18. HP: 92/119 MP: 25/25
 30325 | Swamp:4  | 30325 ||| DROPPING +2 flail of protection.
 30369 | Swamp:4  | 30369 ||| INVOKING Heroism.
 30517 | Swamp:4  | 30517 ||| Stepping ~*~*~tactically~*~*~ (hiding).
 30518 | Swamp:4  | 30518 ||| Stepping ~*~*~tactically~*~*~ (hiding).
 30526 | Swamp:4  | Received a gift from Okawaru
 30657 | Swamp:4  | 30657 ||| Stepping ~*~*~tactically~*~*~ (hiding).
 30658 | Swamp:4  | 30658 ||| Stepping ~*~*~tactically~*~*~ (hiding).
 30660 | Swamp:4  | 30660 ||| Stepping ~*~*~tactically~*~*~ (hiding).
 30661 | Swamp:4  | 30661 ||| INVOKING Heroism.
 30662 | Swamp:4  | 30662 ||| Stepping ~*~*~tactically~*~*~ (hiding).
 30681 | Swamp:4  | 30681 ||| Stepping ~*~*~tactically~*~*~ (hiding).
 30692 | Swamp:4  | 30692 ||| Stepping ~*~*~tactically~*~*~ (stealth).
 30698 | Swamp:4  | Reached skill level 16 in Fighting
 30774 | Swamp:4  | 30774 ||| Stepping ~*~*~tactically~*~*~ (stealth).
 30775 | Swamp:4  | 30775 ||| Stepping ~*~*~tactically~*~*~ (stealth).
 30776 | Swamp:4  | 30776 ||| Stepping ~*~*~tactically~*~*~ (stealth).
 30850 | Swamp:4  | 30850 ||| Stepping ~*~*~tactically~*~*~ (stealth).
 30851 | Swamp:4  | 30851 ||| Stepping ~*~*~tactically~*~*~ (stealth).
 30854 | Swamp:4  | 30854 ||| Stepping ~*~*~tactically~*~*~ (stealth).
 30855 | Swamp:4  | 30855 ||| Stepping ~*~*~tactically~*~*~ (stealth).
 30857 | Swamp:4  | 30857 ||| INVOKING Heroism.
 30915 | Swamp:4  | 30915 ||| Stepping ~*~*~tactically~*~*~ (stealth).
 30933 | Swamp:4  | 30933 ||| Stepping ~*~*~tactically~*~*~ (stealth).
 30934 | Swamp:4  | 30934 ||| Stepping ~*~*~tactically~*~*~ (stealth).
 30957 | Swamp:4  | 30957 ||| Stepping ~*~*~tactically~*~*~ (stealth).
 30958 | Swamp:4  | 30958 ||| Stepping ~*~*~tactically~*~*~ (stealth).
 31043 | Swamp:4  | 31043 ||| INVOKING Heroism.
 31074 | Swamp:4  | Identified the +8 tower shield of Suck {rElec rPois Will++
                  | Regen+} (Okawaru gifted it to you on level 4 of the Swamp)
 31074 | Swamp:4  | Received a gift from Okawaru
 31086 | Swamp:4  | Got a decaying rune of Zot
 31117 | Swamp:4  | 31117 ||| INVOKING Heroism.
 31118 | Swamp:4  | 31118 ||| Stepping ~*~*~tactically~*~*~ (stealth).
 31138 | Swamp:4  | Reached skill level 17 in Fighting
 31232 | Swamp:4  | 31232 ||| INVOKING Heroism.
 31276 | Swamp:4  | 31276 ||| PLANNING VAULTS:1-4
 31276 | Swamp:4  | 31276 ||| UPGRADING to +8 tower shield of Suck {rElec rPois
                  | Will++ Regen+}.
 31286 | Swamp:4  | 31286 ||| DROPPING +0 kite shield.
 31510 | Vaults:1 | Entered Level 1 of the Vaults
 31515 | Vaults:1 | 31515 ||| INVOKING Heroism.
 31595 | Vaults:1 | 31595 ||| Stepping ~*~*~tactically~*~*~ (stealth).
 31598 | Vaults:1 | 31598 ||| Stepping ~*~*~tactically~*~*~ (hiding).
 31635 | Vaults:1 | 31635 ||| Stepping ~*~*~tactically~*~*~ (stealth).
 31709 | Vaults:1 | 31709 ||| Stepping ~*~*~tactically~*~*~ (hiding).
 31716 | Vaults:1 | 31716 ||| INVOKING Heroism.
 31766 | Vaults:1 | Found Poazuun's Antique Armour Boutique.
 31772 | Vaults:1 | 31772 ||| SHOPLISTING crystal plate armour (2640 gold, have
                  | 732).
 31772 | Vaults:1 | 31772 ||| BUYING pair of runed gloves (247 gold).
 31772 | Vaults:1 | Bought a pair of runed gloves for 247 gold pieces
 31811 | Vaults:1 | Found Fushruqo's Jewellery Shop.
 31813 | Vaults:1 | 31813 ||| INVOKING Heroism.
 31838 | Vaults:1 | 31838 ||| BUYING +4 ring of protection (396 gold).
 31838 | Vaults:1 | Bought a +4 ring of protection for 396 gold pieces
 31907 | Vaults:1 | 31907 ||| INVOKING Heroism.
 31940 | Vaults:1 | 31940 ||| INVOKING Heroism.
 31982 | Vaults:1 | 31982 ||| Stepping ~*~*~tactically~*~*~ (hiding).
 32095 | Vaults:1 | 32095 ||| Stepping ~*~*~tactically~*~*~ (hiding).
 32183 | Vaults:1 | 32183 ||| Stepping ~*~*~tactically~*~*~ (hiding).
 32184 | Vaults:1 | 32184 ||| Stepping ~*~*~tactically~*~*~ (stealth).
 32200 | Vaults:1 | 32200 ||| Stepping ~*~*~tactically~*~*~ (hiding).
 32209 | Vaults:1 | 32209 ||| INVOKING Heroism.
 32213 | Vaults:1 | 32213 ||| Stepping ~*~*~tactically~*~*~ (hiding).
 32335 | Vaults:1 | 32335 ||| Stepping ~*~*~tactically~*~*~ (stealth).
 32367 | Vaults:1 | Received a gift from Okawaru
 32415 | Vaults:1 | 32415 ||| Stepping ~*~*~tactically~*~*~ (stealth).
 32417 | Vaults:1 | 32417 ||| INVOKING Heroism.
 32418 | Vaults:1 | 32418 ||| INVOKING Finesse.
 32426 | Vaults:1 | 32426 ||| Stepping ~*~*~tactically~*~*~ (hiding).
 32445 | Vaults:1 | 32445 ||| Stepping ~*~*~tactically~*~*~ (stealth).
 32463 | Vaults:1 | 32463 ||| Stepping ~*~*~tactically~*~*~ (hiding).
 32466 | Vaults:1 | 32466 ||| INVOKING Heroism.
 32477 | Vaults:1 | Identified the +3 ring mail of Weirdness {rC+ Str-2 Int+3}
                  | (Okawaru gifted it to you on level 1 of the Vaults)
 32477 | Vaults:1 | Received a gift from Okawaru
 32479 | Vaults:1 | 32479 ||| INVOKING Finesse.
 32495 | Vaults:1 | Reached XP level 19. HP: 98/128 MP: 20/26
 32509 | Vaults:1 | Reached skill level 18 in Shields
 32561 | Vaults:1 | 32561 ||| Stepping ~*~*~tactically~*~*~ (hiding).
 32569 | Vaults:1 | 32569 ||| INVOKING Heroism.
 32615 | Vaults:1 | 32615 ||| Stepping ~*~*~tactically~*~*~ (hiding).
 32630 | Vaults:1 | 32630 ||| Stepping ~*~*~tactically~*~*~ (hiding).
 32653 | Vaults:1 | 32653 ||| Stepping ~*~*~tactically~*~*~ (hiding).
 32667 | Vaults:1 | 32667 ||| Stepping ~*~*~tactically~*~*~ (stealth).
 32672 | Vaults:1 | 32672 ||| Stepping ~*~*~tactically~*~*~ (stealth).
 32674 | Vaults:1 | 32674 ||| INVOKING Heroism.
 32849 | Vaults:1 | 32849 ||| INVOKING Heroism.
 32890 | Vaults:1 | 32890 ||| INVOKING Heroism.
 32891 | Vaults:1 | 32891 ||| INVOKING Finesse.
 32985 | Vaults:1 | 32985 ||| DROPPING +2 pair of gloves of hurling.
 32986 | Vaults:1 | 32986 ||| DROPPING +6 ring of strength.
 33017 | Vaults:2 | 33017 ||| INVOKING Finesse.
 33084 | Vaults:2 | 33084 ||| Stepping ~*~*~tactically~*~*~ (stealth).
 33087 | Vaults:2 | 33087 ||| INVOKING Heroism.
 33137 | Vaults:2 | 33137 ||| INVOKING Finesse.
 33139 | Vaults:2 | 33139 ||| INVOKING Heroism.
 33158 | Vaults:2 | 33158 ||| Stepping ~*~*~tactically~*~*~ (hiding).
 33169 | Vaults:2 | 33169 ||| INVOKING Heroism.
 33176 | Vaults:2 | 33176 ||| Stepping ~*~*~tactically~*~*~ (hiding).
 33209 | Vaults:2 | 33209 ||| Stepping ~*~*~tactically~*~*~ (stealth).
 33288 | Vaults:2 | 33288 ||| INVOKING Heroism.
 33388 | Vaults:2 | Received a gift from Okawaru
 33470 | Vaults:2 | 33470 ||| Stepping ~*~*~tactically~*~*~ (hiding).
 33497 | Vaults:2 | 33497 ||| INVOKING Heroism.
 33498 | Vaults:2 | 33498 ||| INVOKING Finesse.
 33604 | Vaults:2 | 33604 ||| Stepping ~*~*~tactically~*~*~ (hiding).
 33635 | Vaults:2 | Received a gift from Okawaru
 33666 | Vaults:2 | 33666 ||| Stepping ~*~*~tactically~*~*~ (stealth).
 33667 | Vaults:2 | 33667 ||| Stepping ~*~*~tactically~*~*~ (stealth).
 33677 | Vaults:2 | 33677 ||| Stepping ~*~*~tactically~*~*~ (stealth).
 33678 | Vaults:2 | 33678 ||| Stepping ~*~*~tactically~*~*~ (stealth).
 33695 | Vaults:2 | 33695 ||| Stepping ~*~*~tactically~*~*~ (hiding).
 34136 | Vaults:2 | 34136 ||| FLEEEEING.
 34137 | Vaults:2 | 34137 ||| FLEEEEING.
 34150 | Vaults:2 | 34150 ||| INVOKING Heroism.
 34166 | Vaults:2 | Identified the +5 executioner's axe of Guleviof {freeze,
                  | rC+ Will++} (Okawaru gifted it to you on level 2 of the
                  | Vaults)
 34166 | Vaults:2 | Received a gift from Okawaru
 34193 | Vaults:2 | 34193 ||| Stepping ~*~*~tactically~*~*~ (stealth).
 34194 | Vaults:2 | 34194 ||| Stepping ~*~*~tactically~*~*~ (stealth).
 34199 | Vaults:2 | 34199 ||| Stepping ~*~*~tactically~*~*~ (hiding).
 34200 | Vaults:2 | 34200 ||| Stepping ~*~*~tactically~*~*~ (hiding).
 34202 | Vaults:2 | 34202 ||| Stepping ~*~*~tactically~*~*~ (hiding).
 34216 | Vaults:2 | 34216 ||| Stepping ~*~*~tactically~*~*~ (hiding).
 34221 | Vaults:2 | 34221 ||| INVOKING Heroism.
 34225 | Vaults:2 | 34225 ||| INVOKING Finesse.
 34284 | Vaults:2 | 34284 ||| Stepping ~*~*~tactically~*~*~ (stealth).
 34364 | Abyss:3  | Cast into level 3 of the Abyss (orc knight)
 34403 | Abyss:4  | 34403 ||| Stepping ~*~*~tactically~*~*~ (hiding).
 34404 | Abyss:4  | 34404 ||| Stepping ~*~*~tactically~*~*~ (hiding).
 34405 | Abyss:4  | 34405 ||| Stepping ~*~*~tactically~*~*~ (hiding).
 34406 | Abyss:4  | 34406 ||| Stepping ~*~*~tactically~*~*~ (hiding).
 34417 | Abyss:4  | 34417 ||| INVOKING Heroism.
 34451 | Abyss:4  | 34451 ||| INVOKING Heroism.
 34497 | Abyss:4  | 34497 ||| Stepping ~*~*~tactically~*~*~ (stealth).
 34510 | Abyss:4  | 34510 ||| Stepping ~*~*~tactically~*~*~ (stealth).
 34512 | Abyss:4  | 34512 ||| Stepping ~*~*~tactically~*~*~ (stealth).
 34524 | Abyss:4  | 34524 ||| Stepping ~*~*~tactically~*~*~ (hiding).
 34551 | Abyss:4  | 34551 ||| Stepping ~*~*~tactically~*~*~ (hiding).
 34553 | Abyss:4  | 34553 ||| INVOKING Heroism.
 34572 | Abyss:4  | Gained mutation: You are weak. (Str -2) [a neqoxec]
 34576 | Abyss:4  | Gained mutation: You are frail. (-10% HP) [a neqoxec]
 34587 | Abyss:4  | 34587 ||| Stepping ~*~*~tactically~*~*~ (cloud).
 34588 | Abyss:4  | 34588 ||| Stepping ~*~*~tactically~*~*~ (hiding).
 34589 | Abyss:4  | 34589 ||| DRINKING 4 potions of mutation.
 34589 | Abyss:4  | Lost mutation: You are weak. (Str -2) [potion of mutation]
 34589 | Abyss:4  | Lost mutation: You are frail. (-10% HP) [potion of
                  | mutation]
 34589 | Abyss:4  | Gained mutation: Your muscles are strong. (Str +4, Int/Dex
                  | -1) [potion of mutation]
 34592 | Abyss:4  | 34592 ||| Stepping randomly (cloudy).
 34593 | Abyss:4  | 34593 ||| Stepping randomly (cloudy).
 34595 | Abyss:4  | 34595 ||| Stepping ~*~*~tactically~*~*~ (cloud).
 34596 | Abyss:4  | 34596 ||| Stepping randomly (cloudy).
 34597 | Abyss:4  | 34597 ||| Stepping ~*~*~tactically~*~*~ (cloud).
 34601 | Abyss:4  | 34601 ||| Stepping ~*~*~tactically~*~*~ (stealth).
 34602 | Abyss:4  | 34602 ||| Stepping ~*~*~tactically~*~*~ (stealth).
 34607 | Abyss:4  | 34607 ||| Stepping ~*~*~tactically~*~*~ (stealth).
 34613 | Abyss:4  | 34613 ||| Stepping ~*~*~tactically~*~*~ (stealth).
 34628 | Abyss:4  | 34628 ||| Stepping ~*~*~tactically~*~*~ (stealth).
 34637 | Abyss:4  | Reached skill level 18 in Fighting
 34674 | Abyss:4  | 34674 ||| Stepping ~*~*~tactically~*~*~ (stealth).
 34675 | Abyss:4  | 34675 ||| Stepping ~*~*~tactically~*~*~ (stealth).
 34676 | Abyss:4  | 34676 ||| Stepping ~*~*~tactically~*~*~ (stealth).
 34702 | Abyss:4  | 34702 ||| Stepping ~*~*~tactically~*~*~ (stealth).
 34726 | Abyss:4  | 34726 ||| INVOKING Heroism.
 34729 | Abyss:4  | 34729 ||| Stepping ~*~*~tactically~*~*~ (hiding).
 34757 | Abyss:4  | Reached XP level 20. HP: 136/136 MP: 27/27
 34759 | Vaults:2 | Escaped the Abyss
 34765 | Vaults:2 | 34765 ||| Stepping ~*~*~tactically~*~*~ (hiding).
 34830 | Vaults:2 | 34830 ||| Stepping ~*~*~tactically~*~*~ (stealth).
 34869 | Vaults:2 | 34869 ||| Stepping ~*~*~tactically~*~*~ (hiding).
 35100 | Vaults:2 | 35100 ||| DROPPING +0 plate armour.
 35101 | Vaults:2 | 35101 ||| UPGRADING to +3 plate armour of willpower.
 35111 | Vaults:2 | 35111 ||| DROPPING +3 chain mail of willpower.
 35169 | Vaults:3 | 35169 ||| Stepping ~*~*~tactically~*~*~ (stealth).
 35172 | Vaults:3 | 35172 ||| Stepping ~*~*~tactically~*~*~ (stealth).
 35239 | Vaults:3 | 35239 ||| INVOKING Heroism.
 35374 | Vaults:3 | 35374 ||| INVOKING Heroism.
 35461 | Vaults:3 | 35461 ||| INVOKING Heroism.
 35479 | Vaults:3 | Received a gift from Okawaru
 35536 | Vaults:3 | 35536 ||| Stepping ~*~*~tactically~*~*~ (hiding).
 35537 | Vaults:3 | 35537 ||| Stepping ~*~*~tactically~*~*~ (hiding).
 35547 | Vaults:3 | Reached skill level 15 in Armour
 35631 | Vaults:3 | 35631 ||| Stepping ~*~*~tactically~*~*~ (hiding).
 35643 | Vaults:3 | 35643 ||| FLEEEEING.
 35644 | Vaults:3 | 35644 ||| FLEEEEING.
 35645 | Vaults:3 | 35645 ||| FLEEEEING.
 35646 | Vaults:3 | 35646 ||| FLEEEEING.
 35647 | Vaults:3 | 35647 ||| FLEEEEING.
 35648 | Vaults:3 | 35648 ||| FLEEEEING.
 35649 | Vaults:3 | 35649 ||| FLEEEEING.
 35650 | Vaults:3 | 35650 ||| FLEEEEING.
 35651 | Vaults:3 | 35651 ||| FLEEEEING.
 35652 | Vaults:3 | 35652 ||| FLEEEEING.
 35653 | Vaults:3 | 35653 ||| FLEEEEING.
 35655 | Vaults:3 | 35655 ||| FLEEEEING.
 35656 | Vaults:3 | 35656 ||| FLEEEEING.
 35657 | Vaults:3 | 35657 ||| FLEEEEING.
 35658 | Vaults:3 | 35658 ||| FLEEEEING.
 35659 | Vaults:3 | 35659 ||| FLEEEEING.
 35660 | Vaults:3 | 35660 ||| FLEEEEING.
 35661 | Vaults:3 | 35661 ||| FLEEEEING.
 35662 | Vaults:3 | 35662 ||| FLEEEEING.
 35663 | Vaults:3 | 35663 ||| FLEEEEING.
 35664 | Vaults:3 | 35664 ||| FLEEEEING.
 35665 | Vaults:3 | 35665 ||| FLEEEEING.
 35666 | Vaults:3 | 35666 ||| FLEEEEING.
 35667 | Vaults:3 | 35667 ||| FLEEEEING.
 35668 | Vaults:3 | 35668 ||| FLEEEEING.
 35669 | Vaults:3 | 35669 ||| FLEEEEING.
 35670 | Vaults:3 | 35670 ||| FLEEEEING.
 35672 | Vaults:3 | 35672 ||| FLEEEEING.
 35673 | Vaults:3 | 35673 ||| FLEEEEING.
 35674 | Vaults:3 | 35674 ||| FLEEEEING.
 35675 | Vaults:3 | 35675 ||| FLEEEEING.
 35676 | Vaults:3 | 35676 ||| FLEEEEING.
 35677 | Vaults:3 | 35677 ||| FLEEEEING.
 35678 | Vaults:3 | 35678 ||| FLEEEEING.
 35679 | Vaults:3 | 35679 ||| FLEEEEING.
 35680 | Vaults:3 | 35680 ||| FLEEEEING.
 35681 | Vaults:3 | 35681 ||| STAIRDANCE
 35685 | Vaults:3 | 35685 ||| STAIRDANCE
 35696 | Vaults:3 | 35696 ||| STAIRDANCE
 35705 | Vaults:3 | 35705 ||| STAIRDANCE
 35714 | Vaults:3 | 35714 ||| STAIRDANCE
 35722 | Vaults:3 | 35722 ||| STAIRDANCE
 35775 | Vaults:3 | 35775 ||| Stepping ~*~*~tactically~*~*~ (stealth).
 35778 | Vaults:3 | 35778 ||| Stepping ~*~*~tactically~*~*~ (stealth).
 35780 | Vaults:3 | 35780 ||| Stepping ~*~*~tactically~*~*~ (hiding).
 35844 | Vaults:3 | Found a staircase to the Crypt.
 35932 | Vaults:3 | 35932 ||| Stepping ~*~*~tactically~*~*~ (hiding).
 35942 | Vaults:3 | 35942 ||| Stepping ~*~*~tactically~*~*~ (hiding).
 36146 | Vaults:3 | Noticed Boris
 36147 | Vaults:3 | 36147 ||| INVOKING Heroism.
 36148 | Vaults:3 | 36148 ||| INVOKING Finesse.
 36164 | Vaults:3 | Killed Boris
 36215 | Vaults:3 | 36215 ||| Stepping ~*~*~tactically~*~*~ (hiding).
 36216 | Vaults:3 | 36216 ||| Stepping ~*~*~tactically~*~*~ (hiding).
 36419 | Vaults:3 | 36419 ||| Stepping ~*~*~tactically~*~*~ (hiding).
 36427 | Vaults:3 | 36427 ||| Stepping ~*~*~tactically~*~*~ (hiding).
 36448 | Vaults:3 | 36448 ||| INVOKING Heroism.
 36793 | Vaults:4 | 36793 ||| PLANNING DESOLATION
 36793 | Vaults:4 | 36793 ||| INVOKING Heroism.
 36794 | Vaults:4 | 36794 ||| STAIRDANCE
 36832 | Vaults:4 | 36832 ||| Stepping ~*~*~tactically~*~*~ (hiding).
 36864 | Vaults:4 | 36864 ||| Stepping ~*~*~tactically~*~*~ (stealth).
 36866 | Vaults:4 | 36866 ||| Stepping ~*~*~tactically~*~*~ (stealth).
 36868 | Vaults:4 | 36868 ||| INVOKING Heroism.
 36910 | Vaults:4 | 36910 ||| Stepping ~*~*~tactically~*~*~ (hiding).
 36925 | Vaults:4 | 36925 ||| Stepping ~*~*~tactically~*~*~ (hiding).
 37062 | Vaults:4 | Found a portal to a secret trove of treasure.
 37110 | Vaults:4 | 37110 ||| INVOKING Heroism.
 37139 | Vaults:4 | Found a crumbling gateway.
 37149 | Vaults:4 | Noticed Boris
 37150 | Vaults:4 | 37150 ||| Stepping ~*~*~tactically~*~*~ (hiding).
 37151 | Vaults:4 | 37151 ||| Stepping ~*~*~tactically~*~*~ (hiding).
 37152 | Vaults:4 | 37152 ||| INVOKING Finesse.
 37162 | Vaults:4 | 37162 ||| INVOKING Heroism.
 37163 | Vaults:4 | Killed Boris
 37163 | Vaults:4 | Received a gift from Okawaru
 37178 | Desolati | Entered the Desolation of Salt
 37241 | Desolati | 37241 ||| INVOKING Heroism.
 37273 | Desolati | Identified the ring of the Manifold Friends {Slay+2 SInv}
 37274 | Desolati | 37274 ||| Stepping ~*~*~tactically~*~*~ (hiding).
 37277 | Desolati | 37277 ||| Stepping ~*~*~tactically~*~*~ (hiding).
 37288 | Desolati | 37288 ||| INVOKING Heroism.
 37358 | Desolati | Identified the amulet "Zarepp" {RegenMP +Blink Str+4}
 37362 | Desolati | Identified the +1 helmet of Entitlement {Int+2}
 37412 | Desolati | 37412 ||| Stepping ~*~*~tactically~*~*~ (hiding).
 37418 | Desolati | 37418 ||| INVOKING Heroism.
 37439 | Desolati | Received a gift from Okawaru
 37453 | Desolati | Reached skill level 19 in Fighting
 37488 | Desolati | 37488 ||| INVOKING Heroism.
 37544 | Desolati | Received a gift from Okawaru
 37557 | Desolati | Found the +5 demon whip "Spellbinder" {antimagic, Will+}
 37566 | Desolati | 37566 ||| Stepping ~*~*~tactically~*~*~ (stealth).
 37594 | Desolati | Reached XP level 21. HP: 133/144 MP: 28/28
 37623 | Desolati | Identified the ring of Departure {Fire Slay+2}
 37643 | Desolati | 37643 ||| INVOKING Heroism.
 37722 | Desolati | Identified the +5 great sword of Jouvie {protect, rElec
                  | Int+2 Dex+2}
 37726 | Desolati | 37726 ||| DROPPING +2 broad axe of flaming.
 37727 | Desolati | Identified the +8 quick blade of Royalism {freeze, rF+
                  | Will+ Dex-5 SInv}
 37919 | Desolati | 37919 ||| UPGRADING to +1 helmet of Entitlement {Int+2}.
 37929 | Desolati | 37929 ||| DROPPING +2 hat.
 37930 | Desolati | 37930 ||| DROPPING amulet "Zarepp" {RegenMP +Blink Str+4}.
 37931 | Desolati | 37931 ||| UPGRADING to ring of the Manifold Friends {Slay+2
                  | SInv}.
 37933 | Desolati | 37933 ||| DROPPING +6 ring of intelligence.
 37934 | Desolati | 37934 ||| DROPPING ring of fire.
 37935 | Desolati | 37935 ||| DROPPING ring of see invisible.
 37982 | Vaults:4 | 37982 ||| PLANNING VAULTS:1-4
 38049 | Vaults:4 | 38049 ||| INVOKING Heroism.
 38061 | Vaults:4 | 38061 ||| INVOKING Finesse.
 38082 | Vaults:4 | 38082 ||| Stepping ~*~*~tactically~*~*~ (hiding).
 38086 | Vaults:4 | 38086 ||| Stepping ~*~*~tactically~*~*~ (hiding).
 38099 | Vaults:4 | 38099 ||| INVOKING Heroism.
 38102 | Vaults:4 | Noticed Bai Suzhen
 38113 | Vaults:4 | Reached skill level 18 in Armour
 38133 | Vaults:4 | Killed Bai Suzhen
 38168 | Vaults:4 | 38168 ||| Stepping ~*~*~tactically~*~*~ (hiding).
 38172 | Vaults:4 | 38172 ||| INVOKING Heroism.
 38173 | Vaults:4 | 38173 ||| INVOKING Finesse.
 38184 | Vaults:4 | Reached skill level 9 in Dodging
 38186 | Vaults:4 | 38186 ||| Stepping ~*~*~tactically~*~*~ (hiding).
 38219 | Vaults:4 | 38219 ||| Stepping ~*~*~tactically~*~*~ (stealth).
 38231 | Vaults:4 | 38231 ||| INVOKING Heroism.
 38245 | Vaults:4 | Received a gift from Okawaru
 38252 | Vaults:4 | 38252 ||| Stepping ~*~*~tactically~*~*~ (stealth).
 38254 | Vaults:4 | 38254 ||| Stepping ~*~*~tactically~*~*~ (hiding).
 38270 | Vaults:4 | 38270 ||| INVOKING Heroism.
 38277 | Vaults:4 | 38277 ||| Stepping ~*~*~tactically~*~*~ (hiding).
 38304 | Vaults:4 | 38304 ||| INVOKING Finesse.
 38328 | Vaults:4 | Identified the +12 executioner's axe of Daxeol Woah
                  | {vorpal, Int+2}
 38360 | Vaults:4 | 38360 ||| Stepping ~*~*~tactically~*~*~ (stealth).
 38361 | Vaults:4 | 38361 ||| Stepping ~*~*~tactically~*~*~ (stealth).
 38362 | Vaults:4 | 38362 ||| INVOKING Heroism.
 38429 | Vaults:4 | 38429 ||| Stepping ~*~*~tactically~*~*~ (stealth).
 38434 | Vaults:4 | 38434 ||| INVOKING Heroism.
 38441 | Vaults:4 | 38441 ||| Stepping ~*~*~tactically~*~*~ (hiding).
 38445 | Vaults:4 | 38445 ||| INVOKING Finesse.
 38572 | Vaults:4 | 38572 ||| Stepping ~*~*~tactically~*~*~ (stealth).
 38711 | Vaults:4 | 38711 ||| PLANNING SNAKE:4
 39038 | Snake:4  | Entered Level 4 of the Snake Pit
 39040 | Snake:4  | 39040 ||| Stepping ~*~*~tactically~*~*~ (stealth).
 39044 | Snake:4  | 39044 ||| INVOKING Heroism.
 39103 | Snake:4  | Found Fifeown's Distillery.
 39108 | Snake:4  | Found Huad's Book Shoppe.
 39111 | Snake:4  | 39111 ||| BUYING potion of curing (42 gold).
 39111 | Snake:4  | Bought a potion of curing for 42 gold pieces
 39111 | Snake:4  | 39111 ||| BUYING potion of curing (42 gold).
 39111 | Snake:4  | Bought a potion of curing for 42 gold pieces
 39111 | Snake:4  | 39111 ||| BUYING potion of curing (42 gold).
 39111 | Snake:4  | Bought a potion of curing for 42 gold pieces
 39111 | Snake:4  | 39111 ||| BUYING potion of curing (42 gold).
 39111 | Snake:4  | Bought a potion of curing for 42 gold pieces
 39111 | Snake:4  | 39111 ||| BUYING potion of curing (42 gold).
 39111 | Snake:4  | Bought a potion of curing for 42 gold pieces
 39111 | Snake:4  | 39111 ||| BUYING potion of haste (140 gold).
 39111 | Snake:4  | Bought a potion of haste for 140 gold pieces
 39111 | Snake:4  | 39111 ||| BUYING potion of lignification (42 gold).
 39111 | Snake:4  | Bought a potion of lignification for 42 gold pieces
 39111 | Snake:4  | 39111 ||| BUYING potion of might (56 gold).
 39111 | Snake:4  | Bought a potion of might for 56 gold pieces
 39111 | Snake:4  | 39111 ||| BUYING potion of mutation (112 gold).
 39111 | Snake:4  | Bought a potion of mutation for 112 gold pieces
 39114 | Snake:4  | 39114 ||| Stepping ~*~*~tactically~*~*~ (stealth).
 39120 | Snake:4  | 39120 ||| Stepping ~*~*~tactically~*~*~ (hiding).
 39122 | Snake:4  | 39122 ||| Stepping ~*~*~tactically~*~*~ (stealth).
 39123 | Snake:4  | 39123 ||| Stepping ~*~*~tactically~*~*~ (stealth).
 39127 | Snake:4  | 39127 ||| Stepping ~*~*~tactically~*~*~ (stealth).
 39128 | Snake:4  | 39128 ||| Stepping ~*~*~tactically~*~*~ (stealth).
 39130 | Snake:4  | 39130 ||| Stepping ~*~*~tactically~*~*~ (stealth).
 39132 | Snake:4  | 39132 ||| Stepping ~*~*~tactically~*~*~ (hiding).
 39145 | Snake:4  | 39145 ||| Stepping ~*~*~tactically~*~*~ (stealth).
 39152 | Snake:4  | 39152 ||| Stepping ~*~*~tactically~*~*~ (stealth).
 39154 | Snake:4  | 39154 ||| Stepping ~*~*~tactically~*~*~ (hiding).
 39155 | Snake:4  | 39155 ||| Stepping ~*~*~tactically~*~*~ (hiding).
 39156 | Snake:4  | 39156 ||| Stepping ~*~*~tactically~*~*~ (hiding).
 39188 | Snake:4  | 39188 ||| Stepping ~*~*~tactically~*~*~ (hiding).
 39189 | Snake:4  | 39189 ||| Stepping ~*~*~tactically~*~*~ (hiding).
 39190 | Snake:4  | 39190 ||| Stepping ~*~*~tactically~*~*~ (hiding).
 39326 | Snake:4  | 39326 ||| Stepping ~*~*~tactically~*~*~ (hiding).
 39332 | Snake:4  | Noticed Vashnia
 39333 | Snake:4  | 39333 ||| INVOKING Heroism.
 39364 | Snake:4  | Killed Vashnia
 39364 | Snake:4  | Received a gift from Okawaru
 39367 | Snake:4  | 39367 ||| Stepping ~*~*~tactically~*~*~ (hiding).
 39399 | Snake:4  | 39399 ||| FLEEEEING.
 39401 | Snake:4  | 39401 ||| FLEEEEING.
 39407 | Snake:4  | 39407 ||| STAIRDANCE
 39679 | Snake:4  | 39679 ||| Stepping ~*~*~tactically~*~*~ (hiding).
 39699 | Snake:4  | 39699 ||| INVOKING Heroism.
 39718 | Snake:4  | Identified the +1 sling of Toig {venom, Int+4 SInv}
                  | (Okawaru gifted it to you on level 4 of the Snake Pit)
 39718 | Snake:4  | Received a gift from Okawaru
 39726 | Snake:4  | 39726 ||| Stepping ~*~*~tactically~*~*~ (hiding).
 39824 | Snake:4  | 39824 ||| Stepping ~*~*~tactically~*~*~ (hiding).
 39849 | Snake:4  | 39849 ||| Stepping ~*~*~tactically~*~*~ (stealth).
 39924 | Snake:4  | 39924 ||| Stepping ~*~*~tactically~*~*~ (stealth).
 39926 | Snake:4  | 39926 ||| Stepping ~*~*~tactically~*~*~ (hiding).
 39929 | Snake:4  | 39929 ||| INVOKING Heroism.
 39978 | Snake:4  | 39978 ||| Stepping ~*~*~tactically~*~*~ (hiding).
 39981 | Snake:4  | 39981 ||| Stepping ~*~*~tactically~*~*~ (hiding).
 39985 | Snake:4  | 39985 ||| INVOKING Heroism.
 40000 | Snake:4  | 40000 ||| Stepping ~*~*~tactically~*~*~ (hiding).
 40002 | Snake:4  | 40002 ||| Stepping ~*~*~tactically~*~*~ (hiding).
 40004 | Snake:4  | 40004 ||| Stepping ~*~*~tactically~*~*~ (hiding).
 40020 | Snake:4  | 40020 ||| Stepping ~*~*~tactically~*~*~ (stealth).
 40048 | Snake:4  | 40048 ||| INVOKING Heroism.
 40073 | Snake:4  | 40073 ||| Stepping ~*~*~tactically~*~*~ (hiding).
 40089 | Snake:4  | 40089 ||| Stepping ~*~*~tactically~*~*~ (stealth).
 40106 | Snake:4  | Got a serpentine rune of Zot
 40137 | Snake:4  | 40137 ||| Stepping ~*~*~tactically~*~*~ (hiding).
 40140 | Snake:4  | 40140 ||| INVOKING Heroism.
 40143 | Snake:4  | 40143 ||| Stepping ~*~*~tactically~*~*~ (hiding).
 40148 | Snake:4  | 40148 ||| Stepping ~*~*~tactically~*~*~ (hiding).
 40169 | Snake:4  | 40169 ||| Stepping ~*~*~tactically~*~*~ (hiding).
 40181 | Snake:4  | Reached XP level 22. HP: 152/152 MP: 29/29
 40262 | Snake:4  | 40262 ||| Stepping ~*~*~tactically~*~*~ (hiding).
 40347 | Snake:4  | 40347 ||| Stepping ~*~*~tactically~*~*~ (stealth).
 40355 | Snake:4  | Reached skill level 20 in Fighting
 40364 | Snake:4  | 40364 ||| PLANNING DEPTHS
 40614 | Depths:1 | Entered Level 1 of the Depths
 40615 | Depths:1 | 40615 ||| INVOKING Heroism.
 40616 | Depths:1 | 40616 ||| INVOKING Finesse.
 40633 | Depths:1 | Identified the +9 flail "Seczim" {vamp, rCorr Str+6 Int-3}
                  | (Okawaru gifted it to you on level 1 of the Depths)
 40633 | Depths:1 | Received a gift from Okawaru
 40739 | Depths:1 | 40739 ||| INVOKING Heroism.
 40740 | Depths:1 | 40740 ||| INVOKING Finesse.
 40788 | Depths:1 | 40788 ||| INVOKING Heroism.
 40795 | Depths:1 | 40795 ||| INVOKING Finesse.
 40874 | Depths:1 | Found a white marble altar of Elyvilon.
 41115 | Depths:1 | Noticed Boris
 41116 | Depths:1 | 41116 ||| INVOKING Heroism.
 41117 | Depths:1 | 41117 ||| INVOKING Finesse.
 41136 | Depths:1 | Killed Boris
 41262 | Depths:1 | 41262 ||| DROPPING scarf of harm.
 41284 | Depths:2 | 41284 ||| INVOKING Finesse.
 41287 | Depths:2 | 41287 ||| INVOKING Heroism.
 41350 | Depths:2 | 41350 ||| Stepping ~*~*~tactically~*~*~ (hiding).
 41352 | Depths:2 | 41352 ||| INVOKING Heroism.
 41437 | Depths:2 | 41437 ||| INVOKING Heroism.
 41438 | Depths:2 | 41438 ||| INVOKING Finesse.
 41487 | Depths:2 | 41487 ||| Stepping ~*~*~tactically~*~*~ (hiding).
 41493 | Depths:2 | 41493 ||| Stepping ~*~*~tactically~*~*~ (stealth).
 41519 | Depths:2 | Reached skill level 21 in Shields
 41538 | Depths:2 | 41538 ||| INVOKING Heroism.
 41539 | Depths:2 | 41539 ||| INVOKING Finesse.
 41548 | Depths:2 | 41548 ||| Stepping ~*~*~tactically~*~*~ (hiding).
 41549 | Depths:2 | 41549 ||| Stepping ~*~*~tactically~*~*~ (hiding).
 41630 | Depths:2 | 41630 ||| INVOKING Heroism.
 41668 | Depths:2 | 41668 ||| Stepping ~*~*~tactically~*~*~ (hiding).
 41675 | Depths:2 | Received a gift from Okawaru
 41811 | Depths:2 | 41811 ||| Stepping ~*~*~tactically~*~*~ (hiding).
 41817 | Depths:2 | 41817 ||| INVOKING Heroism.
 41818 | Depths:2 | 41818 ||| INVOKING Finesse.
 41819 | Depths:2 | 41819 ||| Stepping ~*~*~tactically~*~*~ (hiding).
 41868 | Depths:2 | Found a one-way gateway to a ziggurat.
 41915 | Depths:2 | Found a one-way gate leading to the halls of Pandemonium.
 42027 | Depths:2 | 42027 ||| Stepping ~*~*~tactically~*~*~ (stealth).
 42036 | Depths:2 | 42036 ||| Stepping ~*~*~tactically~*~*~ (hiding).
 42039 | Depths:2 | 42039 ||| Stepping ~*~*~tactically~*~*~ (hiding).
 42040 | Depths:2 | 42040 ||| Stepping ~*~*~tactically~*~*~ (hiding).
 42041 | Depths:2 | 42041 ||| INVOKING Heroism.
 42108 | Depths:2 | 42108 ||| Stepping ~*~*~tactically~*~*~ (stealth).
 42164 | Depths:2 | 42164 ||| Stepping ~*~*~tactically~*~*~ (hiding).
 42165 | Depths:2 | 42165 ||| Stepping ~*~*~tactically~*~*~ (stealth).
 42166 | Depths:2 | 42166 ||| Stepping ~*~*~tactically~*~*~ (hiding).
 42168 | Depths:2 | 42168 ||| Stepping ~*~*~tactically~*~*~ (hiding).
 42169 | Depths:2 | 42169 ||| Stepping ~*~*~tactically~*~*~ (hiding).
 42171 | Depths:2 | 42171 ||| INVOKING Heroism.
 42174 | Depths:2 | 42174 ||| INVOKING Finesse.
 42176 | Depths:2 | 42176 ||| INVOKING Finesse.
 42180 | Depths:2 | Reached skill level 21 in Fighting
 42260 | Depths:2 | 42260 ||| INVOKING Heroism.
 42274 | Depths:2 | Found the necklace of Bloodlust {*Rage Will++ Int-3 Slay+6}
 42315 | Depths:2 | Found a one-way gate to the infinite horrors of the Abyss.
 42329 | Depths:2 | 42329 ||| Stepping ~*~*~tactically~*~*~ (hiding).
 42333 | Depths:2 | 42333 ||| INVOKING Heroism.
 42334 | Depths:2 | 42334 ||| INVOKING Finesse.
 42342 | Depths:2 | Reached skill level 12 in Throwing
 42427 | Depths:2 | 42427 ||| Stepping ~*~*~tactically~*~*~ (stealth).
 42429 | Depths:2 | 42429 ||| INVOKING Heroism.
 42430 | Depths:2 | 42430 ||| INVOKING Finesse.
 42486 | Depths:2 | 42486 ||| Stepping ~*~*~tactically~*~*~ (stealth).
 42487 | Depths:2 | 42487 ||| INVOKING Heroism.
 42596 | Depths:3 | 42596 ||| INVOKING Heroism.
 42613 | Depths:3 | Received a gift from Okawaru
 42651 | Depths:3 | 42651 ||| Stepping ~*~*~tactically~*~*~ (hiding).
 42652 | Depths:3 | 42652 ||| Stepping ~*~*~tactically~*~*~ (hiding).
 42655 | Depths:3 | 42655 ||| INVOKING Heroism.
 42681 | Depths:3 | Reached XP level 23. HP: 160/160 MP: 30/30
 42685 | Depths:3 | 42685 ||| INVOKING Heroism.
 42697 | Depths:3 | Found a gateway to a bazaar.
 42698 | Depths:3 | 42698 ||| PLANNING BAZAAR
 42699 | Depths:3 | 42699 ||| INVOKING Heroism.
 42715 | Depths:3 | 42715 ||| Stepping ~*~*~tactically~*~*~ (hiding).
 42716 | Depths:3 | 42716 ||| Stepping ~*~*~tactically~*~*~ (hiding).
 42751 | Bazaar   | Entered a bazaar
 42751 | Bazaar   | Found Muginuwu's General Store.
 42754 | Bazaar   | Found Laczive's Weapon Shoppe.
 42759 | Bazaar   | 42759 ||| BUYING +1 plate armour of Contumacious Mirth
                  | {Harm *Corrode rElec Str+8} (478 gold).
 42759 | Bazaar   | Bought the +1 plate armour of Contumacious Mirth {Harm
                  | *Corrode rElec Str+8} for 478 gold pieces
 42759 | Bazaar   | 42759 ||| BUYING scroll of brand weapon (85 gold).
 42759 | Bazaar   | Bought a scroll of brand weapon for 85 gold pieces
 42778 | Bazaar   | Found Rion's Antique Weapon Emporium.
 42782 | Bazaar   | Found Joihiok Efae's Armour Shoppe.
 42790 | Bazaar   | 42790 ||| BUYING +2 cloak (165 gold).
 42790 | Bazaar   | Bought a +2 cloak for 165 gold pieces
 42799 | Bazaar   | Found Cifoy's Antique Armour Shop.
 42805 | Bazaar   | 42805 ||| BUYING pair of glowing boots (180 gold).
 42805 | Bazaar   | Bought a pair of glowing boots for 180 gold pieces
 42805 | Bazaar   | 42805 ||| BUYING pair of heavily runed gloves (228 gold).
 42805 | Bazaar   | Bought a pair of heavily runed gloves for 228 gold pieces
 42805 | Bazaar   | Identified the +0 pair of gloves of Twilight {rN+ Will+}
                  | (You bought it in a shop in a bazaar)
 42805 | Bazaar   | 42805 ||| UPGRADING to +2 cloak.
 42815 | Bazaar   | 42815 ||| DROPPING +0 cloak.
 42816 | Bazaar   | 42816 ||| DROPPING +0 pair of boots of stealth.
 42828 | Depths:3 | 42828 ||| PLANNING DEPTHS
 42848 | Depths:3 | 42848 ||| Stepping ~*~*~tactically~*~*~ (stealth).
 42880 | Depths:3 | Identified the +3 scale mail of the Slorg {rElec} (Okawaru
                  | gifted it to you on level 3 of the Depths)
 42880 | Depths:3 | Received a gift from Okawaru
 42910 | Depths:3 | 42910 ||| Stepping ~*~*~tactically~*~*~ (hiding).
 42912 | Depths:3 | 42912 ||| INVOKING Heroism.
 42913 | Depths:3 | 42913 ||| INVOKING Finesse.
 42953 | Depths:3 | 42953 ||| Stepping ~*~*~tactically~*~*~ (hiding).
 43041 | Depths:3 | 43041 ||| Stepping ~*~*~tactically~*~*~ (stealth).
 43052 | Depths:3 | 43052 ||| INVOKING Heroism.
 43099 | Depths:3 | Noticed Parghit
 43100 | Depths:3 | 43100 ||| INVOKING Heroism.
 43101 | Depths:3 | 43101 ||| INVOKING Finesse.
 43114 | Abyss:4  | Cast into level 4 of the Abyss (hell knight)
 43135 | Abyss:4  | 43135 ||| INVOKING Heroism.
 43187 | Abyss:4  | 43187 ||| Stepping ~*~*~tactically~*~*~ (hiding).
 43195 | Depths:3 | Escaped the Abyss
 43196 | Depths:3 | 43196 ||| INVOKING Heroism.
 43197 | Depths:3 | 43197 ||| INVOKING Finesse.
 43263 | Depths:3 | Killed Parghit
 43273 | Depths:3 | 43273 ||| Stepping ~*~*~tactically~*~*~ (hiding).
 43651 | Depths:3 | 43651 ||| UPGRADING to +6 gold dragon scales.
 43661 | Depths:3 | 43661 ||| DROPPING +3 plate armour of willpower.
 43662 | Depths:3 | 43662 ||| DROPPING +1 plate armour of Contumacious Mirth
                  | {Harm *Corrode rElec Str+8}.
 43663 | Depths:3 | 43663 ||| UPGRADING to +0 pair of gloves of Twilight {rN+
                  | Will+}.
 43744 | Depths:3 | 43744 ||| STAIRDANCE
 43754 | Depths:3 | 43754 ||| STAIRDANCE
 43781 | Depths:3 | 43781 ||| STAIRDANCE
 43793 | Depths:3 | 43793 ||| STAIRDANCE
 43824 | Depths:3 | Reached skill level 21 in Armour
 43865 | Depths:3 | 43865 ||| Stepping ~*~*~tactically~*~*~ (hiding).
 43945 | Depths:3 | 43945 ||| Stepping ~*~*~tactically~*~*~ (hiding).
 43948 | Depths:3 | 43948 ||| INVOKING Heroism.
 43979 | Depths:3 | Noticed a royal mummy
 43980 | Depths:3 | 43980 ||| Stepping ~*~*~tactically~*~*~ (hiding).
 43981 | Depths:3 | 43981 ||| INVOKING Finesse.
 43991 | Depths:3 | Killed a royal mummy
 44039 | Depths:3 | 44039 ||| Stepping ~*~*~tactically~*~*~ (hiding).
 44043 | Depths:3 | 44043 ||| INVOKING Heroism.
 44046 | Depths:3 | Found the amulet of Vitality {RegenMP++ Regen++}
 44146 | Depths:3 | 44146 ||| DROPPING ring of positive energy.
 44187 | Depths:4 | Entered Level 4 of the Depths
 44188 | Depths:4 | 44188 ||| STAIRDANCE
 44196 | Depths:4 | 44196 ||| STAIRDANCE
 44217 | Depths:4 | Found a glowing silver altar of Zin.
 44294 | Depths:4 | 44294 ||| INVOKING Heroism.
 44383 | Depths:4 | 44383 ||| INVOKING Heroism.
 44405 | Depths:4 | 44405 ||| INVOKING Heroism.
 44424 | Depths:4 | 44424 ||| INVOKING Heroism.
 44691 | Depths:4 | Noticed a juggernaut
 44692 | Depths:4 | 44692 ||| INVOKING Heroism.
 44708 | Depths:4 | Killed a juggernaut
 44761 | Depths:4 | Noticed Mennas
 44762 | Depths:4 | 44762 ||| INVOKING Heroism.
 44804 | Depths:4 | Killed Mennas
 44855 | Depths:4 | 44855 ||| INVOKING Heroism.
 45005 | Depths:4 | 45005 ||| INVOKING Heroism.
 45062 | Depths:4 | Found a runed translucent door.
 45062 | Depths:4 | Found a runed translucent door.
 45144 | Depths:4 | Noticed a golden dragon
 45144 | Depths:4 | a fire giant changed into a golden dragon
 45147 | Depths:4 | a golden dragon changed into an iron dragon
 45199 | Depths:4 | Found a runed translucent door.
 45207 | Depths:4 | Received a gift from Okawaru
 45218 | Depths:4 | Found a runed translucent door.
 45222 | Depths:4 | 45222 ||| Stepping ~*~*~tactically~*~*~ (hiding).
 45227 | Depths:4 | 45227 ||| INVOKING Heroism.
 45366 | Depths:4 | 45366 ||| INVOKING Heroism.
 45378 | Depths:4 | 45378 ||| Stepping ~*~*~tactically~*~*~ (cloud).
 45384 | Depths:4 | Found a runed translucent door.
 45393 | Depths:4 | Found a runed translucent door.
 45402 | Depths:4 | Noticed a golden dragon
 45403 | Depths:4 | 45403 ||| Stepping ~*~*~tactically~*~*~ (hiding).
 45420 | Depths:4 | Reached skill level 22 in Fighting
 45422 | Depths:4 | Killed a golden dragon
 45436 | Depths:4 | Found a gate to the Realm of Zot.
 45685 | Depths:4 | 45685 ||| INVOKING Heroism.
 45729 | Depths:4 | 45729 ||| Stepping ~*~*~tactically~*~*~ (stealth).
 45762 | Depths:4 | Noticed Xtahua
 45763 | Depths:4 | 45763 ||| DRINKING 3 potions of resistance.
 45776 | Depths:4 | Killed Xtahua
 46037 | Depths:4 | 46037 ||| PLANNING VAULTS:5
 46037 | Depths:4 | 46037 ||| DROPPING ring of magical power.
 46311 | Vaults:5 | Entered Level 5 of the Vaults
 46312 | Vaults:5 | 46312 ||| STAIRDANCE
 46320 | Vaults:5 | 46320 ||| INVOKING Heroism.
 46325 | Vaults:5 | 46325 ||| INVOKING Finesse.
 46334 | Vaults:5 | Received a gift from Okawaru
 46335 | Vaults:5 | Reached XP level 24. HP: 168/168 MP: 24/30
 46335 | Vaults:5 | 46335 ||| STAIRDANCE
 46377 | Vaults:5 | 46377 ||| STAIRDANCE
 46408 | Vaults:5 | 46408 ||| STAIRDANCE
 46410 | Vaults:4 | 46410 ||| INVOKING Heroism.
 46427 | Vaults:5 | Noticed Boris
 46428 | Vaults:5 | 46428 ||| INVOKING Finesse.
 46435 | Vaults:5 | Received a gift from Okawaru
 46444 | Vaults:5 | 46444 ||| STAIRDANCE
 46471 | Vaults:5 | 46471 ||| STAIRDANCE
 46490 | Vaults:5 | 46490 ||| STAIRDANCE
 46490 | Vaults:5 | Noticed an ancient lich
 46492 | Vaults:4 | 46492 ||| INVOKING Heroism.
 46541 | Vaults:5 | 46541 ||| STAIRDANCE
 46557 | Vaults:5 | 46557 ||| STAIRDANCE
 46568 | Vaults:5 | 46568 ||| STAIRDANCE
 46582 | Vaults:5 | 46582 ||| STAIRDANCE
 46584 | Vaults:4 | 46584 ||| INVOKING Heroism.
 46599 | Vaults:5 | 46599 ||| STAIRDANCE
 46607 | Vaults:4 | Received a gift from Okawaru
 46622 | Vaults:5 | 46622 ||| STAIRDANCE
 46634 | Vaults:5 | 46634 ||| STAIRDANCE
 46636 | Vaults:4 | 46636 ||| INVOKING Finesse.
 46646 | Vaults:4 | 46646 ||| INVOKING Heroism.
 46676 | Vaults:5 | 46676 ||| INVOKING Heroism.
 46677 | Vaults:5 | 46677 ||| STAIRDANCE
 46688 | Vaults:4 | Reached skill level 23 in Fighting
 46702 | Vaults:5 | 46702 ||| STAIRDANCE
 46704 | Vaults:4 | 46704 ||| INVOKING Finesse.
 46712 | Vaults:4 | Killed Boris
 46738 | Vaults:5 | 46738 ||| STAIRDANCE
 46740 | Vaults:4 | 46740 ||| INVOKING Heroism.
 46746 | Vaults:4 | Killed an ancient lich
 46746 | Vaults:4 | Received a gift from Okawaru
 46761 | Vaults:5 | 46761 ||| STAIRDANCE
 46775 | Vaults:5 | 46775 ||| STAIRDANCE
 46775 | Vaults:5 | Noticed Frederick
 46776 | Vaults:5 | 46776 ||| INVOKING Finesse.
 46783 | Vaults:5 | Received a gift from Okawaru
 46792 | Vaults:5 | 46792 ||| INVOKING Heroism.
 46798 | Vaults:5 | Killed Frederick
 46805 | Vaults:5 | 46805 ||| STAIRDANCE
 46861 | Vaults:5 | 46861 ||| INVOKING Heroism.
 47052 | Vaults:5 | 47052 ||| Stepping ~*~*~tactically~*~*~ (stealth).
 47061 | Vaults:5 | Received a gift from Okawaru
 47135 | Vaults:5 | 47135 ||| Stepping ~*~*~tactically~*~*~ (hiding).
 47147 | Vaults:5 | 47147 ||| Stepping ~*~*~tactically~*~*~ (stealth).
 47148 | Vaults:5 | 47148 ||| Stepping ~*~*~tactically~*~*~ (stealth).
 47149 | Vaults:5 | 47149 ||| Stepping ~*~*~tactically~*~*~ (stealth).
 47192 | Vaults:5 | Got a silver rune of Zot
 47209 | Vaults:5 | 47209 ||| Stepping ~*~*~tactically~*~*~ (stealth).
 47211 | Vaults:5 | 47211 ||| Stepping ~*~*~tactically~*~*~ (stealth).
 47219 | Vaults:5 | 47219 ||| INVOKING Heroism.
 47294 | Vaults:5 | 47294 ||| Stepping ~*~*~tactically~*~*~ (stealth).
 47295 | Vaults:5 | 47295 ||| Stepping ~*~*~tactically~*~*~ (stealth).
 47298 | Vaults:5 | 47298 ||| Stepping ~*~*~tactically~*~*~ (stealth).
 47387 | Vaults:5 | 47387 ||| Stepping ~*~*~tactically~*~*~ (stealth).
 47389 | Vaults:5 | 47389 ||| Stepping ~*~*~tactically~*~*~ (hiding).
 47391 | Vaults:5 | 47391 ||| INVOKING Heroism.
 47421 | Vaults:5 | 47421 ||| Stepping ~*~*~tactically~*~*~ (hiding).
 47426 | Vaults:5 | 47426 ||| INVOKING Heroism.
 47432 | Vaults:5 | Reached skill level 24 in Fighting
 47456 | Vaults:5 | 47456 ||| INVOKING Finesse.
 47683 | Vaults:5 | 47683 ||| INVOKING Heroism.
 47718 | Vaults:5 | Reached XP level 25. HP: 178/178 MP: 30/30
 47804 | Vaults:5 | 47804 ||| Stepping ~*~*~tactically~*~*~ (hiding).
 47805 | Vaults:5 | 47805 ||| Stepping ~*~*~tactically~*~*~ (hiding).
 47824 | Vaults:5 | 47824 ||| Stepping ~*~*~tactically~*~*~ (stealth).
 47836 | Vaults:5 | Identified the +7 broad axe of Harmony {drain, rF+ Will+
                  | Str+3 Dex-2}
 47841 | Vaults:5 | Identified the +6 war axe of the Jolly Moons {vorpal,
                  | *Corrode rElec Str-4 Dex+5}
 47978 | Vaults:5 | 47978 ||| Stepping ~*~*~tactically~*~*~ (stealth).
 48093 | Vaults:5 | 48093 ||| Stepping ~*~*~tactically~*~*~ (stealth).
 48356 | Vaults:5 | 48356 ||| PLANNING SHOPPING SPREE
 48356 | Vaults:5 | 48356 ||| DROPPING +1 pair of gloves.
 48357 | Vaults:5 | 48357 ||| DROPPING +1 hat.
 48358 | Vaults:5 | 48358 ||| READING 31 scrolls of identify.
 48358 | Vaults:5 | 48358 ||| IDENTIFYING fuming purple potion
 48359 | Vaults:5 | 48359 ||| DROPPING potion of ambrosia.
 48718 | Snake:2  | 48718 ||| BUYING glowing crystal plate armour (2656 gold).
 48718 | Snake:2  | Bought a glowing crystal plate armour for 2656 gold pieces
 48718 | Snake:2  | 48718 ||| DROPPING +1 crystal plate armour.
 48719 | Snake:2  | 48719 ||| CLEARING SHOPPING LIST
 48719 | Snake:2  | 48719 ||| PLANNING ZOT
 48719 | Snake:2  | 48719 ||| READING 7 scrolls of teleportation.
 49045 | Depths:4 | 49045 ||| Stepping ~*~*~tactically~*~*~ (stealth).
 49078 | Zot:1    | Entered Level 1 of the Realm of Zot
 49079 | Zot:1    | 49079 ||| INVOKING Heroism.
 49084 | Zot:1    | Noticed an orb of fire
 49085 | Zot:1    | 49085 ||| DRINKING 2 potions of resistance.
 49086 | Zot:1    | 49086 ||| INVOKING Finesse.
 49114 | Zot:1    | Killed an orb of fire
 49114 | Zot:1    | Received a gift from Okawaru
 49124 | Zot:1    | 49124 ||| INVOKING Heroism.
 49179 | Zot:1    | 49179 ||| Stepping ~*~*~tactically~*~*~ (stealth).
 49181 | Zot:1    | 49181 ||| Stepping ~*~*~tactically~*~*~ (stealth).
 49188 | Zot:1    | 49188 ||| INVOKING Heroism.
 49234 | Zot:1    | Identified the +2 trident of Impermanence {venom, SInv}
 49326 | Zot:1    | 49326 ||| Stepping ~*~*~tactically~*~*~ (hiding).
 49367 | Zot:1    | Received a gift from Okawaru
 49425 | Zot:1    | 49425 ||| Stepping ~*~*~tactically~*~*~ (hiding).
 49432 | Zot:1    | Reached skill level 25 in Fighting
 49540 | Zot:1    | 49540 ||| Stepping ~*~*~tactically~*~*~ (stealth).
 49553 | Zot:1    | 49553 ||| INVOKING Heroism.
 49889 | Zot:1    | 49889 ||| INVOKING Heroism.
 49976 | Zot:1    | 49976 ||| INVOKING Heroism.
 50079 | Zot:1    | 50079 ||| INVOKING Heroism.
 50199 | Zot:2    | 50199 ||| Stepping ~*~*~tactically~*~*~ (hiding).
 50202 | Zot:2    | 50202 ||| INVOKING Heroism.
 50315 | Zot:2    | 50315 ||| Stepping ~*~*~tactically~*~*~ (hiding).
 50316 | Zot:2    | 50316 ||| Stepping ~*~*~tactically~*~*~ (hiding).
 50318 | Zot:2    | 50318 ||| INVOKING Heroism.
 50390 | Zot:2    | Received a gift from Okawaru
 50398 | Zot:2    | 50398 ||| Stepping ~*~*~tactically~*~*~ (hiding).
 50401 | Zot:2    | 50401 ||| Stepping ~*~*~tactically~*~*~ (hiding).
 50406 | Zot:2    | 50406 ||| INVOKING Heroism.
 50563 | Zot:2    | 50563 ||| Stepping ~*~*~tactically~*~*~ (stealth).
 50565 | Zot:2    | 50565 ||| Stepping ~*~*~tactically~*~*~ (stealth).
 50571 | Zot:2    | 50571 ||| INVOKING Heroism.
 50593 | Zot:2    | Received a gift from Okawaru
 50598 | Zot:2    | Reached skill level 15 in Throwing
 51129 | Zot:3    | 51129 ||| Stepping ~*~*~tactically~*~*~ (hiding).
 51140 | Zot:3    | 51140 ||| Stepping ~*~*~tactically~*~*~ (cloud).
 51182 | Zot:3    | 51182 ||| INVOKING Heroism.
 51213 | Zot:3    | Received a gift from Okawaru
 51245 | Zot:3    | Identified the +7 morningstar "Issizoe" {spect, rPois
                  | Str+3}
 51311 | Zot:3    | 51311 ||| Stepping ~*~*~tactically~*~*~ (hiding).
 51316 | Zot:3    | 51316 ||| INVOKING Heroism.
 51363 | Zot:3    | 51363 ||| INVOKING Heroism.
 51468 | Zot:3    | Received a gift from Okawaru
 51517 | Zot:3    | 51517 ||| Stepping ~*~*~tactically~*~*~ (hiding).
 51518 | Zot:3    | 51518 ||| Stepping ~*~*~tactically~*~*~ (hiding).
 51522 | Zot:3    | 51522 ||| Stepping ~*~*~tactically~*~*~ (hiding).
 51591 | Zot:3    | 51591 ||| Stepping ~*~*~tactically~*~*~ (hiding).
 51659 | Zot:3    | 51659 ||| INVOKING Heroism.
 51750 | Zot:3    | 51750 ||| FLEEEEING.
 51751 | Zot:3    | 51751 ||| FLEEEEING.
 51752 | Zot:3    | 51752 ||| FLEEEEING.
 51763 | Zot:3    | 51763 ||| Stepping ~*~*~tactically~*~*~ (hiding).
 51766 | Zot:3    | 51766 ||| INVOKING Heroism.
 51861 | Zot:3    | 51861 ||| INVOKING Heroism.
 51866 | Zot:3    | Reached skill level 26 in Fighting
 52102 | Zot:4    | 52102 ||| INVOKING Heroism.
 52106 | Zot:4    | 52106 ||| INVOKING Finesse.
 52115 | Zot:4    | Reached XP level 26. HP: 190/190 MP: 24/30
 52129 | Zot:4    | Noticed a Killer Klown
 52178 | Zot:4    | 52178 ||| STAIRDANCE
 52194 | Zot:4    | 52194 ||| STAIRDANCE
 52206 | Zot:4    | 52206 ||| STAIRDANCE
 52210 | Zot:4    | 52210 ||| STAIRDANCE
 52212 | Zot:3    | 52212 ||| INVOKING Heroism.
 52248 | Zot:4    | 52248 ||| STAIRDANCE
 52255 | Zot:4    | 52255 ||| STAIRDANCE
 52257 | Zot:3    | 52257 ||| INVOKING Heroism.
 52258 | Zot:3    | 52258 ||| INVOKING Finesse.
 52268 | Zot:3    | Killed a Killer Klown
 52268 | Zot:3    | Received a gift from Okawaru
 52367 | Zot:4    | Identified the +1 chain mail of Failure {rPois rN+ Stlth+}
 52476 | Zot:4    | Noticed a Killer Klown
 52477 | Zot:4    | 52477 ||| Stepping ~*~*~tactically~*~*~ (hiding).
 52478 | Zot:4    | 52478 ||| Stepping ~*~*~tactically~*~*~ (hiding).
 52479 | Zot:4    | 52479 ||| INVOKING Heroism.
 52480 | Zot:4    | 52480 ||| INVOKING Finesse.
 52490 | Zot:4    | 52490 ||| Stepping ~*~*~tactically~*~*~ (hiding).
 52493 | Zot:4    | 52493 ||| Stepping ~*~*~tactically~*~*~ (hiding).
 52503 | Zot:4    | Killed a Killer Klown
 52632 | Zot:4    | 52632 ||| INVOKING Heroism.
 52895 | Zot:4    | 52895 ||| Stepping ~*~*~tactically~*~*~ (stealth).
 52897 | Zot:4    | 52897 ||| INVOKING Heroism.
 52954 | Zot:4    | 52954 ||| INVOKING Heroism.
 52970 | Zot:4    | Identified the +4 kite shield "Foabum" {rC+ Regen+ Dex+7
                  | Stlth-} (Okawaru gifted it to you on level 4 of the Realm
                  | of Zot)
 52970 | Zot:4    | Received a gift from Okawaru
 53012 | Zot:4    | 53012 ||| Stepping ~*~*~tactically~*~*~ (stealth).
 53194 | Zot:4    | Identified the +9 scimitar of Strategic Superiority
                  | {vorpal, rF+ rN+ rCorr Int-3}
 53195 | Zot:4    | 53195 ||| Stepping ~*~*~tactically~*~*~ (hiding).
 53196 | Zot:4    | 53196 ||| Stepping ~*~*~tactically~*~*~ (hiding).
 53271 | Zot:4    | 53271 ||| Stepping ~*~*~tactically~*~*~ (stealth).
 53358 | Zot:4    | Noticed a dread lich
 53359 | Zot:4    | 53359 ||| INVOKING Heroism.
 53361 | Zot:4    | 53361 ||| INVOKING Finesse.
 53370 | Zot:4    | Killed a dread lich
 53371 | Zot:4    | Reached skill level 27 in Fighting
 53513 | Zot:4    | Identified the +3 robe of the Endless Expanse {rN+ rCorr
                  | Dex+2 Archmagi}
 53818 | Zot:4    | 53818 ||| DROPPING amulet of faith.
 53869 | Zot:5    | Entered Level 5 of the Realm of Zot
 53869 | Zot:5    | Noticed qw's ghost (veteran MiBe)
 53869 | Zot:5    | Found a transporter.
 53872 | Zot:5    | Noticed a shard shrike
 53876 | Zot:5    | Found a transporter.
 53877 | Zot:5    | Found a transporter.
 54048 | Zot:5    | 54048 ||| INVOKING Heroism.
 54078 | Zot:5    | Found a transporter.
 54080 | Zot:5    | Found a transporter.
 54117 | Zot:5    | Noticed a shard shrike
 54179 | Zot:5    | Found a transporter.
 54180 | Zot:5    | Found a transporter.
 54227 | Zot:5    | 54227 ||| INVOKING Heroism.
 54271 | Zot:5    | 54271 ||| Stepping ~*~*~tactically~*~*~ (stealth).
 54289 | Zot:5    | 54289 ||| Stepping ~*~*~tactically~*~*~ (stealth).
 54303 | Zot:5    | Noticed an ancient lich
 54304 | Zot:5    | 54304 ||| INVOKING Finesse.
 54309 | Zot:5    | Noticed an ancient lich
 54315 | Zot:5    | 54315 ||| INVOKING Heroism.
 54318 | Zot:5    | Killed an ancient lich
 54322 | Zot:5    | Noticed an orb of fire
 54323 | Zot:5    | 54323 ||| DRINKING 2 potions of resistance.
 54329 | Zot:5    | Killed an ancient lich
 54330 | Zot:5    | Noticed an ancient lich
 54345 | Zot:5    | Killed an orb of fire
 54354 | Zot:5    | Noticed a dread lich
 54359 | Zot:5    | Killed an ancient lich
 54381 | Zot:5    | Killed a dread lich
 54382 | Zot:5    | 54382 ||| Stepping ~*~*~tactically~*~*~ (hiding).
 54391 | Zot:5    | Noticed a dread lich
 54392 | Zot:5    | 54392 ||| INVOKING Finesse.
 54395 | Zot:5    | 54395 ||| INVOKING Heroism.
 54395 | Zot:5    | Noticed a Killer Klown
 54398 | Zot:5    | Noticed an ancient lich
 54406 | Zot:5    | Reached skill level 12 in Dodging
 54415 | Zot:5    | Killed an ancient lich
 54415 | Zot:5    | Identified the +5 crystal plate armour of Xiked {Int+4}
                  | (Okawaru gifted it to you on level 5 of the Realm of Zot)
 54415 | Zot:5    | Received a gift from Okawaru
 54415 | Zot:5    | Killed a dread lich
 54429 | Zot:5    | 54429 ||| Stepping ~*~*~tactically~*~*~ (hiding).
 54437 | Zot:5    | 54437 ||| INVOKING Finesse.
 54438 | Zot:5    | 54438 ||| Stepping ~*~*~tactically~*~*~ (hiding).
 54440 | Zot:5    | 54440 ||| Stepping ~*~*~tactically~*~*~ (hiding).
 54443 | Zot:5    | Killed a Killer Klown
 54544 | Zot:5    | 54544 ||| Stepping ~*~*~tactically~*~*~ (stealth).
 54552 | Zot:5    | Reached XP level 27. HP: 199/199 MP: 31/31
 54604 | Zot:5    | Noticed a dread lich
 54605 | Zot:5    | 54605 ||| INVOKING Heroism.
 54605 | Zot:5    | Noticed a dread lich
 54606 | Zot:5    | 54606 ||| INVOKING Finesse.
 54606 | Zot:5    | Noticed an orb of fire
 54607 | Zot:5    | 54607 ||| DRINKING potion of resistance.
 54613 | Zot:5    | Noticed a dread lich
 54614 | Zot:5    | Killed a dread lich
 54626 | Zot:5    | Killed a dread lich
 54628 | Zot:5    | Gained mutation: Your body sometimes deteriorates upon
                  | taking damage. [an orb of fire]
 54631 | Zot:5    | Killed an orb of fire
 54636 | Zot:5    | Noticed an ancient lich
 54639 | Zot:5    | Noticed a dread lich
 54661 | Zot:5    | Killed an ancient lich
 54664 | Zot:5    | Killed a dread lich
 54665 | Zot:5    | Killed a dread lich
 54803 | Zot:5    | 54803 ||| INVOKING Heroism.
 54804 | Zot:5    | 54804 ||| INVOKING Finesse.
 55054 | Zot:5    | Found a transporter.
 55080 | Zot:5    | 55080 ||| PLANNING CONVERSION TO THE SHINING ONE
 55580 | Temple   | Fell from the grace of Okawaru
 55580 | Temple   | Became a worshipper of the Shining One
 55581 | Temple   | 55581 ||| PLANNING CRYPT
 55581 | Temple   | 55581 ||| DROPPING +7 broad axe of Harmony {drain, rF+
                  | Will+ Str+3 Dex-2}.
 55871 | Vaults:3 | 55871 ||| SWAPPING to +0 hand axe.
 55874 | Vaults:3 | 55874 ||| Stepping ~*~*~tactically~*~*~ (hiding).
 55892 | Vaults:3 | 55892 ||| DROPPING +10 war axe of Havoc {vamp, Fly rElec
                  | Str+2}.
 55893 | Vaults:3 | 55893 ||| READING 3 scrolls of brand weapon.
 55893 | Vaults:3 | 55893 ||| BRANDING +0 hand axe.
 55894 | Vaults:3 | 55894 ||| READING 2 scrolls of brand weapon.
 55894 | Vaults:3 | 55894 ||| BRANDING +0 hand axe of protection.
 55895 | Vaults:3 | 55895 ||| READING scroll of brand weapon.
 55895 | Vaults:3 | 55895 ||| BRANDING +0 hand axe of flaming.
 55896 | Vaults:3 | 55896 ||| READING 4 scrolls of enchant weapon.
 55896 | Vaults:3 | 55896 ||| ENCHANTING +0 vorpal hand axe.
 55897 | Vaults:3 | 55897 ||| READING 3 scrolls of enchant weapon.
 55897 | Vaults:3 | 55897 ||| ENCHANTING +1 vorpal hand axe.
 55898 | Vaults:3 | 55898 ||| READING 2 scrolls of enchant weapon.
 55898 | Vaults:3 | 55898 ||| ENCHANTING +2 vorpal hand axe.
 55899 | Vaults:3 | 55899 ||| READING scroll of enchant weapon.
 55899 | Vaults:3 | 55899 ||| ENCHANTING +3 vorpal hand axe.
 55974 | Vaults:3 | 55974 ||| SWAPPING to +0 broad axe.
 55975 | Vaults:3 | 55975 ||| DROPPING +4 vorpal hand axe.
 56036 | Crypt:1  | Entered Level 1 of the Crypt
 56063 | Crypt:1  | Reached * piety under the Shining One
 56087 | Crypt:1  | 56087 ||| Stepping ~*~*~tactically~*~*~ (stealth).
 56253 | Crypt:1  | Noticed Vv
 56254 | Crypt:1  | 56254 ||| DRINKING potion of resistance.
 56297 | Crypt:1  | Killed Vv
 56329 | Crypt:1  | 56329 ||| Stepping ~*~*~tactically~*~*~ (stealth).
 56331 | Crypt:1  | 56331 ||| Stepping ~*~*~tactically~*~*~ (stealth).
 56332 | Crypt:1  | 56332 ||| Stepping ~*~*~tactically~*~*~ (stealth).
 56334 | Crypt:1  | 56334 ||| Stepping ~*~*~tactically~*~*~ (stealth).
 56335 | Crypt:1  | 56335 ||| Stepping ~*~*~tactically~*~*~ (stealth).
 56440 | Crypt:1  | Reached ** piety under the Shining One
 56450 | Crypt:1  | Noticed an ancient lich
 56464 | Crypt:1  | Reached *** piety under the Shining One
 56474 | Crypt:1  | Killed an ancient lich
 56502 | Crypt:1  | Reached **** piety under the Shining One
 56659 | Crypt:1  | 56659 ||| READING scroll of enchant weapon.
 56659 | Crypt:1  | 56659 ||| ENCHANTING +0 broad axe.
 56902 | Crypt:1  | 56902 ||| UPGRADING to +4 ring of protection.
 56904 | Crypt:1  | 56904 ||| DROPPING ring of the Manifold Friends {Slay+2
                  | SInv}.
 56934 | Crypt:2  | Reached skill level 18 in Axes
 56934 | Crypt:2  | 56934 ||| INVOKING Cleansing Flame.
 56935 | Crypt:2  | Reached skill level 12 in Invocations
 56971 | Crypt:2  | Reached ***** piety under the Shining One
 56982 | Crypt:2  | 56982 ||| Stepping ~*~*~tactically~*~*~ (hiding).
 57030 | Crypt:2  | Noticed a royal mummy
 57033 | Crypt:2  | Noticed Teduw's ghost (veteran MiGl)
 57066 | Crypt:2  | Identified the ring of Leaves {rPois SInv}
 57184 | Crypt:2  | Identified the +7 triple crossbow of Jog Moir {elec, rC+
                  | Int+6}
 57261 | Crypt:2  | Found a transporter.
 57283 | Crypt:2  | 57283 ||| Stepping ~*~*~tactically~*~*~ (hiding).
 57465 | Crypt:2  | Found a transporter.
 57469 | Crypt:2  | Found an ancient bone altar of Kikubaaqudgha.
 57517 | Crypt:2  | 57517 ||| INVOKING Summon Divine Warrior.
 57719 | Crypt:2  | 57719 ||| DROPPING ring of Leaves {rPois SInv}.
 57753 | Crypt:3  | Entered Level 3 of the Crypt
 57885 | Crypt:3  | Reached ****** piety under the Shining One
 57902 | Crypt:3  | 57902 ||| INVOKING Cleansing Flame.
 57927 | Crypt:3  | 57927 ||| INVOKING Brand Weapon With Holy Wrath.
 57927 | Crypt:3  | Identified a +3 broad axe of holy wrath (a +1 broad axe
                  | blessed by the Shining One)
 57927 | Crypt:3  | Received a gift from the Shining One
 57948 | Crypt:3  | Found a basalt altar of Yredelemnul.
 58049 | Crypt:3  | 58049 ||| Stepping ~*~*~tactically~*~*~ (hiding).
 58050 | Crypt:3  | 58050 ||| Stepping ~*~*~tactically~*~*~ (hiding).
 58051 | Crypt:3  | 58051 ||| Stepping ~*~*~tactically~*~*~ (hiding).
 58114 | Crypt:3  | 58114 ||| Stepping ~*~*~tactically~*~*~ (stealth).
 58122 | Crypt:3  | 58122 ||| Stepping ~*~*~tactically~*~*~ (hiding).
 58145 | Crypt:3  | Reached skill level 15 in Invocations
 58259 | Crypt:3  | Identified the +1 robe "Qamec" {-Tele Regen+ Dex+9 Slay-5}
 58373 | Crypt:3  | 58373 ||| Stepping ~*~*~tactically~*~*~ (stealth).
 58397 | Crypt:3  | 58397 ||| FLEEEEING.
 58400 | Crypt:3  | 58400 ||| FLEEEEING.
 58401 | Crypt:3  | 58401 ||| FLEEEEING.
 58442 | Crypt:3  | Found a staircase to the Tomb.
 58660 | Crypt:3  | 58660 ||| Stepping ~*~*~tactically~*~*~ (hiding).
 58662 | Crypt:3  | 58662 ||| INVOKING Summon Divine Warrior.
 58663 | Crypt:3  | 58663 ||| INVOKING Cleansing Flame.
 58664 | Crypt:3  | 58664 ||| INVOKING Cleansing Flame.
 58740 | Crypt:3  | Identified the amulet "Hyekitiu" {Regen+ rCorr Str+3}
 58740 | Crypt:3  | Identified the amulet of the Solstice {Regen+ Str+3 Slay+3}
 58740 | Crypt:3  | Identified the ring "Qirarofa" {rN+ Will++ Str+5 Int-3}
 58814 | Crypt:3  | 58814 ||| INVOKING Cleansing Flame.
 58858 | Crypt:3  | 58858 ||| READING scroll of enchant weapon.
 58858 | Crypt:3  | 58858 ||| ENCHANTING +3 broad axe of holy wrath.
 58897 | Crypt:3  | 58897 ||| INVOKING Cleansing Flame.
 58976 | Crypt:3  | 58976 ||| PLANNING TOMB
 58976 | Crypt:3  | 58976 ||| DROPPING amulet of regeneration.
 58977 | Crypt:3  | 58977 ||| UPGRADING to amulet "Hyekitiu" {Regen+ rCorr
                  | Str+3}.
 58987 | Crypt:3  | 58987 ||| DROPPING amulet of reflection.
 58988 | Crypt:3  | 58988 ||| UPGRADING to amulet of the Solstice {Regen+ Str+3
                  | Slay+3}.
 59018 | Crypt:3  | 59018 ||| DROPPING amulet "Hyekitiu" {Regen+ rCorr Str+3}.
 59019 | Crypt:3  | 59019 ||| DROPPING 9 silver boomerangs.
 59020 | Crypt:3  | 59020 ||| DROPPING boomerang of dispersal.
 59021 | Crypt:3  | 59021 ||| DROPPING 34 boomerangs.
 59098 | Tomb:1   | Entered Level 1 of the Tomb of the Ancients
 59249 | Tomb:1   | 59249 ||| INVOKING Cleansing Flame.
 59250 | Tomb:1   | 59250 ||| INVOKING Cleansing Flame.
 59251 | Tomb:1   | 59251 ||| INVOKING Cleansing Flame.
 59258 | Tomb:1   | 59258 ||| INVOKING Summon Divine Warrior.
 59260 | Tomb:1   | 59260 ||| INVOKING Cleansing Flame.
 59487 | Tomb:1   | 59487 ||| INVOKING Cleansing Flame.
 59488 | Tomb:1   | 59488 ||| INVOKING Cleansing Flame.
 59575 | Tomb:1   | Gained mutation: Your mind is acute. (Int +4, Str/Dex -1)
                  | [mutagenic glow]
 59588 | Tomb:1   | Gained mutation: Armour fits poorly on your strangely
                  | shaped body. [mutagenic glow]
 59608 | Tomb:1   | Gained mutation: You are clumsy. (Dex -2) [mutagenic glow]
 59609 | Tomb:1   | 59609 ||| DRINKING 11 potions of mutation.
 59609 | Tomb:1   | Lost mutation: Your muscles are strong. (Str +4, Int/Dex
                  | -1) [potion of mutation]
 59609 | Tomb:1   | Lost mutation: Your mind is acute. (Int +4, Str/Dex -1)
                  | [potion of mutation]
 59609 | Tomb:1   | Lost mutation: You are clumsy. (Dex -2) [potion of
                  | mutation]
 59609 | Tomb:1   | Gained mutation: Your body often deteriorates upon taking
                  | damage. [potion of mutation]
 59609 | Tomb:1   | Gained mutation: You are covered in fur. (AC +1) [potion of
                  | mutation]
 59609 | Tomb:1   | Gained mutation: Your muscles are strong. (Str +4, Int/Dex
                  | -1) [potion of mutation]
 59610 | Tomb:1   | 59610 ||| DRINKING 10 potions of mutation.
 59610 | Tomb:1   | Lost mutation: Armour fits poorly on your strangely shaped
                  | body. [potion of mutation]
 59610 | Tomb:1   | Lost mutation: Your muscles are strong. (Str +4, Int/Dex
                  | -1) [potion of mutation]
 59610 | Tomb:1   | Lost mutation: Your body often deteriorates upon taking
                  | damage. [potion of mutation]
 59610 | Tomb:1   | Gained mutation: You have supernaturally acute eyesight.
                  | (SInv) [potion of mutation]
 59610 | Tomb:1   | Gained mutation: You passively dampen the noise of your
                  | surroundings. [potion of mutation]
 59610 | Tomb:1   | Gained mutation: You are dopey. (Int -2) [potion of
                  | mutation]
 59610 | Tomb:1   | Gained mutation: You are somewhat resistant to further
                  | mutation. [potion of mutation]
 59620 | Tomb:1   | 59620 ||| INVOKING Cleansing Flame.
 59628 | Tomb:1   | Lost mutation: You are somewhat resistant to further
                  | mutation. [mutagenic glow]
 59649 | Tomb:1   | Noticed a royal mummy
 59650 | Tomb:1   | 59650 ||| INVOKING Cleansing Flame.
 59655 | Tomb:1   | Killed a royal mummy
 59656 | Tomb:1   | 59656 ||| INVOKING Cleansing Flame.
 59757 | Tomb:1   | 59757 ||| INVOKING Cleansing Flame.
 59758 | Tomb:1   | 59758 ||| INVOKING Cleansing Flame.
 60113 | Tomb:2   | 60113 ||| DRINKING 8 potions of haste.
 60114 | Tomb:2   | 60114 ||| DRINKING 7 potions of attraction.
 60115 | Tomb:2   | 60115 ||| INVOKING Cleansing Flame.
 60117 | Tomb:2   | Noticed a royal mummy
 60118 | Tomb:2   | 60118 ||| INVOKING Summon Divine Warrior.
 60118 | Tomb:2   | Noticed a royal mummy
 60118 | Tomb:2   | Noticed a royal mummy
 60118 | Tomb:2   | Noticed a royal mummy
 60118 | Tomb:2   | Noticed a royal mummy
 60129 | Tomb:2   | 60129 ||| INVOKING Cleansing Flame.
 60129 | Tomb:2   | Killed a royal mummy
 60129 | Tomb:2   | Killed a royal mummy
 60132 | Tomb:2   | Killed a royal mummy
 60134 | Tomb:2   | Killed a royal mummy
 60134 | Tomb:2   | Killed a royal mummy
 60176 | Tomb:2   | Reached skill level 18 in Invocations
 60268 | Tomb:2   | 60268 ||| INVOKING Cleansing Flame.
 60269 | Tomb:2   | 60269 ||| INVOKING Cleansing Flame.
 60285 | Tomb:2   | 60285 ||| INVOKING Cleansing Flame.
 60412 | Tomb:2   | Identified the +6 short sword of Insufficient Pleasure
                  | {spect, +Blink Int+9 SInv Stlth-}
 60772 | Tomb:1   | Noticed a royal mummy
 60772 | Tomb:1   | Noticed a royal mummy
 60772 | Tomb:1   | Noticed a royal mummy
 60773 | Tomb:1   | 60773 ||| INVOKING Cleansing Flame.
 60774 | Tomb:1   | 60774 ||| INVOKING Summon Divine Warrior.
 60774 | Tomb:1   | Identified the +7 tower shield "Qoulum" {Rampage rC++ Str+2
                  | Stlth-}
 60782 | Tomb:1   | Killed a royal mummy
 60785 | Tomb:1   | Killed a royal mummy
 60788 | Tomb:1   | Killed a royal mummy
 60789 | Tomb:1   | 60789 ||| INVOKING Cleansing Flame.
 60796 | Tomb:1   | Noticed a royal mummy
 60802 | Tomb:1   | Killed a royal mummy
 60884 | Tomb:1   | Noticed a royal mummy
 60889 | Tomb:1   | 60889 ||| INVOKING Cleansing Flame.
 60890 | Tomb:1   | 60890 ||| INVOKING Cleansing Flame.
 60895 | Tomb:1   | Killed a royal mummy
 60947 | Tomb:1   | Noticed a royal mummy
 60950 | Tomb:1   | 60950 ||| INVOKING Cleansing Flame.
 60952 | Tomb:1   | Killed a royal mummy
 60958 | Tomb:1   | Noticed a royal mummy
 60960 | Tomb:1   | 60960 ||| INVOKING Cleansing Flame.
 60963 | Tomb:1   | Killed a royal mummy
 60995 | Tomb:1   | Noticed a royal mummy
 60999 | Tomb:1   | 60999 ||| INVOKING Cleansing Flame.
 61000 | Tomb:1   | 61000 ||| INVOKING Cleansing Flame.
 61001 | Tomb:1   | 61001 ||| INVOKING Cleansing Flame.
 61002 | Tomb:1   | 61002 ||| INVOKING Cleansing Flame.
 61002 | Tomb:1   | Killed a royal mummy
 61097 | Tomb:1   | Noticed a royal mummy
 61098 | Tomb:1   | Noticed a royal mummy
 61100 | Tomb:1   | 61100 ||| INVOKING Cleansing Flame.
 61100 | Tomb:1   | Noticed a royal mummy
 61101 | Tomb:1   | 61101 ||| INVOKING Cleansing Flame.
 61101 | Tomb:1   | Noticed a royal mummy
 61102 | Tomb:1   | 61102 ||| INVOKING Cleansing Flame.
 61105 | Tomb:1   | Killed a royal mummy
 61107 | Tomb:1   | Killed a royal mummy
 61111 | Tomb:1   | 61111 ||| INVOKING Summon Divine Warrior.
 61115 | Tomb:1   | 61115 ||| INVOKING Cleansing Flame.
 61116 | Tomb:1   | Killed a royal mummy
 61118 | Tomb:1   | 61118 ||| INVOKING Cleansing Flame.
 61119 | Tomb:1   | 61119 ||| INVOKING Cleansing Flame.
 61119 | Tomb:1   | Killed a royal mummy
 61226 | Tomb:1   | Noticed a royal mummy
 61231 | Tomb:1   | Killed a royal mummy
 61265 | Tomb:1   | Noticed a royal mummy
 61266 | Tomb:1   | Noticed a royal mummy
 61273 | Tomb:1   | Killed a royal mummy
 61274 | Tomb:1   | Killed a royal mummy
 61571 | Tomb:2   | 61571 ||| Stepping ~*~*~tactically~*~*~ (stealth).
 61586 | Tomb:2   | 61586 ||| INVOKING Cleansing Flame.
 61743 | Tomb:2   | 61743 ||| Stepping ~*~*~tactically~*~*~ (hiding).
 61747 | Tomb:2   | 61747 ||| INVOKING Summon Divine Warrior.
 61774 | Tomb:2   | Identified the +4 mace "Neyntean" {vorpal, rPois Int+5}
 61819 | Tomb:3   | Entered Level 3 of the Tomb of the Ancients
 61820 | Tomb:3   | 61820 ||| DRINKING 7 potions of haste.
 61821 | Tomb:3   | 61821 ||| DRINKING 6 potions of attraction.
 61937 | Tomb:3   | Noticed a royal mummy
 61937 | Tomb:3   | Noticed a royal mummy
 61938 | Tomb:3   | 61938 ||| INVOKING Summon Divine Warrior.
 61959 | Tomb:3   | 61959 ||| INVOKING Summon Divine Warrior.
 61964 | Tomb:3   | 61964 ||| INVOKING Cleansing Flame.
 61965 | Tomb:3   | 61965 ||| INVOKING Cleansing Flame.
 61965 | Tomb:3   | HP: 17/199 [ancient champion/iron shot (50)]
 61966 | Tomb:3   | 61966 ||| READING 12 scrolls of teleportation.
 61966 | Tomb:3   | Noticed a royal mummy
 61966 | Tomb:3   | Noticed a royal mummy
 61967 | Tomb:3   | 61967 ||| DRINKING 13 potions of heal wounds.
 61968 | Tomb:3   | 61968 ||| DRINKING 12 potions of heal wounds.
 61969 | Tomb:3   | 61969 ||| INVOKING Cleansing Flame.
 61970 | Tomb:3   | Reached skill level 21 in Invocations
 61970 | Tomb:3   | 61970 ||| INVOKING Summon Divine Warrior.
 61972 | Tomb:3   | 61972 ||| INVOKING Cleansing Flame.
 61973 | Tomb:3   | 61973 ||| INVOKING Cleansing Flame.
 61981 | Tomb:3   | Paralysed by a Zot trap for 3 turns
 61982 | Tomb:3   | HP: 39/199 [royal mummy/divine providence (12)]
 61984 | Tomb:3   | 61984 ||| READING 11 scrolls of teleportation.
 61985 | Tomb:3   | 61985 ||| DRINKING 11 potions of heal wounds.
 61986 | Tomb:3   | 61986 ||| INVOKING Cleansing Flame.
 61986 | Tomb:3   | Killed a royal mummy
 61987 | Tomb:3   | 61987 ||| READING 10 scrolls of teleportation.
 61987 | Tomb:3   | HP: 42/199 [??? (8)]
 61988 | Tomb:3   | 61988 ||| DRINKING 10 potions of heal wounds.
 61989 | Tomb:3   | 61989 ||| INVOKING Cleansing Flame.
 61991 | Tomb:3   | 61991 ||| INVOKING Cleansing Flame.
 61992 | Tomb:3   | 61992 ||| INVOKING Cleansing Flame.
 61993 | Tomb:3   | 61993 ||| INVOKING Cleansing Flame.
 61995 | Tomb:3   | 61995 ||| INVOKING Cleansing Flame.
 61995 | Tomb:3   | Killed a royal mummy
 61996 | Tomb:3   | Killed a royal mummy
 62007 | Tomb:3   | 62007 ||| INVOKING Cleansing Flame.
 62007 | Tomb:3   | Killed a royal mummy
 62009 | Tomb:3   | 62009 ||| INVOKING Summon Divine Warrior.
 62019 | Tomb:3   | 62019 ||| INVOKING Cleansing Flame.
 62376 | Tomb:3   | 62376 ||| DROPPING +1 war axe of freezing.
 62392 | Tomb:3   | Identified the +9 demon trident "Ihowaff" {elec, rC+ Str+4
                  | Stlth+}
 62445 | Tomb:3   | 62445 ||| INVOKING Cleansing Flame.
 62448 | Tomb:3   | 62448 ||| Stepping ~*~*~tactically~*~*~ (stealth).
 62454 | Tomb:3   | Noticed a royal mummy
 62455 | Tomb:3   | 62455 ||| INVOKING Summon Divine Warrior.
 62461 | Tomb:3   | 62461 ||| INVOKING Cleansing Flame.
 62461 | Tomb:3   | Noticed a royal mummy
 62462 | Tomb:3   | 62462 ||| INVOKING Cleansing Flame.
 62463 | Tomb:3   | 62463 ||| INVOKING Cleansing Flame.
 62464 | Tomb:3   | 62464 ||| INVOKING Cleansing Flame.
 62464 | Tomb:3   | Killed a royal mummy
 62465 | Tomb:3   | Noticed a royal mummy
 62471 | Tomb:3   | Killed a royal mummy
 62472 | Tomb:3   | 62472 ||| INVOKING Cleansing Flame.
 62474 | Tomb:3   | Killed a royal mummy
 62532 | Tomb:3   | Noticed a royal mummy
 62538 | Tomb:3   | 62538 ||| INVOKING Cleansing Flame.
 62539 | Tomb:3   | 62539 ||| INVOKING Cleansing Flame.
 62540 | Tomb:3   | Killed a royal mummy
 62733 | Tomb:3   | Got a golden rune of Zot
 62734 | Tomb:3   | 62734 ||| PLANNING ZIG
 62855 | Tomb:1   | Noticed a royal mummy
 62856 | Tomb:1   | 62856 ||| INVOKING Summon Divine Warrior.
 62863 | Tomb:1   | 62863 ||| INVOKING Summon Divine Warrior.
 62870 | Tomb:1   | Killed a royal mummy
 63280 | Depths:2 | 63280 ||| READING 12 scrolls of teleportation.
 63281 | Depths:2 | 63281 ||| STAIRDANCE
 63295 | Depths:2 | 63295 ||| READING 11 scrolls of teleportation.
 63296 | Depths:2 | 63296 ||| STAIRDANCE
 63319 | Depths:2 | 63319 ||| READING 10 scrolls of teleportation.
 63320 | Depths:2 | 63320 ||| STAIRDANCE
 63336 | Depths:2 | 63336 ||| READING 9 scrolls of teleportation.
 63337 | Depths:2 | 63337 ||| STAIRDANCE
 63350 | Depths:2 | 63350 ||| READING 8 scrolls of teleportation.
 63351 | Depths:2 | 63351 ||| STAIRDANCE
 63366 | Depths:2 | 63366 ||| READING 7 scrolls of teleportation.
 63367 | Depths:2 | 63367 ||| STAIRDANCE
 63392 | Depths:2 | 63392 ||| READING 6 scrolls of teleportation.
 63393 | Depths:2 | 63393 ||| STAIRDANCE
 63398 | Depths:2 | 63398 ||| READING 5 scrolls of teleportation.
 63399 | Depths:2 | 63399 ||| STAIRDANCE
 63409 | Depths:2 | 63409 ||| READING 4 scrolls of teleportation.
 63410 | Depths:2 | 63410 ||| STAIRDANCE
 63420 | Depths:2 | 63420 ||| READING 3 scrolls of teleportation.
 63421 | Depths:2 | 63421 ||| STAIRDANCE
 63445 | Depths:2 | 63445 ||| READING 2 scrolls of teleportation.
 63446 | Depths:2 | 63446 ||| STAIRDANCE
 63469 | Depths:2 | 63469 ||| READING scroll of teleportation.
 63470 | Depths:2 | 63470 ||| STAIRDANCE
 63489 | Depths:2 | 63489 ||| Stepping randomly (stuck).
 63490 | Depths:2 | 63490 ||| Stepping randomly (stuck).
 63491 | Depths:2 | 63491 ||| Stepping randomly (stuck).
 63492 | Depths:2 | 63492 ||| Stepping randomly (stuck).
 63493 | Depths:2 | 63493 ||| Stepping randomly (stuck).
 63494 | Depths:2 | 63494 ||| Stepping randomly (stuck).
 63495 | Depths:2 | 63495 ||| Stepping randomly (stuck).
 63496 | Depths:2 | 63496 ||| Stepping randomly (stuck).
 63497 | Depths:2 | 63497 ||| Stepping randomly (stuck).
 63498 | Depths:2 | 63498 ||| Stepping randomly (stuck).
 63499 | Depths:2 | 63499 ||| Stepping randomly (stuck).
 63500 | Depths:2 | 63500 ||| Stepping randomly (stuck).
 63501 | Depths:2 | 63501 ||| Stepping randomly (stuck).
 63502 | Depths:2 | 63502 ||| Stepping randomly (stuck).
 63503 | Depths:2 | 63503 ||| Stepping randomly (stuck).
 63504 | Depths:2 | 63504 ||| Stepping randomly (stuck).
 63505 | Depths:2 | 63505 ||| Stepping randomly (stuck).
 63506 | Depths:2 | 63506 ||| Stepping randomly (stuck).
 63507 | Depths:2 | 63507 ||| Stepping randomly (stuck).
 63508 | Depths:2 | 63508 ||| Stepping randomly (stuck).
 63509 | Depths:2 | 63509 ||| Stepping randomly (stuck).
 63510 | Depths:2 | 63510 ||| Stepping randomly (stuck).
 63511 | Depths:2 | 63511 ||| Stepping randomly (stuck).
 63512 | Depths:2 | 63512 ||| Stepping randomly (stuck).
 63513 | Depths:2 | 63513 ||| Stepping randomly (stuck).
 63514 | Depths:2 | 63514 ||| Stepping randomly (stuck).
 63515 | Depths:2 | 63515 ||| Stepping randomly (stuck).
 63516 | Depths:2 | 63516 ||| Stepping randomly (stuck).
 63517 | Depths:2 | 63517 ||| Stepping randomly (stuck).
 63518 | Depths:2 | 63518 ||| Stepping randomly (stuck).
 63519 | Depths:2 | 63519 ||| Stepping randomly (stuck).
 63520 | Depths:2 | 63520 ||| Stepping randomly (stuck).
 63521 | Depths:2 | 63521 ||| Stepping randomly (stuck).
 63522 | Depths:2 | 63522 ||| Stepping randomly (stuck).
 63523 | Depths:2 | 63523 ||| Stepping randomly (stuck).
 63524 | Depths:2 | 63524 ||| Stepping randomly (stuck).
 63525 | Depths:2 | 63525 ||| Stepping randomly (stuck).
 63526 | Depths:2 | 63526 ||| Stepping randomly (stuck).
 63527 | Depths:2 | 63527 ||| Stepping randomly (stuck).
 63528 | Depths:2 | 63528 ||| Stepping randomly (stuck).
 63529 | Depths:2 | 63529 ||| Stepping randomly (stuck).
 63530 | Depths:2 | 63530 ||| Stepping randomly (stuck).
 63531 | Depths:2 | 63531 ||| Stepping randomly (stuck).
 63532 | Depths:2 | 63532 ||| Stepping randomly (stuck).
 63533 | Depths:2 | 63533 ||| Stepping randomly (stuck).
 63534 | Depths:2 | 63534 ||| Stepping randomly (stuck).
 63535 | Depths:2 | 63535 ||| Stepping randomly (stuck).
 63536 | Depths:2 | 63536 ||| Stepping randomly (stuck).
 63537 | Depths:2 | 63537 ||| Stepping randomly (stuck).
 63538 | Depths:2 | 63538 ||| Stepping randomly (stuck).
 63539 | Depths:2 | 63539 ||| Stepping randomly (stuck).
 63540 | Depths:2 | 63540 ||| Stepping randomly (stuck).
 63541 | Depths:2 | 63541 ||| Stepping randomly (stuck).
 63542 | Depths:2 | 63542 ||| Stepping randomly (stuck).
 63543 | Depths:2 | 63543 ||| Stepping randomly (stuck).
 63544 | Depths:2 | 63544 ||| Stepping randomly (stuck).
 63545 | Depths:2 | 63545 ||| Stepping randomly (stuck).
 63546 | Depths:2 | 63546 ||| Stepping randomly (stuck).
 63547 | Depths:2 | 63547 ||| Stepping randomly (stuck).
 63548 | Depths:2 | 63548 ||| Stepping randomly (stuck).
 63549 | Depths:2 | 63549 ||| Stepping randomly (stuck).
 63550 | Depths:2 | 63550 ||| Stepping randomly (stuck).
 63551 | Depths:2 | 63551 ||| Stepping randomly (stuck).
 63552 | Depths:2 | 63552 ||| Stepping randomly (stuck).
 63553 | Depths:2 | 63553 ||| Stepping randomly (stuck).
 63554 | Depths:2 | 63554 ||| Stepping randomly (stuck).
 63555 | Depths:2 | 63555 ||| Stepping randomly (stuck).
 63556 | Depths:2 | 63556 ||| Stepping randomly (stuck).
 63557 | Depths:2 | 63557 ||| Stepping randomly (stuck).
 63558 | Depths:2 | 63558 ||| Stepping randomly (stuck).
 63559 | Depths:2 | 63559 ||| Stepping randomly (stuck).
 63560 | Depths:2 | 63560 ||| Stepping randomly (stuck).
 63561 | Depths:2 | 63561 ||| Stepping randomly (stuck).
 63562 | Depths:2 | 63562 ||| Stepping randomly (stuck).
 63563 | Depths:2 | 63563 ||| Stepping randomly (stuck).
 63564 | Depths:2 | 63564 ||| Stepping randomly (stuck).
 63565 | Depths:2 | 63565 ||| Stepping randomly (stuck).
 63566 | Depths:2 | 63566 ||| Stepping randomly (stuck).
 63567 | Depths:2 | 63567 ||| Stepping randomly (stuck).
 63568 | Depths:2 | 63568 ||| Stepping randomly (stuck).
 63569 | Depths:2 | 63569 ||| Stepping randomly (stuck).
 63570 | Depths:2 | 63570 ||| Stepping randomly (stuck).
 63571 | Depths:2 | 63571 ||| Stepping randomly (stuck).
 63572 | Depths:2 | 63572 ||| Stepping randomly (stuck).
 63573 | Depths:2 | 63573 ||| Stepping randomly (stuck).
 63574 | Depths:2 | 63574 ||| Stepping randomly (stuck).
 63575 | Depths:2 | 63575 ||| Stepping randomly (stuck).
 63576 | Depths:2 | 63576 ||| Stepping randomly (stuck).
 63577 | Depths:2 | 63577 ||| Stepping randomly (stuck).
 63578 | Depths:2 | 63578 ||| Stepping randomly (stuck).
 63579 | Depths:2 | 63579 ||| Stepping randomly (stuck).
 63580 | Depths:2 | 63580 ||| Stepping randomly (stuck).
 63581 | Depths:2 | 63581 ||| Stepping randomly (stuck).
 63582 | Depths:2 | 63582 ||| Stepping randomly (stuck).
 63583 | Depths:2 | 63583 ||| Stepping randomly (stuck).
 63584 | Depths:2 | 63584 ||| Stepping randomly (stuck).
 63585 | Depths:2 | 63585 ||| Stepping randomly (stuck).
 63586 | Depths:2 | 63586 ||| Stepping randomly (stuck).
 63587 | Depths:2 | 63587 ||| Stepping randomly (stuck).
 63588 | Depths:2 | 63588 ||| Stepping randomly (stuck).
 63589 | Depths:2 | 63589 ||| Stepping randomly (stuck).
 63590 | Depths:2 | 63590 ||| Stepping randomly (stuck).
 63591 | Depths:2 | 63591 ||| Stepping randomly (stuck).
 63592 | Depths:2 | 63592 ||| Stepping randomly (stuck).
 63593 | Depths:2 | 63593 ||| Stepping randomly (stuck).
 63594 | Depths:2 | 63594 ||| Stepping randomly (stuck).
 63595 | Depths:2 | 63595 ||| Stepping randomly (stuck).
 63596 | Depths:2 | 63596 ||| Stepping randomly (stuck).
 63597 | Depths:2 | 63597 ||| Stepping randomly (stuck).
 63598 | Depths:2 | 63598 ||| Stepping randomly (stuck).
 63599 | Depths:2 | 63599 ||| Stepping randomly (stuck).
 63600 | Depths:2 | 63600 ||| Stepping randomly (stuck).
 63601 | Depths:2 | 63601 ||| Stepping randomly (stuck).
 63602 | Depths:2 | 63602 ||| Stepping randomly (stuck).
 63603 | Depths:2 | 63603 ||| Stepping randomly (stuck).
 63604 | Depths:2 | 63604 ||| Stepping randomly (stuck).
 63605 | Depths:2 | 63605 ||| Stepping randomly (stuck).
 63606 | Depths:2 | 63606 ||| Stepping randomly (stuck).
 63607 | Depths:2 | 63607 ||| Stepping randomly (stuck).
 63608 | Depths:2 | 63608 ||| Stepping randomly (stuck).
 63609 | Depths:2 | 63609 ||| Stepping randomly (stuck).
 63610 | Depths:2 | 63610 ||| Stepping randomly (stuck).
 63611 | Depths:2 | 63611 ||| Stepping randomly (stuck).
 63612 | Depths:2 | 63612 ||| Stepping randomly (stuck).
 63613 | Depths:2 | 63613 ||| Stepping randomly (stuck).
 63614 | Depths:2 | 63614 ||| Stepping randomly (stuck).
 63615 | Depths:2 | 63615 ||| Stepping randomly (stuck).
 63616 | Depths:2 | 63616 ||| Stepping randomly (stuck).
 63617 | Depths:2 | 63617 ||| Stepping randomly (stuck).
 63618 | Depths:2 | 63618 ||| Stepping randomly (stuck).
 63619 | Depths:2 | 63619 ||| Stepping randomly (stuck).
 63620 | Depths:2 | 63620 ||| Stepping randomly (stuck).
 63621 | Depths:2 | 63621 ||| Stepping randomly (stuck).
 63622 | Depths:2 | 63622 ||| Stepping randomly (stuck).
 63623 | Depths:2 | 63623 ||| Stepping randomly (stuck).
 63624 | Depths:2 | 63624 ||| Stepping randomly (stuck).
 63625 | Depths:2 | 63625 ||| Stepping randomly (stuck).
 63626 | Depths:2 | 63626 ||| Stepping randomly (stuck).
 63627 | Depths:2 | 63627 ||| Stepping randomly (stuck).
 63628 | Depths:2 | 63628 ||| Stepping randomly (stuck).
 63629 | Depths:2 | 63629 ||| Stepping randomly (stuck).
 63630 | Depths:2 | 63630 ||| Stepping randomly (stuck).
 63631 | Depths:2 | 63631 ||| Stepping randomly (stuck).
 63632 | Depths:2 | 63632 ||| Stepping randomly (stuck).
 63633 | Depths:2 | 63633 ||| Stepping randomly (stuck).
 63634 | Depths:2 | 63634 ||| Stepping randomly (stuck).
 63635 | Depths:2 | 63635 ||| Stepping randomly (stuck).
 63636 | Depths:2 | 63636 ||| Stepping randomly (stuck).
 63637 | Depths:2 | 63637 ||| Stepping randomly (stuck).
 63638 | Depths:2 | 63638 ||| Stepping randomly (stuck).
 63639 | Depths:2 | 63639 ||| Stepping randomly (stuck).
 63640 | Depths:2 | 63640 ||| Stepping randomly (stuck).
 63641 | Depths:2 | 63641 ||| Stepping randomly (stuck).
 63642 | Depths:2 | 63642 ||| Stepping randomly (stuck).
 63643 | Depths:2 | 63643 ||| Stepping randomly (stuck).
 63644 | Depths:2 | 63644 ||| Stepping randomly (stuck).
 63645 | Depths:2 | 63645 ||| Stepping randomly (stuck).
 63646 | Depths:2 | 63646 ||| Stepping randomly (stuck).
 63647 | Depths:2 | 63647 ||| Stepping randomly (stuck).
 63648 | Depths:2 | 63648 ||| Stepping randomly (stuck).
 63649 | Depths:2 | 63649 ||| Stepping randomly (stuck).
 63650 | Depths:2 | 63650 ||| Stepping randomly (stuck).
 63651 | Depths:2 | 63651 ||| Stepping randomly (stuck).
 63652 | Depths:2 | 63652 ||| Stepping randomly (stuck).
 63653 | Depths:2 | 63653 ||| Stepping randomly (stuck).
 63654 | Depths:2 | 63654 ||| Stepping randomly (stuck).
 63655 | Depths:2 | 63655 ||| Stepping randomly (stuck).
 63656 | Depths:2 | 63656 ||| Stepping randomly (stuck).
 63657 | Depths:2 | 63657 ||| Stepping randomly (stuck).
 63658 | Depths:2 | 63658 ||| Stepping randomly (stuck).
 63659 | Depths:2 | 63659 ||| Stepping randomly (stuck).
 63660 | Depths:2 | 63660 ||| Stepping randomly (stuck).
 63661 | Depths:2 | 63661 ||| Stepping randomly (stuck).
 63662 | Depths:2 | 63662 ||| Stepping randomly (stuck).
 63663 | Depths:2 | 63663 ||| Stepping randomly (stuck).
 63664 | Depths:2 | 63664 ||| Stepping randomly (stuck).
 63665 | Depths:2 | 63665 ||| Stepping randomly (stuck).
 63666 | Depths:2 | 63666 ||| Stepping randomly (stuck).
 63667 | Depths:2 | 63667 ||| Stepping randomly (stuck).
 63668 | Depths:2 | 63668 ||| Stepping randomly (stuck).
 63669 | Depths:2 | 63669 ||| Stepping randomly (stuck).
 63670 | Depths:2 | 63670 ||| Stepping randomly (stuck).
 63671 | Depths:2 | 63671 ||| Stepping randomly (stuck).
 63672 | Depths:2 | 63672 ||| Stepping randomly (stuck).
 63673 | Depths:2 | 63673 ||| Stepping randomly (stuck).
 63692 | Depths:2 | 63692 ||| Stepping randomly (stuck).
 63693 | Depths:2 | 63693 ||| Stepping randomly (stuck).
 63694 | Depths:2 | 63694 ||| Stepping randomly (stuck).
 63695 | Depths:2 | 63695 ||| Stepping randomly (stuck).
 63696 | Depths:2 | 63696 ||| Stepping randomly (stuck).
 63697 | Depths:2 | 63697 ||| Stepping randomly (stuck).
 63698 | Depths:2 | 63698 ||| Stepping randomly (stuck).
 63699 | Depths:2 | 63699 ||| Stepping randomly (stuck).
 63700 | Depths:2 | 63700 ||| Stepping randomly (stuck).
 63701 | Depths:2 | 63701 ||| Stepping randomly (stuck).
 63702 | Depths:2 | 63702 ||| Stepping randomly (stuck).
 63703 | Depths:2 | 63703 ||| Stepping randomly (stuck).
 63704 | Depths:2 | 63704 ||| Stepping randomly (stuck).
 63705 | Depths:2 | 63705 ||| Stepping randomly (stuck).
 63706 | Depths:2 | 63706 ||| Stepping randomly (stuck).
 63707 | Depths:2 | 63707 ||| Stepping randomly (stuck).
 63708 | Depths:2 | 63708 ||| Stepping randomly (stuck).
 63709 | Depths:2 | 63709 ||| Stepping randomly (stuck).
 63710 | Depths:2 | 63710 ||| Stepping randomly (stuck).
 63711 | Depths:2 | 63711 ||| Stepping randomly (stuck).
 63712 | Depths:2 | 63712 ||| Stepping randomly (stuck).
 63713 | Depths:2 | 63713 ||| Stepping randomly (stuck).
 63714 | Depths:2 | 63714 ||| Stepping randomly (stuck).
 63715 | Depths:2 | 63715 ||| Stepping randomly (stuck).
 63716 | Depths:2 | 63716 ||| Stepping randomly (stuck).
 63717 | Depths:2 | 63717 ||| Stepping randomly (stuck).
 63718 | Depths:2 | 63718 ||| Stepping randomly (stuck).
 63719 | Depths:2 | 63719 ||| Stepping randomly (stuck).
 63720 | Depths:2 | 63720 ||| Stepping randomly (stuck).
 63721 | Depths:2 | 63721 ||| Stepping randomly (stuck).
 63722 | Depths:2 | 63722 ||| Stepping randomly (stuck).
 63723 | Depths:2 | 63723 ||| Stepping randomly (stuck).
 63724 | Depths:2 | 63724 ||| Stepping randomly (stuck).
 63725 | Depths:2 | 63725 ||| Stepping randomly (stuck).
 63726 | Depths:2 | 63726 ||| Stepping randomly (stuck).
 63727 | Depths:2 | 63727 ||| Stepping randomly (stuck).
 63728 | Depths:2 | 63728 ||| Stepping randomly (stuck).
 63729 | Depths:2 | 63729 ||| Stepping randomly (stuck).
 63730 | Depths:2 | 63730 ||| Stepping randomly (stuck).
 63731 | Depths:2 | 63731 ||| Stepping randomly (stuck).
 63732 | Depths:2 | 63732 ||| Stepping randomly (stuck).
 63733 | Depths:2 | 63733 ||| Stepping randomly (stuck).
 63734 | Depths:2 | 63734 ||| Stepping randomly (stuck).
 63735 | Depths:2 | 63735 ||| Stepping randomly (stuck).
 63736 | Depths:2 | 63736 ||| Stepping randomly (stuck).
 63737 | Depths:2 | 63737 ||| Stepping randomly (stuck).
 63738 | Depths:2 | 63738 ||| Stepping randomly (stuck).
 63739 | Depths:2 | 63739 ||| Stepping randomly (stuck).
 63740 | Depths:2 | 63740 ||| Stepping randomly (stuck).
 63741 | Depths:2 | 63741 ||| Stepping randomly (stuck).
 63742 | Depths:2 | 63742 ||| Stepping randomly (stuck).
 63743 | Depths:2 | 63743 ||| Stepping randomly (stuck).
 63744 | Depths:2 | 63744 ||| Stepping randomly (stuck).
 63745 | Depths:2 | 63745 ||| Stepping randomly (stuck).
 63746 | Depths:2 | 63746 ||| Stepping randomly (stuck).
 63747 | Depths:2 | 63747 ||| Stepping randomly (stuck).
 63748 | Depths:2 | 63748 ||| Stepping randomly (stuck).
 63749 | Depths:2 | 63749 ||| Stepping randomly (stuck).
 63750 | Depths:2 | 63750 ||| Stepping randomly (stuck).
 63751 | Depths:2 | 63751 ||| Stepping randomly (stuck).
 63752 | Depths:2 | 63752 ||| Stepping randomly (stuck).
 63753 | Depths:2 | 63753 ||| Stepping randomly (stuck).
 63754 | Depths:2 | 63754 ||| Stepping randomly (stuck).
 63755 | Depths:2 | 63755 ||| Stepping randomly (stuck).
 63756 | Depths:2 | 63756 ||| Stepping randomly (stuck).
 63757 | Depths:2 | 63757 ||| Stepping randomly (stuck).
 63758 | Depths:2 | 63758 ||| Stepping randomly (stuck).
 63759 | Depths:2 | 63759 ||| Stepping randomly (stuck).
 63760 | Depths:2 | 63760 ||| Stepping randomly (stuck).
 63761 | Depths:2 | 63761 ||| Stepping randomly (stuck).
 63762 | Depths:2 | 63762 ||| Stepping randomly (stuck).
 63763 | Depths:2 | 63763 ||| Stepping randomly (stuck).
 63764 | Depths:2 | 63764 ||| Stepping randomly (stuck).
 63765 | Depths:2 | 63765 ||| Stepping randomly (stuck).
 63766 | Depths:2 | 63766 ||| Stepping randomly (stuck).
 63767 | Depths:2 | 63767 ||| Stepping randomly (stuck).
 63768 | Depths:2 | 63768 ||| Stepping randomly (stuck).
 63769 | Depths:2 | 63769 ||| Stepping randomly (stuck).
 63770 | Depths:2 | 63770 ||| Stepping randomly (stuck).
 63771 | Depths:2 | 63771 ||| Stepping randomly (stuck).
 63772 | Depths:2 | 63772 ||| Stepping randomly (stuck).
 63773 | Depths:2 | 63773 ||| Stepping randomly (stuck).
 63774 | Depths:2 | 63774 ||| Stepping randomly (stuck).
 63775 | Depths:2 | 63775 ||| Stepping randomly (stuck).
 63776 | Depths:2 | 63776 ||| Stepping randomly (stuck).
 63777 | Depths:2 | 63777 ||| Stepping randomly (stuck).
 63778 | Depths:2 | 63778 ||| Stepping randomly (stuck).
 63779 | Depths:2 | 63779 ||| Stepping randomly (stuck).
 63780 | Depths:2 | 63780 ||| Stepping randomly (stuck).
 63781 | Depths:2 | 63781 ||| Stepping randomly (stuck).
 63782 | Depths:2 | 63782 ||| Stepping randomly (stuck).
 63783 | Depths:2 | 63783 ||| Stepping randomly (stuck).
 63784 | Depths:2 | 63784 ||| Stepping randomly (stuck).
 63785 | Depths:2 | 63785 ||| Stepping randomly (stuck).
 63786 | Depths:2 | 63786 ||| Stepping randomly (stuck).
 63787 | Depths:2 | 63787 ||| Stepping randomly (stuck).
 63788 | Depths:2 | 63788 ||| Stepping randomly (stuck).
 63789 | Depths:2 | 63789 ||| Stepping randomly (stuck).
 63790 | Depths:2 | 63790 ||| Stepping randomly (stuck).
 63791 | Depths:2 | 63791 ||| Stepping randomly (stuck).
 63792 | Depths:2 | 63792 ||| Stepping randomly (stuck).
 63793 | Depths:2 | 63793 ||| Stepping randomly (stuck).
 63794 | Depths:2 | 63794 ||| Stepping randomly (stuck).
 63795 | Depths:2 | 63795 ||| Stepping randomly (stuck).
 63796 | Depths:2 | 63796 ||| Stepping randomly (stuck).
 63797 | Depths:2 | 63797 ||| Stepping randomly (stuck).
 63798 | Depths:2 | 63798 ||| Stepping randomly (stuck).
 63799 | Depths:2 | 63799 ||| Stepping randomly (stuck).
 63800 | Depths:2 | 63800 ||| Stepping randomly (stuck).
 63801 | Depths:2 | 63801 ||| Stepping randomly (stuck).
 63802 | Depths:2 | 63802 ||| Stepping randomly (stuck).
 63803 | Depths:2 | 63803 ||| Stepping randomly (stuck).
 63804 | Depths:2 | 63804 ||| Stepping randomly (stuck).
 63805 | Depths:2 | 63805 ||| Stepping randomly (stuck).
 63806 | Depths:2 | 63806 ||| Stepping randomly (stuck).
 63807 | Depths:2 | 63807 ||| Stepping randomly (stuck).
 63808 | Depths:2 | 63808 ||| Stepping randomly (stuck).
 63809 | Depths:2 | 63809 ||| Stepping randomly (stuck).
 63810 | Depths:2 | 63810 ||| Stepping randomly (stuck).
 63811 | Depths:2 | 63811 ||| Stepping randomly (stuck).
 63812 | Depths:2 | 63812 ||| Stepping randomly (stuck).
 63813 | Depths:2 | 63813 ||| Stepping randomly (stuck).
 63814 | Depths:2 | 63814 ||| Stepping randomly (stuck).
 63815 | Depths:2 | 63815 ||| Stepping randomly (stuck).
 63816 | Depths:2 | 63816 ||| Stepping randomly (stuck).
 63817 | Depths:2 | 63817 ||| Stepping randomly (stuck).
 63851 | Depths:2 | 63851 ||| Stepping randomly (stuck).
 63852 | Depths:2 | 63852 ||| Stepping randomly (stuck).
 63853 | Depths:2 | 63853 ||| Stepping randomly (stuck).
 63854 | Depths:2 | 63854 ||| Stepping randomly (stuck).
 63855 | Depths:2 | 63855 ||| Stepping randomly (stuck).
 63856 | Depths:2 | 63856 ||| Stepping randomly (stuck).
 63857 | Depths:2 | 63857 ||| Stepping randomly (stuck).
 63858 | Depths:2 | 63858 ||| Stepping randomly (stuck).
 63859 | Depths:2 | 63859 ||| Stepping randomly (stuck).
 63860 | Depths:2 | 63860 ||| Stepping randomly (stuck).
 63861 | Depths:2 | 63861 ||| Stepping randomly (stuck).
 63862 | Depths:2 | 63862 ||| Stepping randomly (stuck).
 63863 | Depths:2 | 63863 ||| Stepping randomly (stuck).
 63864 | Depths:2 | 63864 ||| Stepping randomly (stuck).
 63865 | Depths:2 | 63865 ||| Stepping randomly (stuck).
 63866 | Depths:2 | 63866 ||| Stepping randomly (stuck).
 63867 | Depths:2 | 63867 ||| Stepping randomly (stuck).
 63868 | Depths:2 | 63868 ||| Stepping randomly (stuck).
 63869 | Depths:2 | 63869 ||| Stepping randomly (stuck).
 63870 | Depths:2 | 63870 ||| Stepping randomly (stuck).
 63871 | Depths:2 | 63871 ||| Stepping randomly (stuck).
 63872 | Depths:2 | 63872 ||| Stepping randomly (stuck).
 63873 | Depths:2 | 63873 ||| Stepping randomly (stuck).
 63874 | Depths:2 | 63874 ||| Stepping randomly (stuck).
 63875 | Depths:2 | 63875 ||| Stepping randomly (stuck).
 63876 | Depths:2 | 63876 ||| Stepping randomly (stuck).
 63877 | Depths:2 | 63877 ||| Stepping randomly (stuck).
 63878 | Depths:2 | 63878 ||| Stepping randomly (stuck).
 63879 | Depths:2 | 63879 ||| Stepping randomly (stuck).
 63880 | Depths:2 | 63880 ||| Stepping randomly (stuck).
 63881 | Depths:2 | 63881 ||| Stepping randomly (stuck).
 63882 | Depths:2 | 63882 ||| Stepping randomly (stuck).
 63883 | Depths:2 | 63883 ||| Stepping randomly (stuck).
 63884 | Depths:2 | 63884 ||| Stepping randomly (stuck).
 63885 | Depths:2 | 63885 ||| Stepping randomly (stuck).
 63886 | Depths:2 | 63886 ||| Stepping randomly (stuck).
 63887 | Depths:2 | 63887 ||| Stepping randomly (stuck).
 63888 | Depths:2 | 63888 ||| Stepping randomly (stuck).
 63889 | Depths:2 | 63889 ||| Stepping randomly (stuck).
 63890 | Depths:2 | 63890 ||| Stepping randomly (stuck).
 63891 | Depths:2 | 63891 ||| Stepping randomly (stuck).
 63892 | Depths:2 | 63892 ||| Stepping randomly (stuck).
 63893 | Depths:2 | 63893 ||| Stepping randomly (stuck).
 63894 | Depths:2 | 63894 ||| Stepping randomly (stuck).
 63895 | Depths:2 | 63895 ||| Stepping randomly (stuck).
 63896 | Depths:2 | 63896 ||| Stepping randomly (stuck).
 63897 | Depths:2 | 63897 ||| Stepping randomly (stuck).
 63898 | Depths:2 | 63898 ||| Stepping randomly (stuck).
 63899 | Depths:2 | 63899 ||| Stepping randomly (stuck).
 63900 | Depths:2 | 63900 ||| Stepping randomly (stuck).
 63901 | Depths:2 | 63901 ||| Stepping randomly (stuck).
 63902 | Depths:2 | 63902 ||| Stepping randomly (stuck).
 63903 | Depths:2 | 63903 ||| Stepping randomly (stuck).
 63904 | Depths:2 | 63904 ||| Stepping randomly (stuck).
 63905 | Depths:2 | 63905 ||| Stepping randomly (stuck).
 63906 | Depths:2 | 63906 ||| Stepping randomly (stuck).
 63907 | Depths:2 | 63907 ||| Stepping randomly (stuck).
 63908 | Depths:2 | 63908 ||| Stepping randomly (stuck).
 63909 | Depths:2 | 63909 ||| Stepping randomly (stuck).
 63910 | Depths:2 | 63910 ||| Stepping randomly (stuck).
 63911 | Depths:2 | 63911 ||| Stepping randomly (stuck).
 63912 | Depths:2 | 63912 ||| Stepping randomly (stuck).
 63913 | Depths:2 | 63913 ||| Stepping randomly (stuck).
 63914 | Depths:2 | 63914 ||| Stepping randomly (stuck).
 63915 | Depths:2 | 63915 ||| Stepping randomly (stuck).
 63916 | Depths:2 | 63916 ||| Stepping randomly (stuck).
 63917 | Depths:2 | 63917 ||| Stepping randomly (stuck).
 63918 | Depths:2 | 63918 ||| Stepping randomly (stuck).
 63919 | Depths:2 | 63919 ||| Stepping randomly (stuck).
 63920 | Depths:2 | 63920 ||| Stepping randomly (stuck).
 63921 | Depths:2 | 63921 ||| Stepping randomly (stuck).
 63922 | Depths:2 | 63922 ||| Stepping randomly (stuck).
 63923 | Depths:2 | 63923 ||| Stepping randomly (stuck).
 63924 | Depths:2 | 63924 ||| Stepping randomly (stuck).
 63925 | Depths:2 | 63925 ||| Stepping randomly (stuck).
 63926 | Depths:2 | 63926 ||| Stepping randomly (stuck).
 63927 | Depths:2 | 63927 ||| Stepping randomly (stuck).
 63928 | Depths:2 | 63928 ||| Stepping randomly (stuck).
 63929 | Depths:2 | 63929 ||| Stepping randomly (stuck).
 63930 | Depths:2 | 63930 ||| Stepping randomly (stuck).
 63931 | Depths:2 | 63931 ||| Stepping randomly (stuck).
 63932 | Depths:2 | 63932 ||| Stepping randomly (stuck).
 63933 | Depths:2 | 63933 ||| Stepping randomly (stuck).
 63934 | Depths:2 | 63934 ||| Stepping randomly (stuck).
 63935 | Depths:2 | 63935 ||| Stepping randomly (stuck).
 63936 | Depths:2 | 63936 ||| Stepping randomly (stuck).
 63937 | Depths:2 | 63937 ||| Stepping randomly (stuck).
 63938 | Depths:2 | 63938 ||| Stepping randomly (stuck).
 63939 | Depths:2 | 63939 ||| Stepping randomly (stuck).
 63940 | Depths:2 | 63940 ||| Stepping randomly (stuck).
 63941 | Depths:2 | 63941 ||| Stepping randomly (stuck).
 63942 | Depths:2 | 63942 ||| Stepping randomly (stuck).
 63943 | Depths:2 | 63943 ||| Stepping randomly (stuck).
 63944 | Depths:2 | 63944 ||| Stepping randomly (stuck).
 63945 | Depths:2 | 63945 ||| Stepping randomly (stuck).
 63946 | Depths:2 | 63946 ||| Stepping randomly (stuck).
 63947 | Depths:2 | 63947 ||| Stepping randomly (stuck).
 63948 | Depths:2 | 63948 ||| Stepping randomly (stuck).
 63949 | Depths:2 | 63949 ||| Stepping randomly (stuck).
 63950 | Depths:2 | 63950 ||| Stepping randomly (stuck).
 63951 | Depths:2 | 63951 ||| Stepping randomly (stuck).
 63952 | Depths:2 | 63952 ||| Stepping randomly (stuck).
 63953 | Depths:2 | 63953 ||| Stepping randomly (stuck).
 63954 | Depths:2 | 63954 ||| Stepping randomly (stuck).
 63955 | Depths:2 | 63955 ||| Stepping randomly (stuck).
 63956 | Depths:2 | 63956 ||| Stepping randomly (stuck).
 63957 | Depths:2 | 63957 ||| Stepping randomly (stuck).
 63958 | Depths:2 | 63958 ||| Stepping randomly (stuck).
 63959 | Depths:2 | 63959 ||| Stepping randomly (stuck).
 63960 | Depths:2 | 63960 ||| Stepping randomly (stuck).
 63961 | Depths:2 | 63961 ||| Stepping randomly (stuck).
 63962 | Depths:2 | 63962 ||| Stepping randomly (stuck).
 63963 | Depths:2 | 63963 ||| Stepping randomly (stuck).
 63964 | Depths:2 | 63964 ||| Stepping randomly (stuck).
 63965 | Depths:2 | 63965 ||| Stepping randomly (stuck).
 63966 | Depths:2 | 63966 ||| Stepping randomly (stuck).
 63967 | Depths:2 | 63967 ||| Stepping randomly (stuck).
 63968 | Depths:2 | 63968 ||| Stepping randomly (stuck).
 63969 | Depths:2 | 63969 ||| Stepping randomly (stuck).
 63970 | Depths:2 | 63970 ||| Stepping randomly (stuck).
 63971 | Depths:2 | 63971 ||| Stepping randomly (stuck).
 63972 | Depths:2 | 63972 ||| Stepping randomly (stuck).
 63973 | Depths:2 | 63973 ||| Stepping randomly (stuck).
 63974 | Depths:2 | 63974 ||| Stepping randomly (stuck).
 63975 | Depths:2 | 63975 ||| Stepping randomly (stuck).
 63976 | Depths:2 | 63976 ||| Stepping randomly (stuck).
 63977 | Depths:2 | 63977 ||| Stepping randomly (stuck).
 63978 | Depths:2 | 63978 ||| Stepping randomly (stuck).
 63979 | Depths:2 | 63979 ||| Stepping randomly (stuck).
 63980 | Depths:2 | 63980 ||| Stepping randomly (stuck).
 63981 | Depths:2 | 63981 ||| Stepping randomly (stuck).
 63982 | Depths:2 | 63982 ||| Stepping randomly (stuck).
 63983 | Depths:2 | 63983 ||| Stepping randomly (stuck).
 63984 | Depths:2 | 63984 ||| Stepping randomly (stuck).
 63985 | Depths:2 | 63985 ||| Stepping randomly (stuck).
 63986 | Depths:2 | 63986 ||| Stepping randomly (stuck).
 63987 | Depths:2 | 63987 ||| Stepping randomly (stuck).
 63988 | Depths:2 | 63988 ||| Stepping randomly (stuck).
 63989 | Depths:2 | 63989 ||| Stepping randomly (stuck).
 63990 | Depths:2 | 63990 ||| Stepping randomly (stuck).
 63991 | Depths:2 | 63991 ||| Stepping randomly (stuck).
 63992 | Depths:2 | 63992 ||| Stepping randomly (stuck).
 63993 | Depths:2 | 63993 ||| Stepping randomly (stuck).
 63994 | Depths:2 | 63994 ||| Stepping randomly (stuck).
 63995 | Depths:2 | 63995 ||| Stepping randomly (stuck).
 63996 | Depths:2 | 63996 ||| Stepping randomly (stuck).
 63997 | Depths:2 | 63997 ||| Stepping randomly (stuck).
 63998 | Depths:2 | 63998 ||| Stepping randomly (stuck).
 63999 | Depths:2 | 63999 ||| Stepping randomly (stuck).
 64000 | Depths:2 | 64000 ||| Stepping randomly (stuck).
 64001 | Depths:2 | 64001 ||| Stepping randomly (stuck).
 64002 | Depths:2 | 64002 ||| Stepping randomly (stuck).
 64003 | Depths:2 | 64003 ||| Stepping randomly (stuck).
 64004 | Depths:2 | 64004 ||| Stepping randomly (stuck).
 64005 | Depths:2 | 64005 ||| Stepping randomly (stuck).
 64006 | Depths:2 | 64006 ||| Stepping randomly (stuck).
 64007 | Depths:2 | 64007 ||| Stepping randomly (stuck).
 64008 | Depths:2 | 64008 ||| Stepping randomly (stuck).
 64009 | Depths:2 | 64009 ||| Stepping randomly (stuck).
 64010 | Depths:2 | 64010 ||| Stepping randomly (stuck).
 64011 | Depths:2 | 64011 ||| Stepping randomly (stuck).
 64012 | Depths:2 | 64012 ||| Stepping randomly (stuck).
 64013 | Depths:2 | 64013 ||| Stepping randomly (stuck).
 64014 | Depths:2 | 64014 ||| Stepping randomly (stuck).
 64015 | Depths:2 | 64015 ||| Stepping randomly (stuck).
 64016 | Depths:2 | 64016 ||| Stepping randomly (stuck).
 64017 | Depths:2 | 64017 ||| Stepping randomly (stuck).
 64018 | Depths:2 | 64018 ||| Stepping randomly (stuck).
 64019 | Depths:2 | 64019 ||| Stepping randomly (stuck).
 64020 | Depths:2 | 64020 ||| Stepping randomly (stuck).
 64021 | Depths:2 | 64021 ||| Stepping randomly (stuck).
 64022 | Depths:2 | 64022 ||| Stepping randomly (stuck).
 64023 | Depths:2 | 64023 ||| Stepping randomly (stuck).
 64024 | Depths:2 | 64024 ||| Stepping randomly (stuck).
 64025 | Depths:2 | 64025 ||| Stepping randomly (stuck).
 64026 | Depths:2 | 64026 ||| Stepping randomly (stuck).
 64027 | Depths:2 | 64027 ||| Stepping randomly (stuck).
 64028 | Depths:2 | 64028 ||| Stepping randomly (stuck).
 64029 | Depths:2 | 64029 ||| Stepping randomly (stuck).
 64030 | Depths:2 | 64030 ||| Stepping randomly (stuck).
 64031 | Depths:2 | 64031 ||| Stepping randomly (stuck).
 64032 | Depths:2 | 64032 ||| Stepping randomly (stuck).
 64033 | Depths:2 | 64033 ||| Stepping randomly (stuck).
 64034 | Depths:2 | 64034 ||| Stepping randomly (stuck).
 64035 | Depths:2 | 64035 ||| Stepping randomly (stuck).
 64036 | Depths:2 | 64036 ||| Stepping randomly (stuck).
 64037 | Depths:2 | 64037 ||| Stepping randomly (stuck).
 64038 | Depths:2 | 64038 ||| Stepping randomly (stuck).
 64039 | Depths:2 | 64039 ||| Stepping randomly (stuck).
 64040 | Depths:2 | 64040 ||| Stepping randomly (stuck).
 64041 | Depths:2 | 64041 ||| Stepping randomly (stuck).
 64042 | Depths:2 | 64042 ||| Stepping randomly (stuck).
 64043 | Depths:2 | 64043 ||| Stepping randomly (stuck).
 64044 | Depths:2 | 64044 ||| Stepping randomly (stuck).
 64045 | Depths:2 | 64045 ||| Stepping randomly (stuck).
 64046 | Depths:2 | 64046 ||| Stepping randomly (stuck).
 64047 | Depths:2 | 64047 ||| Stepping randomly (stuck).
 64048 | Depths:2 | 64048 ||| Stepping randomly (stuck).
 64049 | Depths:2 | 64049 ||| Stepping randomly (stuck).
 64050 | Depths:2 | 64050 ||| Stepping randomly (stuck).
 64051 | Depths:2 | 64051 ||| Stepping randomly (stuck).
 64052 | Depths:2 | 64052 ||| Stepping randomly (stuck).
 64053 | Depths:2 | 64053 ||| Stepping randomly (stuck).
 64054 | Depths:2 | 64054 ||| Stepping randomly (stuck).
 64055 | Depths:2 | 64055 ||| Stepping randomly (stuck).
 64056 | Depths:2 | 64056 ||| Stepping randomly (stuck).
 64057 | Depths:2 | 64057 ||| Stepping randomly (stuck).
 64058 | Depths:2 | 64058 ||| Stepping randomly (stuck).
 64059 | Depths:2 | 64059 ||| Stepping randomly (stuck).
 64060 | Depths:2 | 64060 ||| Stepping randomly (stuck).
 64061 | Depths:2 | 64061 ||| Stepping randomly (stuck).
 64062 | Depths:2 | 64062 ||| Stepping randomly (stuck).
 64063 | Depths:2 | 64063 ||| Stepping randomly (stuck).
 64064 | Depths:2 | 64064 ||| Stepping randomly (stuck).
 64065 | Depths:2 | 64065 ||| Stepping randomly (stuck).
 64066 | Depths:2 | 64066 ||| Stepping randomly (stuck).
 64067 | Depths:2 | 64067 ||| Stepping randomly (stuck).
 64068 | Depths:2 | 64068 ||| Stepping randomly (stuck).
 64069 | Depths:2 | 64069 ||| Stepping randomly (stuck).
 64070 | Depths:2 | 64070 ||| Stepping randomly (stuck).
 64071 | Depths:2 | 64071 ||| Stepping randomly (stuck).
 64072 | Depths:2 | 64072 ||| Stepping randomly (stuck).
 64073 | Depths:2 | 64073 ||| Stepping randomly (stuck).
 64074 | Depths:2 | 64074 ||| Stepping randomly (stuck).
 64075 | Depths:2 | 64075 ||| Stepping randomly (stuck).
 64076 | Depths:2 | 64076 ||| Stepping randomly (stuck).
 64077 | Depths:2 | 64077 ||| Stepping randomly (stuck).
 64078 | Depths:2 | 64078 ||| Stepping randomly (stuck).
 64079 | Depths:2 | 64079 ||| Stepping randomly (stuck).
 64080 | Depths:2 | 64080 ||| Stepping randomly (stuck).
 64081 | Depths:2 | 64081 ||| Stepping randomly (stuck).
 64082 | Depths:2 | 64082 ||| Stepping randomly (stuck).
 64083 | Depths:2 | 64083 ||| Stepping randomly (stuck).
 64084 | Depths:2 | 64084 ||| Stepping randomly (stuck).
 64085 | Depths:2 | 64085 ||| Stepping randomly (stuck).
 64086 | Depths:2 | 64086 ||| Stepping randomly (stuck).
 64087 | Depths:2 | 64087 ||| Stepping randomly (stuck).
 64088 | Depths:2 | 64088 ||| Stepping randomly (stuck).
 64089 | Depths:2 | 64089 ||| Stepping randomly (stuck).
 64090 | Depths:2 | 64090 ||| Stepping randomly (stuck).
 64091 | Depths:2 | 64091 ||| Stepping randomly (stuck).
 64092 | Depths:2 | 64092 ||| Stepping randomly (stuck).
 64093 | Depths:2 | 64093 ||| Stepping randomly (stuck).
 64094 | Depths:2 | 64094 ||| Stepping randomly (stuck).
 64095 | Depths:2 | 64095 ||| Stepping randomly (stuck).
 64096 | Depths:2 | 64096 ||| Stepping randomly (stuck).
 64097 | Depths:2 | 64097 ||| Stepping randomly (stuck).
 64098 | Depths:2 | 64098 ||| Stepping randomly (stuck).
 64099 | Depths:2 | 64099 ||| Stepping randomly (stuck).
 64100 | Depths:2 | 64100 ||| Stepping randomly (stuck).
 64101 | Depths:2 | 64101 ||| Stepping randomly (stuck).
 64102 | Depths:2 | 64102 ||| Stepping randomly (stuck).
 64103 | Depths:2 | 64103 ||| Stepping randomly (stuck).
 64104 | Depths:2 | 64104 ||| Stepping randomly (stuck).
 64105 | Depths:2 | 64105 ||| Stepping randomly (stuck).
 64106 | Depths:2 | 64106 ||| Stepping randomly (stuck).
 64107 | Depths:2 | 64107 ||| Stepping randomly (stuck).
 64108 | Depths:2 | 64108 ||| Stepping randomly (stuck).
 64109 | Depths:2 | 64109 ||| Stepping randomly (stuck).
 64110 | Depths:2 | 64110 ||| Stepping randomly (stuck).
 64111 | Depths:2 | 64111 ||| Stepping randomly (stuck).
 64112 | Depths:2 | 64112 ||| Stepping randomly (stuck).
 64113 | Depths:2 | 64113 ||| Stepping randomly (stuck).
 64114 | Depths:2 | 64114 ||| Stepping randomly (stuck).
 64115 | Depths:2 | 64115 ||| Stepping randomly (stuck).
 64116 | Depths:2 | 64116 ||| Stepping randomly (stuck).
 64117 | Depths:2 | 64117 ||| Stepping randomly (stuck).
 64118 | Depths:2 | 64118 ||| Stepping randomly (stuck).
 64119 | Depths:2 | 64119 ||| Stepping randomly (stuck).
 64120 | Depths:2 | 64120 ||| Stepping randomly (stuck).
 64121 | Depths:2 | 64121 ||| Stepping randomly (stuck).
 64122 | Depths:2 | 64122 ||| Stepping randomly (stuck).
 64123 | Depths:2 | 64123 ||| Stepping randomly (stuck).
 64124 | Depths:2 | 64124 ||| Stepping randomly (stuck).
 64125 | Depths:2 | 64125 ||| Stepping randomly (stuck).
 64126 | Depths:2 | 64126 ||| Stepping randomly (stuck).
 64127 | Depths:2 | 64127 ||| Stepping randomly (stuck).
 64128 | Depths:2 | 64128 ||| Stepping randomly (stuck).
 64129 | Depths:2 | 64129 ||| Stepping randomly (stuck).
 64130 | Depths:2 | 64130 ||| Stepping randomly (stuck).
 64131 | Depths:2 | 64131 ||| Stepping randomly (stuck).
 64132 | Depths:2 | 64132 ||| Stepping randomly (stuck).
 64133 | Depths:2 | 64133 ||| Stepping randomly (stuck).
 64134 | Depths:2 | 64134 ||| Stepping randomly (stuck).
 64135 | Depths:2 | 64135 ||| Stepping randomly (stuck).
 64136 | Depths:2 | 64136 ||| Stepping randomly (stuck).
 64137 | Depths:2 | 64137 ||| Stepping randomly (stuck).
 64138 | Depths:2 | 64138 ||| Stepping randomly (stuck).
 64139 | Depths:2 | 64139 ||| Stepping randomly (stuck).
 64140 | Depths:2 | 64140 ||| Stepping randomly (stuck).
 64141 | Depths:2 | 64141 ||| Stepping randomly (stuck).
 64142 | Depths:2 | 64142 ||| Stepping randomly (stuck).
 64143 | Depths:2 | 64143 ||| Stepping randomly (stuck).
 64144 | Depths:2 | 64144 ||| Stepping randomly (stuck).
 64145 | Depths:2 | 64145 ||| Stepping randomly (stuck).
 64146 | Depths:2 | 64146 ||| Stepping randomly (stuck).
 64147 | Depths:2 | 64147 ||| Stepping randomly (stuck).
 64148 | Depths:2 | 64148 ||| Stepping randomly (stuck).
 64149 | Depths:2 | 64149 ||| Stepping randomly (stuck).
 64150 | Depths:2 | 64150 ||| Stepping randomly (stuck).
 64151 | Depths:2 | 64151 ||| Stepping randomly (stuck).
 64152 | Depths:2 | 64152 ||| Stepping randomly (stuck).
 64153 | Depths:2 | 64153 ||| Stepping randomly (stuck).
 64154 | Depths:2 | 64154 ||| Stepping randomly (stuck).
 64155 | Depths:2 | 64155 ||| Stepping randomly (stuck).
 64156 | Depths:2 | 64156 ||| Stepping randomly (stuck).
 64157 | Depths:2 | 64157 ||| Stepping randomly (stuck).
 64158 | Depths:2 | 64158 ||| Stepping randomly (stuck).
 64159 | Depths:2 | 64159 ||| Stepping randomly (stuck).
 64160 | Depths:2 | 64160 ||| Stepping randomly (stuck).
 64161 | Depths:2 | 64161 ||| Stepping randomly (stuck).
 64162 | Depths:2 | 64162 ||| Stepping randomly (stuck).
 64163 | Depths:2 | 64163 ||| Stepping randomly (stuck).
 64164 | Depths:2 | 64164 ||| Stepping randomly (stuck).
 64165 | Depths:2 | 64165 ||| Stepping randomly (stuck).
 64166 | Depths:2 | 64166 ||| Stepping randomly (stuck).
 64167 | Depths:2 | 64167 ||| Stepping randomly (stuck).
 64168 | Depths:2 | 64168 ||| Stepping randomly (stuck).
 64169 | Depths:2 | 64169 ||| Stepping randomly (stuck).
 64170 | Depths:2 | 64170 ||| Stepping randomly (stuck).
 64171 | Depths:2 | 64171 ||| Stepping randomly (stuck).
 64172 | Depths:2 | 64172 ||| Stepping randomly (stuck).
 64173 | Depths:2 | 64173 ||| Stepping randomly (stuck).
 64174 | Depths:2 | 64174 ||| Stepping randomly (stuck).
 64175 | Depths:2 | 64175 ||| Stepping randomly (stuck).
 64176 | Depths:2 | 64176 ||| Stepping randomly (stuck).
 64177 | Depths:2 | 64177 ||| Stepping randomly (stuck).
 64178 | Depths:2 | 64178 ||| Stepping randomly (stuck).
 64179 | Depths:2 | 64179 ||| Stepping randomly (stuck).
 64180 | Depths:2 | 64180 ||| Stepping randomly (stuck).
 64181 | Depths:2 | 64181 ||| Stepping randomly (stuck).
 64182 | Depths:2 | 64182 ||| Stepping randomly (stuck).
 64183 | Depths:2 | 64183 ||| Stepping randomly (stuck).
 64184 | Depths:2 | 64184 ||| Stepping randomly (stuck).
 64185 | Depths:2 | 64185 ||| Stepping randomly (stuck).
 64186 | Depths:2 | 64186 ||| Stepping randomly (stuck).
 64187 | Depths:2 | 64187 ||| Stepping randomly (stuck).
 64188 | Depths:2 | 64188 ||| Stepping randomly (stuck).
 64189 | Depths:2 | 64189 ||| Stepping randomly (stuck).
 64190 | Depths:2 | 64190 ||| Stepping randomly (stuck).
 64191 | Depths:2 | 64191 ||| Stepping randomly (stuck).
 64192 | Depths:2 | 64192 ||| Stepping randomly (stuck).
 64193 | Depths:2 | 64193 ||| Stepping randomly (stuck).
 64194 | Depths:2 | 64194 ||| Stepping randomly (stuck).
 64195 | Depths:2 | 64195 ||| Stepping randomly (stuck).
 64196 | Depths:2 | 64196 ||| Stepping randomly (stuck).
 64197 | Depths:2 | 64197 ||| Stepping randomly (stuck).
 64198 | Depths:2 | 64198 ||| Stepping randomly (stuck).
 64199 | Depths:2 | 64199 ||| Stepping randomly (stuck).
 64200 | Depths:2 | 64200 ||| Stepping randomly (stuck).
 64201 | Depths:2 | 64201 ||| Stepping randomly (stuck).
 64202 | Depths:2 | 64202 ||| Stepping randomly (stuck).
 64203 | Depths:2 | 64203 ||| Stepping randomly (stuck).
 64204 | Depths:2 | 64204 ||| Stepping randomly (stuck).
 64205 | Depths:2 | 64205 ||| Stepping randomly (stuck).
 64206 | Depths:2 | 64206 ||| Stepping randomly (stuck).
 64207 | Depths:2 | 64207 ||| Stepping randomly (stuck).
 64208 | Depths:2 | 64208 ||| Stepping randomly (stuck).
 64209 | Depths:2 | 64209 ||| Stepping randomly (stuck).
 64210 | Depths:2 | 64210 ||| Stepping randomly (stuck).
 64211 | Depths:2 | 64211 ||| Stepping randomly (stuck).
 64212 | Depths:2 | 64212 ||| Stepping randomly (stuck).
 64213 | Depths:2 | 64213 ||| Stepping randomly (stuck).
 64214 | Depths:2 | 64214 ||| Stepping randomly (stuck).
 64215 | Depths:2 | 64215 ||| Stepping randomly (stuck).
 64216 | Depths:2 | 64216 ||| Stepping randomly (stuck).
 64217 | Depths:2 | 64217 ||| Stepping randomly (stuck).
 64218 | Depths:2 | 64218 ||| Stepping randomly (stuck).
 64219 | Depths:2 | 64219 ||| Stepping randomly (stuck).
 64220 | Depths:2 | 64220 ||| Stepping randomly (stuck).
 64221 | Depths:2 | 64221 ||| Stepping randomly (stuck).
 64222 | Depths:2 | 64222 ||| Stepping randomly (stuck).
 64223 | Depths:2 | 64223 ||| Stepping randomly (stuck).
 64224 | Depths:2 | 64224 ||| Stepping randomly (stuck).
 64225 | Depths:2 | 64225 ||| Stepping randomly (stuck).
 64226 | Depths:2 | 64226 ||| Stepping randomly (stuck).
 64227 | Depths:2 | 64227 ||| Stepping randomly (stuck).
 64228 | Depths:2 | 64228 ||| Stepping randomly (stuck).
 64229 | Depths:2 | 64229 ||| Stepping randomly (stuck).
 64230 | Depths:2 | 64230 ||| Stepping randomly (stuck).
 64231 | Depths:2 | 64231 ||| Stepping randomly (stuck).
 64232 | Depths:2 | 64232 ||| Stepping randomly (stuck).
 64233 | Depths:2 | 64233 ||| Stepping randomly (stuck).
 64234 | Depths:2 | 64234 ||| Stepping randomly (stuck).
 64235 | Depths:2 | 64235 ||| Stepping randomly (stuck).
 64236 | Depths:2 | 64236 ||| Stepping randomly (stuck).
 64237 | Depths:2 | 64237 ||| Stepping randomly (stuck).
 64238 | Depths:2 | 64238 ||| Stepping randomly (stuck).
 64239 | Depths:2 | 64239 ||| Stepping randomly (stuck).
 64240 | Depths:2 | 64240 ||| Stepping randomly (stuck).
 64241 | Depths:2 | 64241 ||| Stepping randomly (stuck).
 64242 | Depths:2 | 64242 ||| Stepping randomly (stuck).
 64243 | Depths:2 | 64243 ||| Stepping randomly (stuck).
 64244 | Depths:2 | 64244 ||| Stepping randomly (stuck).
 64245 | Depths:2 | 64245 ||| Stepping randomly (stuck).
 64246 | Depths:2 | 64246 ||| Stepping randomly (stuck).
 64247 | Depths:2 | 64247 ||| Stepping randomly (stuck).
 64248 | Depths:2 | 64248 ||| Stepping randomly (stuck).
 64249 | Depths:2 | 64249 ||| Stepping randomly (stuck).
 64250 | Depths:2 | 64250 ||| Stepping randomly (stuck).
 64251 | Depths:2 | 64251 ||| Stepping randomly (stuck).
 64252 | Depths:2 | 64252 ||| Stepping randomly (stuck).
 64253 | Depths:2 | 64253 ||| Stepping randomly (stuck).
 64254 | Depths:2 | 64254 ||| Stepping randomly (stuck).
 64255 | Depths:2 | 64255 ||| Stepping randomly (stuck).
 64256 | Depths:2 | 64256 ||| Stepping randomly (stuck).
 64257 | Depths:2 | 64257 ||| Stepping randomly (stuck).
 64258 | Depths:2 | 64258 ||| Stepping randomly (stuck).
 64259 | Depths:2 | 64259 ||| Stepping randomly (stuck).
 64260 | Depths:2 | 64260 ||| Stepping randomly (stuck).
 64261 | Depths:2 | 64261 ||| Stepping randomly (stuck).
 64262 | Depths:2 | 64262 ||| Stepping randomly (stuck).
 64263 | Depths:2 | 64263 ||| Stepping randomly (stuck).
 64264 | Depths:2 | 64264 ||| Stepping randomly (stuck).
 64265 | Depths:2 | 64265 ||| Stepping randomly (stuck).
 64266 | Depths:2 | 64266 ||| Stepping randomly (stuck).
 64267 | Depths:2 | 64267 ||| Stepping randomly (stuck).
 64268 | Depths:2 | 64268 ||| Stepping randomly (stuck).
 64269 | Depths:2 | 64269 ||| Stepping randomly (stuck).
 64270 | Depths:2 | 64270 ||| Stepping randomly (stuck).
 64271 | Depths:2 | 64271 ||| Stepping randomly (stuck).
 64272 | Depths:2 | 64272 ||| Stepping randomly (stuck).
 64273 | Depths:2 | 64273 ||| Stepping randomly (stuck).
 64274 | Depths:2 | 64274 ||| Stepping randomly (stuck).
 64275 | Depths:2 | 64275 ||| Stepping randomly (stuck).
 64276 | Depths:2 | 64276 ||| Stepping randomly (stuck).
 64277 | Depths:2 | 64277 ||| Stepping randomly (stuck).
 64278 | Depths:2 | 64278 ||| Stepping randomly (stuck).
 64279 | Depths:2 | 64279 ||| Stepping randomly (stuck).
 64280 | Depths:2 | 64280 ||| Stepping randomly (stuck).
 64281 | Depths:2 | 64281 ||| Stepping randomly (stuck).
 64282 | Depths:2 | 64282 ||| Stepping randomly (stuck).
 64283 | Depths:2 | 64283 ||| Stepping randomly (stuck).
 64284 | Depths:2 | 64284 ||| Stepping randomly (stuck).
 64285 | Depths:2 | 64285 ||| Stepping randomly (stuck).
 64286 | Depths:2 | 64286 ||| Stepping randomly (stuck).
 64287 | Depths:2 | 64287 ||| Stepping randomly (stuck).
 64288 | Depths:2 | 64288 ||| Stepping randomly (stuck).
 64289 | Depths:2 | 64289 ||| Stepping randomly (stuck).
 64290 | Depths:2 | 64290 ||| Stepping randomly (stuck).
 64291 | Depths:2 | 64291 ||| Stepping randomly (stuck).
 64292 | Depths:2 | 64292 ||| Stepping randomly (stuck).
 64293 | Depths:2 | 64293 ||| Stepping randomly (stuck).
 64294 | Depths:2 | 64294 ||| Stepping randomly (stuck).
 64295 | Depths:2 | 64295 ||| Stepping randomly (stuck).
 64296 | Depths:2 | 64296 ||| Stepping randomly (stuck).
 64297 | Depths:2 | 64297 ||| Stepping randomly (stuck).
 64298 | Depths:2 | 64298 ||| Stepping randomly (stuck).
 64299 | Depths:2 | 64299 ||| Stepping randomly (stuck).
 64300 | Depths:2 | 64300 ||| Stepping randomly (stuck).
 64301 | Depths:2 | 64301 ||| Stepping randomly (stuck).
 64302 | Depths:2 | 64302 ||| Stepping randomly (stuck).
 64303 | Depths:2 | 64303 ||| Stepping randomly (stuck).
 64304 | Depths:2 | 64304 ||| Stepping randomly (stuck).
 64305 | Depths:2 | 64305 ||| Stepping randomly (stuck).
 64306 | Depths:2 | 64306 ||| Stepping randomly (stuck).
 64307 | Depths:2 | 64307 ||| Stepping randomly (stuck).
 64308 | Depths:2 | 64308 ||| Stepping randomly (stuck).
 64309 | Depths:2 | 64309 ||| Stepping randomly (stuck).
 64310 | Depths:2 | 64310 ||| Stepping randomly (stuck).
 64311 | Depths:2 | 64311 ||| Stepping randomly (stuck).
 64312 | Depths:2 | 64312 ||| Stepping randomly (stuck).
 64313 | Depths:2 | 64313 ||| Stepping randomly (stuck).
 64314 | Depths:2 | 64314 ||| Stepping randomly (stuck).
 64315 | Depths:2 | 64315 ||| Stepping randomly (stuck).
 64316 | Depths:2 | 64316 ||| Stepping randomly (stuck).
 64317 | Depths:2 | 64317 ||| Stepping randomly (stuck).
 64318 | Depths:2 | 64318 ||| Stepping randomly (stuck).
 64319 | Depths:2 | 64319 ||| Stepping randomly (stuck).
 64320 | Depths:2 | 64320 ||| Stepping randomly (stuck).
 64321 | Depths:2 | 64321 ||| Stepping randomly (stuck).
 64322 | Depths:2 | 64322 ||| Stepping randomly (stuck).
 64323 | Depths:2 | 64323 ||| Stepping randomly (stuck).
 64324 | Depths:2 | 64324 ||| Stepping randomly (stuck).
 64325 | Depths:2 | 64325 ||| Stepping randomly (stuck).
 64326 | Depths:2 | 64326 ||| Stepping randomly (stuck).
 64327 | Depths:2 | 64327 ||| Stepping randomly (stuck).
 64328 | Depths:2 | 64328 ||| Stepping randomly (stuck).
 64329 | Depths:2 | 64329 ||| Stepping randomly (stuck).
 64330 | Depths:2 | 64330 ||| Stepping randomly (stuck).
 64331 | Depths:2 | 64331 ||| Stepping randomly (stuck).
 64332 | Depths:2 | 64332 ||| Stepping randomly (stuck).
 64333 | Depths:2 | 64333 ||| Stepping randomly (stuck).
 64334 | Depths:2 | 64334 ||| Stepping randomly (stuck).
 64335 | Depths:2 | 64335 ||| Stepping randomly (stuck).
 64336 | Depths:2 | 64336 ||| Stepping randomly (stuck).
 64337 | Depths:2 | 64337 ||| Stepping randomly (stuck).
 64338 | Depths:2 | 64338 ||| Stepping randomly (stuck).
 64339 | Depths:2 | 64339 ||| Stepping randomly (stuck).
 64340 | Depths:2 | 64340 ||| Stepping randomly (stuck).
 64341 | Depths:2 | 64341 ||| Stepping randomly (stuck).
 64342 | Depths:2 | 64342 ||| Stepping randomly (stuck).
 64343 | Depths:2 | 64343 ||| Stepping randomly (stuck).
 64344 | Depths:2 | 64344 ||| Stepping randomly (stuck).
 64345 | Depths:2 | 64345 ||| Stepping randomly (stuck).
 64346 | Depths:2 | 64346 ||| Stepping randomly (stuck).
 64347 | Depths:2 | 64347 ||| Stepping randomly (stuck).
 64348 | Depths:2 | 64348 ||| Stepping randomly (stuck).
 64349 | Depths:2 | 64349 ||| Stepping randomly (stuck).
 64350 | Depths:2 | 64350 ||| Stepping randomly (stuck).
 64351 | Depths:2 | 64351 ||| Stepping randomly (stuck).
 64352 | Depths:2 | 64352 ||| Stepping randomly (stuck).
 64353 | Depths:2 | 64353 ||| Stepping randomly (stuck).
 64354 | Depths:2 | 64354 ||| Stepping randomly (stuck).
 64355 | Depths:2 | 64355 ||| Stepping randomly (stuck).
 64356 | Depths:2 | 64356 ||| Stepping randomly (stuck).
 64357 | Depths:2 | 64357 ||| Stepping randomly (stuck).
 64358 | Depths:2 | 64358 ||| Stepping randomly (stuck).
 64359 | Depths:2 | 64359 ||| Stepping randomly (stuck).
 64360 | Depths:2 | 64360 ||| Stepping randomly (stuck).
 64361 | Depths:2 | 64361 ||| Stepping randomly (stuck).
 64362 | Depths:2 | 64362 ||| Stepping randomly (stuck).
 64363 | Depths:2 | 64363 ||| Stepping randomly (stuck).
 64364 | Depths:2 | 64364 ||| Stepping randomly (stuck).
 64365 | Depths:2 | 64365 ||| Stepping randomly (stuck).
 64366 | Depths:2 | 64366 ||| Stepping randomly (stuck).
 64367 | Depths:2 | 64367 ||| Stepping randomly (stuck).
 64368 | Depths:2 | 64368 ||| Stepping randomly (stuck).
 64369 | Depths:2 | 64369 ||| Stepping randomly (stuck).
 64370 | Depths:2 | 64370 ||| Stepping randomly (stuck).
 64371 | Depths:2 | 64371 ||| Stepping randomly (stuck).
 64372 | Depths:2 | 64372 ||| Stepping randomly (stuck).
 64373 | Depths:2 | 64373 ||| Stepping randomly (stuck).
 64374 | Depths:2 | 64374 ||| Stepping randomly (stuck).
 64375 | Depths:2 | 64375 ||| Stepping randomly (stuck).
 64376 | Depths:2 | 64376 ||| Stepping randomly (stuck).
 64377 | Depths:2 | 64377 ||| Stepping randomly (stuck).
 64378 | Depths:2 | 64378 ||| Stepping randomly (stuck).
 64379 | Depths:2 | 64379 ||| Stepping randomly (stuck).
 64380 | Depths:2 | 64380 ||| Stepping randomly (stuck).
 64381 | Depths:2 | 64381 ||| Stepping randomly (stuck).
 64382 | Depths:2 | 64382 ||| Stepping randomly (stuck).
 64383 | Depths:2 | 64383 ||| Stepping randomly (stuck).
 64384 | Depths:2 | 64384 ||| Stepping randomly (stuck).
 64385 | Depths:2 | 64385 ||| Stepping randomly (stuck).
 64386 | Depths:2 | 64386 ||| Stepping randomly (stuck).
 64387 | Depths:2 | 64387 ||| Stepping randomly (stuck).
 64388 | Depths:2 | 64388 ||| Stepping randomly (stuck).
 64389 | Depths:2 | 64389 ||| Stepping randomly (stuck).
 64390 | Depths:2 | 64390 ||| Stepping randomly (stuck).
 64391 | Depths:2 | 64391 ||| Stepping randomly (stuck).
 64392 | Depths:2 | 64392 ||| Stepping randomly (stuck).
 64393 | Depths:2 | 64393 ||| Stepping randomly (stuck).
 64394 | Depths:2 | 64394 ||| Stepping randomly (stuck).
 64395 | Depths:2 | 64395 ||| Stepping randomly (stuck).
 64396 | Depths:2 | 64396 ||| Stepping randomly (stuck).
 64397 | Depths:2 | 64397 ||| Stepping randomly (stuck).
 64398 | Depths:2 | 64398 ||| Stepping randomly (stuck).
 64399 | Depths:2 | 64399 ||| Stepping randomly (stuck).
 64400 | Depths:2 | 64400 ||| Stepping randomly (stuck).
 64401 | Depths:2 | 64401 ||| Stepping randomly (stuck).
 64402 | Depths:2 | 64402 ||| Stepping randomly (stuck).
 64403 | Depths:2 | 64403 ||| Stepping randomly (stuck).
 64404 | Depths:2 | 64404 ||| Stepping randomly (stuck).
 64405 | Depths:2 | 64405 ||| Stepping randomly (stuck).
 64406 | Depths:2 | 64406 ||| Stepping randomly (stuck).
 64407 | Depths:2 | 64407 ||| Stepping randomly (stuck).
 64408 | Depths:2 | 64408 ||| Stepping randomly (stuck).
 64409 | Depths:2 | 64409 ||| Stepping randomly (stuck).
 64410 | Depths:2 | 64410 ||| Stepping randomly (stuck).
 64411 | Depths:2 | 64411 ||| Stepping randomly (stuck).
 64412 | Depths:2 | 64412 ||| Stepping randomly (stuck).
 64413 | Depths:2 | 64413 ||| Stepping randomly (stuck).
 64414 | Depths:2 | 64414 ||| Stepping randomly (stuck).
 64415 | Depths:2 | 64415 ||| Stepping randomly (stuck).
 64416 | Depths:2 | 64416 ||| Stepping randomly (stuck).
 64417 | Depths:2 | 64417 ||| Stepping randomly (stuck).
 64418 | Depths:2 | 64418 ||| Stepping randomly (stuck).
 64419 | Depths:2 | 64419 ||| Stepping randomly (stuck).
 64420 | Depths:2 | 64420 ||| Stepping randomly (stuck).
 64421 | Depths:2 | 64421 ||| Stepping randomly (stuck).
 64422 | Depths:2 | 64422 ||| Stepping randomly (stuck).
 64423 | Depths:2 | 64423 ||| Stepping randomly (stuck).
 64424 | Depths:2 | 64424 ||| Stepping randomly (stuck).
 64425 | Depths:2 | 64425 ||| Stepping randomly (stuck).
 64426 | Depths:2 | 64426 ||| Stepping randomly (stuck).
 64427 | Depths:2 | 64427 ||| Stepping randomly (stuck).
 64428 | Depths:2 | 64428 ||| Stepping randomly (stuck).
 64429 | Depths:2 | 64429 ||| Stepping randomly (stuck).
 64430 | Depths:2 | 64430 ||| Stepping randomly (stuck).
 64431 | Depths:2 | 64431 ||| Stepping randomly (stuck).
 64432 | Depths:2 | 64432 ||| Stepping randomly (stuck).
 64433 | Depths:2 | 64433 ||| Stepping randomly (stuck).
 64434 | Depths:2 | 64434 ||| Stepping randomly (stuck).
 64435 | Depths:2 | 64435 ||| Stepping randomly (stuck).
 64436 | Depths:2 | 64436 ||| Stepping randomly (stuck).
 64437 | Depths:2 | 64437 ||| Stepping randomly (stuck).
 64438 | Depths:2 | 64438 ||| Stepping randomly (stuck).
 64439 | Depths:2 | 64439 ||| Stepping randomly (stuck).
 64440 | Depths:2 | 64440 ||| Stepping randomly (stuck).
 64441 | Depths:2 | 64441 ||| Stepping randomly (stuck).
 64442 | Depths:2 | 64442 ||| Stepping randomly (stuck).
 64443 | Depths:2 | 64443 ||| Stepping randomly (stuck).
 64444 | Depths:2 | 64444 ||| Stepping randomly (stuck).
 64445 | Depths:2 | 64445 ||| Stepping randomly (stuck).
 64446 | Depths:2 | 64446 ||| Stepping randomly (stuck).
 64447 | Depths:2 | 64447 ||| Stepping randomly (stuck).
 64448 | Depths:2 | 64448 ||| Stepping randomly (stuck).
 64449 | Depths:2 | 64449 ||| Stepping randomly (stuck).
 64450 | Depths:2 | 64450 ||| Stepping randomly (stuck).
 64451 | Depths:2 | 64451 ||| Stepping randomly (stuck).
 64452 | Depths:2 | 64452 ||| Stepping randomly (stuck).
 64453 | Depths:2 | 64453 ||| Stepping randomly (stuck).
 64454 | Depths:2 | 64454 ||| Stepping randomly (stuck).
 64455 | Depths:2 | 64455 ||| Stepping randomly (stuck).
 64456 | Depths:2 | 64456 ||| Stepping randomly (stuck).
 64457 | Depths:2 | 64457 ||| Stepping randomly (stuck).
 64458 | Depths:2 | 64458 ||| Stepping randomly (stuck).
 64459 | Depths:2 | 64459 ||| Stepping randomly (stuck).
 64460 | Depths:2 | 64460 ||| Stepping randomly (stuck).
 64461 | Depths:2 | 64461 ||| Stepping randomly (stuck).
 64462 | Depths:2 | 64462 ||| Stepping randomly (stuck).
 64463 | Depths:2 | 64463 ||| Stepping randomly (stuck).
 64464 | Depths:2 | 64464 ||| Stepping randomly (stuck).
 64465 | Depths:2 | 64465 ||| Stepping randomly (stuck).
 64466 | Depths:2 | 64466 ||| Stepping randomly (stuck).
 64467 | Depths:2 | 64467 ||| Stepping randomly (stuck).
 64468 | Depths:2 | 64468 ||| Stepping randomly (stuck).
 64469 | Depths:2 | 64469 ||| Stepping randomly (stuck).
 64470 | Depths:2 | 64470 ||| Stepping randomly (stuck).
 64471 | Depths:2 | 64471 ||| Stepping randomly (stuck).
 64472 | Depths:2 | 64472 ||| Stepping randomly (stuck).
 64473 | Depths:2 | 64473 ||| Stepping randomly (stuck).
 64474 | Depths:2 | 64474 ||| Stepping randomly (stuck).
 64475 | Depths:2 | 64475 ||| Stepping randomly (stuck).
 64476 | Depths:2 | 64476 ||| Stepping randomly (stuck).
 64477 | Depths:2 | 64477 ||| Stepping randomly (stuck).
 64478 | Depths:2 | 64478 ||| Stepping randomly (stuck).
 64479 | Depths:2 | 64479 ||| Stepping randomly (stuck).
 64480 | Depths:2 | 64480 ||| Stepping randomly (stuck).
 64481 | Depths:2 | 64481 ||| Stepping randomly (stuck).
 64482 | Depths:2 | 64482 ||| Stepping randomly (stuck).
 64483 | Depths:2 | 64483 ||| Stepping randomly (stuck).
 64484 | Depths:2 | 64484 ||| Stepping randomly (stuck).
 64485 | Depths:2 | 64485 ||| Stepping randomly (stuck).
 64486 | Depths:2 | 64486 ||| Stepping randomly (stuck).
 64487 | Depths:2 | 64487 ||| Stepping randomly (stuck).
 64488 | Depths:2 | 64488 ||| Stepping randomly (stuck).
 64489 | Depths:2 | 64489 ||| Stepping randomly (stuck).
 64490 | Depths:2 | 64490 ||| Stepping randomly (stuck).
 64491 | Depths:2 | 64491 ||| Stepping randomly (stuck).
 64492 | Depths:2 | 64492 ||| Stepping randomly (stuck).
 64493 | Depths:2 | 64493 ||| Stepping randomly (stuck).
 64494 | Depths:2 | 64494 ||| Stepping randomly (stuck).
 64495 | Depths:2 | 64495 ||| Stepping randomly (stuck).
 64496 | Depths:2 | 64496 ||| Stepping randomly (stuck).
 64497 | Depths:2 | 64497 ||| Stepping randomly (stuck).
 64498 | Depths:2 | 64498 ||| Stepping randomly (stuck).
 64499 | Depths:2 | 64499 ||| Stepping randomly (stuck).
 64500 | Depths:2 | 64500 ||| Stepping randomly (stuck).
 64501 | Depths:2 | 64501 ||| Stepping randomly (stuck).
 64502 | Depths:2 | 64502 ||| Stepping randomly (stuck).
 64503 | Depths:2 | 64503 ||| Stepping randomly (stuck).
 64504 | Depths:2 | 64504 ||| Stepping randomly (stuck).
 64505 | Depths:2 | 64505 ||| Stepping randomly (stuck).
 64506 | Depths:2 | 64506 ||| Stepping randomly (stuck).
 64507 | Depths:2 | 64507 ||| Stepping randomly (stuck).
 64508 | Depths:2 | 64508 ||| Stepping randomly (stuck).
 64509 | Depths:2 | 64509 ||| Stepping randomly (stuck).
 64510 | Depths:2 | 64510 ||| Stepping randomly (stuck).
 64511 | Depths:2 | 64511 ||| Stepping randomly (stuck).
 64512 | Depths:2 | 64512 ||| Stepping randomly (stuck).
 64513 | Depths:2 | 64513 ||| Stepping randomly (stuck).
 64514 | Depths:2 | 64514 ||| Stepping randomly (stuck).
 64515 | Depths:2 | 64515 ||| Stepping randomly (stuck).
 64516 | Depths:2 | 64516 ||| Stepping randomly (stuck).
 64517 | Depths:2 | 64517 ||| Stepping randomly (stuck).
 64518 | Depths:2 | 64518 ||| Stepping randomly (stuck).
 64519 | Depths:2 | 64519 ||| Stepping randomly (stuck).
 64520 | Depths:2 | 64520 ||| Stepping randomly (stuck).
 64521 | Depths:2 | 64521 ||| Stepping randomly (stuck).
 64522 | Depths:2 | 64522 ||| Stepping randomly (stuck).
 64523 | Depths:2 | 64523 ||| Stepping randomly (stuck).
 64524 | Depths:2 | 64524 ||| Stepping randomly (stuck).
 64525 | Depths:2 | 64525 ||| Stepping randomly (stuck).
 64526 | Depths:2 | 64526 ||| Stepping randomly (stuck).
 64527 | Depths:2 | 64527 ||| Stepping randomly (stuck).
 64528 | Depths:2 | 64528 ||| Stepping randomly (stuck).
 64529 | Depths:2 | 64529 ||| Stepping randomly (stuck).
 64530 | Depths:2 | 64530 ||| Stepping randomly (stuck).
 64531 | Depths:2 | 64531 ||| Stepping randomly (stuck).
 64532 | Depths:2 | 64532 ||| Stepping randomly (stuck).
 64533 | Depths:2 | 64533 ||| Stepping randomly (stuck).
 64534 | Depths:2 | 64534 ||| Stepping randomly (stuck).
 64535 | Depths:2 | 64535 ||| Stepping randomly (stuck).
 64536 | Depths:2 | Quit the game

Levels and vault maps discovered:
D:1:      shiori_arrival_oz, layout_loops_ring, st_stairs_5,
          chequers_serial_rivers_micro_c, hex_tiny
D:2:      layout_basic, skrybe_limestone_x
D:3:      layout_basic, general_overflow_altar, ebering_ghost_disaster_area
D:4:      layout_loops_ring, temple_hall, nicolae_ossuary_entry_monument
D:5:      cheibrodos_fzero, layout_rooms, minmay_lizard_king
D:6:      layout_basic, uniq_grinder
D:7:      layout_cave_pools, due_unseen_surprise, uniq_joseph
D:8:      layout_rooms, serial_shops, nicolae_diamond_shop
D:9:      layout_basic, dpeg_oklobed_lair, gammafunk_ghost_smash, serial_shops,
          nicolae_take_the_stairs
D:10:     layout_rooms, st_stairs_6, nicolae_hexahallways, roderic_filled_cross
D:11:     layout_roguey
D:12:     layout_gridville, erik_orc_2
D:13:     layout_irregular_city, skrybe_vaults_entry_preservation,
          biasface_ghost_orc_armoury, minivault_20, minmay_beelzebubs_servants
D:14:     layout_basic, serial_bayou_ford_a, ebering_ghost_disaster_area,
          slow_altar_1
D:15:     grunt_enter_depths_giant_problem, layout_basic,
          minmay_misc_feat_columns
Temple:   mainiacjoe_temple_circle_huts
Lair:1:   statuecave_lemuel, layout_gridlike, grunt_megastairs_1,
          serial_bayou_shore_b, lemuel_fruit_fields
Lair:2:   layout_roguey, minmay_swamp_entry_worms,
          minmay_snake_entry_guardpost_small, lemuel_fruit_fields
Lair:3:   nzn_winding_woodlands_stair_cross [nzn_winding_woodlands_5x15_cabin,
          nzn_winding_woodlands_center_diamonds,
          nzn_winding_woodlands_5x15_pool, nzn_winding_woodlands_5x5_perimeter,
          nzn_winding_woodlands_5x5_three, nzn_winding_woodlands_5x15_garden,
          nzn_winding_woodlands_center_pierced_h,
          nzn_winding_woodlands_5x15_default], layout_cave_shapes, uniq_kirke
Lair:4:   layout_gridlike
Lair:5:   evil_forest, layout_hall_layers, minmay_slime_entry_jelly_boxes,
          serial_bayou_shore_b
Swamp:1:  layout_basic_swamp, nicolae_swamp_little_swirl, swamp_pool4,
          nicolae_swamp_little_tower, uniq_frances
Swamp:2:  layout_basic_swamp, ebering_ghost_funeral_grove,
          evilmike_swamp_ruin_house_1, swamp_pool4
Swamp:3:  layout_basic_swamp, nicolae_swamp_tree_isthmus,
          infiniplex_staircase_pool
Swamp:4:  swamp_vile, layout_basic_swamp, swamp_pool1,
          cheibrodos_swamp_pet_leeches
Snake:1:  nicolae_snakescales, layout_layer_cave, minmay_shop_grove, uniq_aizul,
          uniq_jorgrun
Snake:2:  layout_cave_shapes, st_stairs_2, minmay_shoptagon, lemuel_fruit_tree
Snake:3:  layout_basic, basic_altar, nrook_guardian_serpent_double
Snake:4:  johnstein_snake_rune_scales, layout_rooms, minmay_shop_star,
          uniq_vashnia
Orc:1:    layout_caves, basic_altar
Orc:2:    st_orc_mages, layout_diamond_mine, basic_altar
Vaults:1: hangedman_vaults_corner_blocks, nicolae_vaults_shelves_hall,
          ontoclasm_vaults_ligature, v_misc_15, v_alt_pattern_6,
          ontoclasm_vaults_water_temple, vaults_room_mumra_shop_pool,
          vaults_room_door_hall, vaults_room_grunt_arrival_ludios,
          vaults_room_boxed, nicolae_vaults_little_squares_2,
          nicolae_vaults_what_the_h, ontoclasm_vaults_shuriken,
          vaults_mumra_minichess, layout_vaults_omnibox, serial_shops,
          nicolae_square_shop
Vaults:2: v_misc_17, grunt_vaults_funnel, special_room_vaults
          [special_room_orc], hangedman_vaults_corner_blocks, v_misc_30,
          nicolae_vaults_specimen_jars, v_alt_pattern_6,
          ontoclasm_vaults_hangar, ontoclasm_vaults_spin, vaults_dpeg_hooks,
          vaults_room_corners, vaults_dpeg_ring, layout_vaults_chaotic_city
Vaults:3: vaults_mumra_chevron, vaults_room_octagon, vaults_room_fours,
          nicolae_vaults_little_squares_5, nicolae_vaults_network_quincunx
          [nicolae_vaults_network_quincunx_subvault,
          nicolae_vaults_network_quincunx_subvault,
          nicolae_vaults_network_quincunx_subvault,
          nicolae_vaults_network_quincunx_subvault,
          nicolae_vaults_network_quincunx_subvault], v_misc_11, v_misc_17,
          nicolae_vaults_theta, ontoclasm_vaults_claustrophobia,
          vaults_dpeg_emergency_exit, layout_vaults_omnigrid, uniq_boris
Vaults:4: portal_desolation_entry_garden, st_greater_box_2,
          grunt_vaults_trifunnel, vaults_dpeg_spiral, layout_vaults_maze_snakey,
          nicolae_trove_entry_crystal, uniq_bai_suzhen
Vaults:5: serial_shops, uniq_frederick
Crypt:1:  dreamdust_cat_pyramid, layout_basic, grunt_crypt_arrival_guarded_gate,
          uniq_vv
Crypt:2:  layout_gridlike, nzn_ghost_randoct, basic_altar,
          small_chamber_with_monster, minmay_strange_pillars
Crypt:3:  church_of_pain_bobbens, layout_chaotic_city,
          nicolae_tomb_entry_unfolded_pyramid_orthogonal
Tomb:1
Tomb:2
Tomb:3
Depths:1: layout_big_octagon, kennysheep_donut, pf_hell_entry_great_geh,
          elyvilon_altar_1
Depths:2: minmay_the_grid_triangle_9x9_rhombus_thin_mashed
          [minmay_the_grid_triangle_9x9_sparse_checkered,
          minmay_the_grid_triangle_9x9_prize_center,
          minmay_the_grid_triangle_9x9_checkered,
          minmay_the_grid_triangle_9x9_zippers_horizontal], layout_basic,
          enter_ziggurat_c, hangedman_coc_ice_floe, rand_demon_pan_entry_7,
          nicolae_figureground_pulse, abyss_entry
Depths:3: ragdoll_tomb_raider, layout_long_grid, abyss_entry,
          serial_bayou_pond_b, hell_entry, serial_shops, bzr_entry_islet,
          uniq_parghit
Depths:4: evilmike_zot_entry_castle, layout_cave_shapes, hellmouth_2,
          hangedman_decor_opposing, zin_academy, uniq_xtahua, uniq_mennas
Zot:1:    layout_twisted_circle, zot_minivault_4
Zot:2:    layout_basic
Zot:3:    layout_gridlike
Zot:4:    hangedman_zot_vaults_quadrants, layout_concentric_octagons
Zot:5:    layout_basic, gammafunk_ghost_berserking_beasts,
          serial_nicolae_subway, nicolae_sub_station_stone,
          nicolae_sub_station_crystal, nicolae_sub_station_metal

Skill      XL: |  1  2  3  4  5  6  7  8  9 10 11 12 13 14 15 16 17 18 19 20 21 22 23 24 25 26 27 |
---------------+----------------------------------------------------------------------------------+-----
Axes           | 2 3 4 5 6 7 8 9 11 12 14 15 16 18 | 18.0
Fighting       | 4 5 7 8 9 10 12 13 14 15 17 18 19 21 22 24 26 27 | 27.0
Dodging        | 1 2 3 4 7 8 9 10 11 12 | 12.3
Armour         | 4 5 7 9 10 11 13 14 17 19 20 22 23 | 23.0
Invocations    | 4 5 9 10 11 22 | 22.4
Shields        | 5 9 10 11 12 13 14 15 17 19 20 21 22 | 22.0
Throwing       | 2 6 8 9 10 11 12 13 15 16 17 | 17.1

Action                   |  1- 3 |  4- 6 |  7- 9 | 10-12 | 13-15 | 16-18 | 19-21 | 22-24 | 25-27 || total
-------------------------+-------+-------+-------+-------+-------+-------+-------+-------+-------++-------
Melee: War axe           |   113 |   128 |   246 |   563 |   860 |  1275 |  1516 |  1521 |  1290 ||  7512
       Flail             |       |       |     9 |    48 |    96 |    84 |       |       |       ||   237
       Broad axe         |       |       |       |       |       |       |       |       |   925 ||   925
       Hand axe          |       |       |       |       |       |       |       |       |    16 ||    16
Throw: Boomerang         |       |     1 |       |       |   138 |     5 |     8 |       |     4 ||   156
       Javelin           |       |       |       |       |    33 |    80 |   115 |    87 |   209 ||   524
Invok: Heroism           |       |       |     9 |    22 |    50 |    61 |    43 |    51 |    31 ||   267
       Finesse           |       |       |       |     5 |    18 |     9 |    11 |    21 |    10 ||    74
       Cleansing Flame   |       |       |       |       |       |       |       |       |    60 ||    60
       Summon Divine War |       |       |       |       |       |       |       |       |    14 ||    14
       Brand Weapon With |       |       |       |       |       |       |       |       |     1 ||     1
  Use: Scroll            |     2 |     6 |    12 |     5 |     5 |     9 |       |       |    26 ||    65
       Potion            |     1 |     1 |     3 |       |     4 |     4 |     1 |     1 |    14 ||    29
 Stab: Invisible         |       |     6 |       |       |       |       |       |       |       ||     6
       Distracted        |       |       |       |       |       |       |       |     1 |       ||     1
       Confused          |       |       |       |       |       |       |       |       |     9 ||     9
Armor: Scale mail        |    68 |    21 |       |       |       |       |       |       |       ||    89
       Plate armour      |       |    63 |   151 |   303 |   376 |   361 |   211 |   158 |       ||  1623
       Chain mail        |       |       |       |       |       |   348 |    74 |       |       ||   422
       Gold dragon scale |       |       |       |       |       |       |       |   441 |   946 ||  1387
Dodge: Dodged            |    53 |    59 |    85 |   121 |   206 |   401 |   239 |   298 |   452 ||  1914
Block: Buckler           |    20 |    70 |   130 |   102 |       |       |       |       |       ||   322
       Reflection        |       |       |     9 |    11 |    38 |    87 |   138 |    37 |    28 ||   348
       Kite shield       |       |       |       |   278 |   652 |   961 |       |       |       ||  1891
       Tower shield      |       |       |       |       |       |   374 |  1697 |  1802 |  2798 ||  6671

Table legend:
 A = Non-vault XP
 B = Vault XP
 C = Vault XP percentage of total XP
 D = Non-vault monster count
 E = Vault monster count
 F = Vault count percentage of total count
                 A         B        C        D         E       F
            +---------+---------+-------+---------+---------+-------
      Total |  761167 |  885503 |  53.8 |    1426 |    1079 |  43.1
            +---------+---------+-------+---------+---------+-------
        D:1 |      29 |      10 |  25.6 |      17 |       5 |  22.7
        D:2 |      47 |       0 |   0.0 |      19 |       0 |   0.0
        D:3 |      84 |       0 |   0.0 |      17 |       0 |   0.0
        D:4 |     309 |       0 |   0.0 |      14 |       0 |   0.0
        D:5 |     327 |     879 |  72.9 |       6 |      19 |  76.0
        D:6 |    1625 |     262 |  13.9 |      18 |       1 |   5.3
        D:7 |     126 |     481 |  79.2 |       2 |       1 |  33.3
        D:8 |    1882 |       0 |   0.0 |      23 |       0 |   0.0
        D:9 |    2877 |       0 |   0.0 |      35 |       0 |   0.0
       D:10 |    2291 |     190 |   7.7 |      19 |       1 |   5.0
       D:11 |    7559 |       0 |   0.0 |      24 |       0 |   0.0
       D:12 |    2691 |     749 |  21.8 |       9 |      20 |  69.0
       D:13 |   11113 |    9065 |  44.9 |      24 |      19 |  44.2
       D:14 |    8940 |       5 |   0.1 |      24 |       1 |   4.0
       D:15 |   13019 |    1210 |   8.5 |      24 |       1 |   4.0
     Lair:1 |    5415 |    1544 |  22.2 |      18 |       7 |  28.0
     Lair:2 |    5500 |    1081 |  16.4 |      17 |       5 |  22.7
     Lair:3 |    7083 |   11084 |  61.0 |      33 |      25 |  43.1
     Lair:4 |    9147 |      42 |   0.5 |      37 |       1 |   2.6
     Lair:5 |    8292 |   11396 |  57.9 |      23 |      40 |  63.5
    Swamp:1 |   17868 |    1457 |   7.5 |      38 |       1 |   2.6
    Swamp:2 |   10974 |       0 |   0.0 |      25 |       0 |   0.0
    Swamp:3 |   13285 |       0 |   0.0 |      30 |       0 |   0.0
    Swamp:4 |   13554 |   21318 |  61.1 |      30 |      34 |  53.1
    Snake:1 |    7052 |   10945 |  60.8 |      16 |      16 |  50.0
    Snake:2 |   14824 |     779 |   5.0 |      27 |       1 |   3.6
    Snake:3 |   21166 |     875 |   4.0 |      40 |       2 |   4.8
    Snake:4 |   15223 |   32379 |  68.0 |      32 |      45 |  58.4
      Orc:1 |    2316 |       0 |   0.0 |      19 |       0 |   0.0
      Orc:2 |    1940 |    4900 |  71.6 |      38 |      47 |  55.3
   Vaults:1 |   44375 |   31315 |  41.4 |      73 |      50 |  40.7
   Vaults:2 |   17633 |   26801 |  60.3 |      28 |      52 |  65.0
   Vaults:3 |   27855 |    5991 |  17.7 |      45 |       5 |  10.0
   Vaults:4 |   41707 |   87499 |  67.7 |      55 |      84 |  60.4
   Vaults:5 |   12396 |   77971 |  86.3 |      18 |      65 |  78.3
    Crypt:1 |   25139 |    9057 |  26.5 |      50 |       5 |   9.1
    Crypt:2 |   23721 |     921 |   3.7 |      36 |       1 |   2.7
    Crypt:3 |   21774 |   42753 |  66.3 |      31 |      86 |  73.5
     Tomb:1 |    7213 |   95017 |  92.9 |      24 |      59 |  71.1
     Tomb:2 |   10278 |   38620 |  79.0 |      22 |      51 |  69.9
     Tomb:3 |   13553 |   47505 |  77.8 |      39 |      52 |  57.1
   Depths:1 |   32654 |       0 |   0.0 |      34 |       0 |   0.0
   Depths:2 |   49330 |   23406 |  32.2 |      56 |      22 |  28.2
   Depths:3 |   34655 |   14915 |  30.1 |      40 |      13 |  24.5
   Depths:4 |   13408 |   54186 |  80.2 |      11 |      49 |  81.7
      Zot:1 |   40722 |   14666 |  26.5 |      29 |      12 |  29.3
      Zot:2 |   37634 |       0 |   0.0 |      35 |       0 |   0.0
      Zot:3 |   36553 |    7870 |  17.7 |      29 |       5 |  14.7
      Zot:4 |   31261 |   31828 |  50.4 |      29 |      25 |  46.3
      Zot:5 |   16981 |  118459 |  87.5 |      17 |      47 |  73.4
    Abyss:4 |   15767 |    2362 |  13.0 |      27 |       2 |   6.9
    Ossuary |       0 |     231 | 100.0 |       0 |      11 | 100.0
 Desolation |       0 |   43479 | 100.0 |       0 |      91 | 100.0
            +---------+---------+-------+---------+---------+-------
